Workbook
Name _1516_AFS_Location_Excel: #REF!
Name _1516_AFS_Location_Excel: #REF!
Name _1516_AFS_Location_Excel: #REF!
Name _1516_AFS_Location_Excel: #REF!
Name _1516_AFS_Location_Excel: #REF!
Name _1516_AFS_Location_Excel: #REF!
Name activity2014: '[2]2014A Data'!$A$2:$FZ$133
Name activity2014: '2014A'!$A$2:$GH$5
Name activity2015: '[2]2015A Data'!$A$2:$FY$133
Name activity2015: '[3]2015A Data'!$A$2:$FY$133
Name activity2015: '2015A'!$A$2:$GV$5
Name activity2015f: '[4]2015A Data'!$A$2:$FY$133
Name activity2016: '2016A'!$A$2:$FZ$5
Name activity2017: '[5]2017A'!$A$1:$GK$119
Name activity2017a: '2017A'!$A$1:$GK$5
Name All_organisations: '2015A'!#REF!
Name all_organisationse: '2015E'!#REF!
Name alldata2014: '[6]2014 merged'!$A$2:$BN$138
Name alldata2014: '[7]2014 merged'!$A$2:$BN$126
Name alldata2014f: '2014F'!$A$2:$BN$5
Name alldata2015: '[6]2015 merged'!$A$2:$BN$133
Name alldata2015: '[7]2015 merged'!$A$2:$BN$121
Name alldata2015f: '2015F'!$A$2:$BN$5
Name alldata2016: '2016F'!$A$2:$BQ$5
Name employment2014: '2014A'!$B$2:$N$5
Name employment2014_2: '2014A'!#REF!
Name employment2014_2e: '2014E'!#REF!
Name employment2014_3: '[8]2014E Data'!$A$2:$LD$138
Name employment2014_3: '2014A'!$A$2:$N$5
Name employment2014_3e: '2014E'!$A$2:$LD$5
Name employment2014e: '2014E'!$B$2:$LD$5
Name employment2015: '2015A'!$B$2:$KX$5
Name employment2015_2: '[8]2015E Data'!$A$2:$LD$133
Name employment2015_2: '2015A'!$A$2:$KX$5
Name employment2015_2e: '2015E'!$A$2:$LL$5
Name employment2015e: '2015E'!$B$2:$LL$5
Name employment2016_1: '2016E'!$A$1:$LL$5
Name Employment2017: '2017E'!$A$1:$LK$5
Name expenditure1516: '2015F'!$A$6:$AI$21
Name finace3: #REF!
Name finace3: #REF!
Name finace3: #REF!
Name finace3: #REF!
Name finance2: #REF!
Name finance2: #REF!
Name finance2: #REF!
Name finance2: #REF!
Name finance2: #REF!
Name finance2: #REF!
Name finance2: #REF!
Name finance2: #REF!
Name finance2: #REF!
Name finance2014: '2014F'!$A$1:$BP$5
Name finance2e: #REF!
Name finance2e: #REF!
Name finance2e: #REF!
Name finance2e: #REF!
Name finance2e: #REF!
Name finance2e: #REF!
Name finance2f: #REF!

Sheet 2014E
A1: Name | B1: Finance Year | C1: ID | D1: Fund | E1: reference number | F1: Staff Person | G1: Type | H1: Status | I1: Organisation Size | J1: award | K1: Programming | L1: request | M1: cost | N1: artform | O1: Qu1-01_PermanentStaff| Full-time Artist | Male | P1: Qu1-01_PermanentStaff| Full-time Artist | Female | Q1: Qu1-01_PermanentStaff| Part-time Artist | Male | R1: Qu1-01_PermanentStaff| Part-time Artist | Female | S1: Qu1-01_PermanentStaff| Full-time Managers | Male | T1: Qu1-01_PermanentStaff| Full-time Managers | Female | U1: Qu1-01_PermanentStaff| Part-time Managers | Male | V1: Qu1-01_PermanentStaff| Part-time Managers | Female | W1: Qu1-01_PermanentStaff| Full-time Other Staff | Male | X1: Qu1-01_PermanentStaff| Full-time Other Staff | Female | Y1: Qu1-01_PermanentStaff| Part-time Other Staff | Male | Z1: Qu1-01_PermanentStaff| Part-time Other Staff | Female | AA1: Qu1-01_PermanentStaff| Total | Male | AB1: Qu1-01_PermanentStaff| Total Female | AC1: Qu1-01_PermanentStaff| Total | AD1: Qu1-02_ContractStaff| Artistic Staff | Male | AE1: Qu1-02_ContractStaff| Artistic Staff | Female | AF1: Qu1-02_ContractStaff| Managers | Male | AG1: Qu1-02_ContractStaff| Managers | Female | AH1: Qu1-02_ContractStaff| Other Staff | Male | AI1: Qu1-02_ContractStaff| Other Staff | Female | AJ1: Qu1-02_ContractStaff| Total | Male | AK1: Qu1-02_ContractStaff| Total | Female | AL1: Qu1-02_ContractStaff| Total | AM1: Qu1-03_VolNumbers|Number of volunteers| Male | AN1: Qu1-03_VolNumbers|Number of volunteers| Female | AO1: Total volunteers | AP1: Qu1-04_Volhrs|Number of hours worked| Hours worked | AQ1: Qu1-05_Ethnicity| White |Board Members|Male | AR1: Qu1-05_Ethnicity| White |Board Members|Female | AS1: Qu1-05_Ethnicity| Irish Traveller |Board Members|Male | AT1: Qu1-05_Ethnicity| Irish Traveller |Board Members|Female | AU1: Qu1-05_Ethnicity| Chinese |Board Members|Male | AV1: Qu1-05_Ethnicity| Chinese |Board Members|Female | AW1: Qu1-05_Ethnicity| Indian |Board Members|Male | AX1: Qu1-05_Ethnicity| Indian |Board Members|Female | AY1: Qu1-05_Ethnicity| Pakistani |Board Members|Male | AZ1: Qu1-05_Ethnicity| Pakistani |Board Members|Female | BA1: Qu1-05_Ethnicity| Bangladeshi |Board Members|Male | BB1: Qu1-05_Ethnicity| Bangladeshi |Board Members|Female | BC1: Qu1-05_Ethnicity| Other Asian |Board Members|Male | BD1: Qu1-05_Ethnicity| Other Asian |Board Members|Female | BE1: Qu1-05_Ethnicity| Black Caribbean |Board Members|Male | BF1: Qu1-05_Ethnicity| Black Caribbean |Board Members|Female | BG1: Qu1-05_Ethnicity| Black African |Board Members|Male | BH1: Qu1-05_Ethnicity| Black African |Board Members|Female | BI1: Qu1-05_Ethnicity| Black Other |Board Members|Male | BJ1: Qu1-05_Ethnicity| Black Other |Board Members|Female | BK1: Qu1-05_Ethnicity| Mixed ethnic group |Board Members|Male | BL1: Qu1-05_Ethnicity| Mixed ethnic group |Board Members|Female | BM1: Qu1-05_Ethnicity| Other ethnic group |Board Members|Male | BN1: Qu1-05_Ethnicity| Other ethnic group |Board Members|Female | BO1: Qu1-05_Ethnicity| Unspecified or not collected |Board Members|Male | BP1: Qu1-05_Ethnicity| Unspecified or not collected |Board Members|Female | BQ1: Qu1-05_Ethnicity| Total |Board Members|Male | BR1: Qu1-05_Ethnicity| Total |Board Members | BS1: Qu1-05_Ethnicity| Total |Board Members | BT1: Qu1-05_Ethnicity| White |Artistic Staff|Male | BU1: Qu1-05_Ethnicity| White |Artistic Staff|Female | BV1: Qu1-05_Ethnicity| Irish Traveller |Artistic Staff|Male | BW1: Qu1-05_Ethnicity| Irish Traveller |Artistic Staff|Female | BX1: Qu1-05_Ethnicity| Chinese |Artistic Staff|Male | BY1: Qu1-05_Ethnicity| Chinese |Artistic Staff|Female | BZ1: Qu1-05_Ethnicity| Indian |Artistic Staff|Male | CA1: Qu1-05_Ethnicity| Indian |Artistic Staff|Female | CB1: Qu1-05_Ethnicity| Pakistani |Artistic Staff|Male | CC1: Qu1-05_Ethnicity| Pakistani |Artistic Staff|Female | CD1: Qu1-05_Ethnicity| Bangladeshi |Artistic Staff|Male | CE1: Qu1-05_Ethnicity| Bangladeshi |Artistic Staff|Female | CF1: Qu1-05_Ethnicity| Other Asian |Artistic Staff|Male | CG1: Qu1-05_Ethnicity| Other Asian |Artistic Staff|Female | CH1: Qu1-05_Ethnicity| Black Caribbean |Artistic Staff|Male | CI1: Qu1-05_Ethnicity| Black Caribbean |Artistic Staff|Female | CJ1: Qu1-05_Ethnicity| Black African |Artistic Staff|Male | CK1: Qu1-05_Ethnicity| Black African |Artistic Staff|Female | CL1: Qu1-05_Ethnicity| Black Other |Artistic Staff|Male | CM1: Qu1-05_Ethnicity| Black Other |Artistic Staff|Female | CN1: Qu1-05_Ethnicity| Mixed ethnic group |Artistic Staff|Male | CO1: Qu1-05_Ethnicity| Mixed ethnic group |Artistic Staff|Female | CP1: Qu1-05_Ethnicity| Other ethnic group |Artistic Staff|Male | CQ1: Qu1-05_Ethnicity| Other ethnic group |Artistic Staff|Female | CR1: Qu1-05_Ethnicity| Unspecified or not collected |Artistic Staff|Male | CS1: Qu1-05_Ethnicity| Unspecified or not collected |Artistic Staff|Female | CT1: Ethnicity Artistic Staff Total Male | CU1: Ethnicity Artistic Staff Total Female | CV1: Ethnicity Artistic Staff Total | CW1: Qu1-05_Ethnicity| White |Managers|Male | CX1: Qu1-05_Ethnicity| White |Managers|Female | CY1: Qu1-05_Ethnicity| Irish Traveller |Managers|Male | CZ1: Qu1-05_Ethnicity| Irish Traveller |Managers|Female | DA1: Qu1-05_Ethnicity| Chinese |Managers|Male | DB1: Qu1-05_Ethnicity| Chinese |Managers|Female | DC1: Qu1-05_Ethnicity| Indian |Managers|Male | DD1: Qu1-05_Ethnicity| Indian |Managers|Female | DE1: Qu1-05_Ethnicity| Pakistani |Managers|Male | DF1: Qu1-05_Ethnicity| Pakistani |Managers|Female | DG1: Qu1-05_Ethnicity| Bangladeshi |Managers|Male | DH1: Qu1-05_Ethnicity| Bangladeshi |Managers|Female | DI1: Qu1-05_Ethnicity| Other Asian |Managers|Male | DJ1: Qu1-05_Ethnicity| Other Asian |Managers|Female | DK1: Qu1-05_Ethnicity| Black Caribbean |Managers|Male | DL1: Qu1-05_Ethnicity| Black Caribbean |Managers|Female | DM1: Qu1-05_Ethnicity| Black African |Managers|Male | DN1: Qu1-05_Ethnicity| Black African |Managers|Female | DO1: Qu1-05_Ethnicity| Black Other |Managers|Male | DP1: Qu1-05_Ethnicity| Black Other |Managers|Female | DQ1: Qu1-05_Ethnicity| Mixed ethnic group |Managers|Male | DR1: Qu1-05_Ethnicity| Mixed ethnic group |Managers|Female | DS1: Qu1-05_Ethnicity| Other ethnic group |Managers|Male | DT1: Qu1-05_Ethnicity| Other ethnic group |Managers|Female | DU1: Qu1-05_Ethnicity| Unspecified or not collected |Managers|Male | DV1: Qu1-05_Ethnicity| Unspecified or not collected |Managers|Female | DW1: Qu1-05_Ethnicity| Total |Managers|Male | DX1: Qu1-05_Ethnicity| Total |Managers|Female | DY1: Qu1-05_Ethnicity| Total |Managers | DZ1: Qu1-05_Ethnicity| White |Other Staff|Male | EA1: Qu1-05_Ethnicity| White |Other Staff|Female | EB1: Qu1-05_Ethnicity| Irish Traveller |Other Staff|Male | EC1: Qu1-05_Ethnicity| Irish Traveller |Other Staff|Female | ED1: Qu1-05_Ethnicity| Chinese |Other Staff|Male | EE1: Qu1-05_Ethnicity| Chinese |Other Staff|Female | EF1: Qu1-05_Ethnicity| Indian |Other Staff|Male | EG1: Qu1-05_Ethnicity| Indian |Other Staff|Female | EH1: Qu1-05_Ethnicity| Pakistani |Other Staff|Male | EI1: Qu1-05_Ethnicity| Pakistani |Other Staff|Female | EJ1: Qu1-05_Ethnicity| Bangladeshi |Other Staff|Male | EK1: Qu1-05_Ethnicity| Bangladeshi |Other Staff|Female | EL1: Qu1-05_Ethnicity| Other Asian |Other Staff|Male | EM1: Qu1-05_Ethnicity| Other Asian |Other Staff|Female | EN1: Qu1-05_Ethnicity| Black Caribbean |Other Staff|Male | EO1: Qu1-05_Ethnicity| Black Caribbean |Other Staff|Female | EP1: Qu1-05_Ethnicity| Black African |Other Staff|Male | EQ1: Qu1-05_Ethnicity| Black African |Other Staff|Female | ER1: Qu1-05_Ethnicity| Black Other |Other Staff|Male | ES1: Qu1-05_Ethnicity| Black Other |Other Staff|Female | ET1: Qu1-05_Ethnicity| Mixed ethnic group |Other Staff|Male | EU1: Qu1-05_Ethnicity| Mixed ethnic group |Other Staff|Female | EV1: Qu1-05_Ethnicity| Other ethnic group |Other Staff|Male | EW1: Qu1-05_Ethnicity| Other ethnic group |Other Staff|Female | EX1: Qu1-05_Ethnicity| Unspecified or not collected |Other Staff|Male | EY1: Qu1-05_Ethnicity| Unspecified or not collected |Other Staff|Female | EZ1: Qu1-05_Ethnicity| Total |Other Staff|Male | FA1: Qu1-05_Ethnicity| Total |Other Staff | FB1: Qu1-05_Ethnicity| Total |Other Staff|Female | FC1: Qu1-06_Disability| Board Members |Male | FD1: Qu1-06_Disability| Board Members |Female | FE1: Qu1-06_Disability| Artistic Staff |Male | FF1: Qu1-06_Disability| Artistic Staff |Female | FG1: Qu1-06_Disability| Managers |Male | FH1: Qu1-06_Disability| Managers |Female | FI1: Qu1-06_Disability| Other Staff |Male | FJ1: Qu1-06_Disability| Other Staff |Female | FK1: Qu1-06_Disability| Volunteers |Male | FL1: Qu1-06_Disability| Volunteers |Female | FM1: Qu1-06_Disability| Totals |Male | FN1: Qu1-06_Disability| Totals | FO1: Qu1-06_Disability| Totals |Female | FP1: Qu1-07_Age| Board Members |16 to 24 years|Male | FQ1: Qu1-07_Age| Board Members |16 to 24 years|Female | FR1: Qu1-07_Age| Board Members |25 to 34 years|Male | FS1: Qu1-07_Age| Board Members |25 to 34 years|Female | FT1: Qu1-07_Age| Board Members |35 to 44 years|Male | FU1: Qu1-07_Age| Board Members |35 to 44 years|Female | FV1: Qu1-07_Age| Board Members |45 to 54 years|Male | FW1: Qu1-07_Age| Board Members |45 to 54 years|Female | FX1: Qu1-07_Age| Board Members |55 to 64 years|Male | FY1: Qu1-07_Age| Board Members |55 to 64 years|Female | FZ1: Qu1-07_Age| Board Members |65+ years|Male | GA1: Qu1-07_Age| Board Members |65+ years|Female | GB1: Qu1-07_Age| Board Members |Female | GC1: Qu1-07_Age| Board Members |Male | GD1: Qu1-07_Age| Board Members | GE1: Qu1-07_Age| Artistic Staff |16 to 24 years|Male | GF1: Qu1-07_Age| Artistic Staff |16 to 24 years|Female | GG1: Qu1-07_Age| Artistic Staff |25 to 34 years|Male | GH1: Qu1-07_Age| Artistic Staff |25 to 34 years|Female | GI1: Qu1-07_Age| Artistic Staff |35 to 44 years|Male | GJ1: Qu1-07_Age| Artistic Staff |35 to 44 years|Female | GK1: Qu1-07_Age| Artistic Staff |45 to 54 years|Male | GL1: Qu1-07_Age| Artistic Staff |45 to 54 years|Female | GM1: Qu1-07_Age| Artistic Staff |55 to 64 years|Male | GN1: Qu1-07_Age| Artistic Staff |55 to 64 years|Female | GO1: Qu1-07_Age| Artistic Staff |65+ years|Male | GP1: Qu1-07_Age| Artistic Staff |65+ years|Female | GQ1: Qu1-07_Age| Artistic Staff |Female | GR1: Qu1-07_Age| Artistic Staff |Male | GS1: Qu1-07_Age| Artistic Staff | GT1: Qu1-07_Age| Managers |16 to 24 years|Male | GU1: Qu1-07_Age| Managers |16 to 24 years|Female | GV1: Qu1-07_Age| Managers |25 to 34 years|Male | GW1: Qu1-07_Age| Managers |25 to 34 years|Female | GX1: Qu1-07_Age| Managers |35 to 44 years|Male | GY1: Qu1-07_Age| Managers |35 to 44 years|Female | GZ1: Qu1-07_Age| Managers |45 to 54 years|Male | HA1: Qu1-07_Age| Managers |45 to 54 years|Female | HB1: Qu1-07_Age| Managers |55 to 64 years|Male | HC1: Qu1-07_Age| Managers |55 to 64 years|Female | HD1: Qu1-07_Age| Managers |65+ years|Male | HE1: Qu1-07_Age| Managers |65+ years|Female | HF1: Qu1-07_Age| Managers |Female | HG1: Qu1-07_Age| Managers |Male | HH1: Qu1-07_Age| Managers | HI1: Qu1-07_Age| Other Staff |16 to 24 years|Male | HJ1: Qu1-07_Age| Other Staff |16 to 24 years|Female | HK1: Qu1-07_Age| Other Staff |25 to 34 years|Male | HL1: Qu1-07_Age| Other Staff |25 to 34 years|Female | HM1: Qu1-07_Age| Other Staff |35 to 44 years|Male | HN1: Qu1-07_Age| Other Staff |35 to 44 years|Female | HO1: Qu1-07_Age| Other Staff |45 to 54 years|Male | HP1: Qu1-07_Age| Other Staff |45 to 54 years|Female | HQ1: Qu1-07_Age| Other Staff |55 to 64 years|Male | HR1: Qu1-07_Age| Other Staff |55 to 64 years|Female | HS1: Qu1-07_Age| Other Staff |65+ years|Male | HT1: Qu1-07_Age| Other Staff |65+ years|Female | HU1: Qu1-07_Age| Other Staff |Female | HV1: Qu1-07_Age| Other Staff |Male | HW1: Qu1-07_Age| Other Staff | HX1: Qu1-07_Age| Volunteers |16 to 24 years|Male | HY1: Qu1-07_Age| Volunteers |16 to 24 years|Female | HZ1: Qu1-07_Age| Volunteers |25 to 34 years|Male | IA1: Qu1-07_Age| Volunteers |25 to 34 years|Female | IB1: Qu1-07_Age| Volunteers |35 to 44 years|Male | IC1: Qu1-07_Age| Volunteers |35 to 44 years|Female | ID1: Qu1-07_Age| Volunteers |45 to 54 years|Male | IE1: Qu1-07_Age| Volunteers |45 to 54 years|Female | IF1: Qu1-07_Age| Volunteers |55 to 64 years|Male | IG1: Qu1-07_Age| Volunteers |55 to 64 years|Female | IH1: Qu1-07_Age| Volunteers |65+ years|Male | II1: Qu1-07_Age| Volunteers |65+ years|Female | IJ1: Qu1-07_Age| Volunteers |Female | IK1: Qu1-07_Age| Volunteers |Male | IL1: Qu1-07_Age| Volunteers | IM1: Qu1-08_Religion| Roman Catholic |Board Members|Male | IN1: Qu1-08_Religion| Roman Catholic |Board Members|Female | IO1: Qu1-08_Religion| Protestant |Board Members|Male | IP1: Qu1-08_Religion| Protestant |Board Members|Female | IQ1: Qu1-08_Religion| Other Religious Faith |Board Members|Male | IR1: Qu1-08_Religion| Other Religious Faith |Board Members|Female | IS1: Qu1-08_Religion| None |Board Members|Male | IT1: Qu1-08_Religion| None |Board Members|Female | IU1: Qu1-08_Religion| Unspecified or Not Collected |Board Members|Male | IV1: Qu1-08_Religion| Unspecified or Not Collected |Board Members|Female | IW1: Qu1-08_Religion| Totals |Board Members|Male | IX1: Qu1-08_Religion| Totals |Board Members|Female | IY1: Qu1-08_Religion| Totals |Board Members| | IZ1: Qu1-08_Religion| Roman Catholic |Artistic Staff|Male | JA1: Qu1-08_Religion| Roman Catholic |Artistic Staff|Female | JB1: Qu1-08_Religion| Protestant |Artistic Staff|Male | JC1: Qu1-08_Religion| Protestant |Artistic Staff|Female | JD1: Qu1-08_Religion| Other Religious Faith |Artistic Staff|Male | JE1: Qu1-08_Religion| Other Religious Faith |Artistic Staff|Female | JF1: Qu1-08_Religion| None |Artistic Staff|Male | JG1: Qu1-08_Religion| None |Artistic Staff|Female | JH1: Qu1-08_Religion| Unspecified or Not Collected |Artistic Staff|Male | JI1: Qu1-08_Religion| Unspecified or Not Collected |Artistic Staff|Female | JJ1: Qu1-08_Religion| Totals |Artistic Staff|Male | JK1: Qu1-08_Religion| Totals |Artistic Staff | JL1: Qu1-08_Religion| Totals |Artistic Staff | JM1: Qu1-08_Religion| Roman Catholic |Managers|Male | JN1: Qu1-08_Religion| Roman Catholic |Managers|Female | JO1: Qu1-08_Religion| Protestant |Managers|Male | JP1: Qu1-08_Religion| Protestant |Managers|Female | JQ1: Qu1-08_Religion| Other Religious Faith |Managers|Male | JR1: Qu1-08_Religion| Other Religious Faith |Managers|Female | JS1: Qu1-08_Religion| None |Managers|Male | JT1: Qu1-08_Religion| None |Managers|Female | JU1: Qu1-08_Religion| Unspecified or Not Collected |Managers|Male | JV1: Qu1-08_Religion| Unspecified or Not Collected |Managers|Female | JW1: Qu1-08_Religion| Totals |Managers|Male | JX1: Qu1-08_Religion| Totals |Managers|Female | JY1: Qu1-08_Religion| Totals |Managers | JZ1: Qu1-08_Religion| Roman Catholic |Other Staff|Male | KA1: Qu1-08_Religion| Roman Catholic |Other Staff|Female | KB1: Qu1-08_Religion| Protestant |Other Staff|Male | KC1: Qu1-08_Religion| Protestant |Other Staff|Female | KD1: Qu1-08_Religion| Other Religious Faith |Other Staff|Male | KE1: Qu1-08_Religion| Other Religious Faith |Other Staff|Female | KF1: Qu1-08_Religion| None |Other Staff|Male | KG1: Qu1-08_Religion| None |Other Staff|Female | KH1: Qu1-08_Religion| Unspecified or Not Collected |Other Staff|Male | KI1: Qu1-08_Religion| Unspecified or Not Collected |Other Staff|Female | KJ1: Qu1-08_Religion| Totals |Other Staff|Male | KK1: Qu1-08_Religion| Totals |Other Staff|Female | KL1: Qu1-08_Religion| Totals |Other Staff | KM1: xxxQu1-09_CDPExists| Yes | KN1: xxxQu1-09_CDPExists| No | KO1: Qu1-09_CDPOffered| Yes | KP1: Qu1-09_CDPOffered| No | KQ1: Qu1-10_CDPCourses| Leadership, management &amp; business skills |Number | KR1: Qu1-10_CDPCourses| Personal, effectiveness &amp; behavioural skills |Number | KS1: Qu1-10_CDPCourses| Performance &amp; reward skills |Number | KT1: Qu1-10_CDPCourses| Human resources |Number | KU1: Qu1-10_CDPCourses| Learning &amp; development |Number | KV1: Qu1-10_CDPCourses| Organisation, development &amp; design |Number | KW1: Qu1-10_CDPCourses| Artistic practice |Number | KX1: Qu1-10_CDPCourses| Other types of continuous professional development |Number | KY1: Courses total | KZ1: Qu1-11_Apprenticeships| Paid internships |Total Number | LA1: Qu1-11_Apprenticeships| Formal apprenticeships |Total Number | LB1: Qu1-11_Apprenticeships| Unaccredited apprenticeships |Total Number | LC1: Qu1-11_Apprenticeships| Work experience for students at school or in further/higher education |Total Number | LD1: Apprenticeship total | LE1: Homebase | LF1: Homebase 2
A2: All organisations | B2: 114 | C2: 0 | D2: 0 | E2: 0 | F2: 0 | G2: 0 | H2: 0 | I2: 0 | J2: 14149573 | K2: 0 | L2: 13146012 | M2: 37320681 | N2: 0 | O2: 63 | P2: 48 | Q2: 7 | R2: 15 | S2: 69 | T2: 100 | U2: 9 | V2: 36 | W2: 104 | X2: 106 | Y2: 136 | Z2: 225 | AA2: 388 | AB2: 530 | AC2: 918 | AD2: 2005 | AE2: 2116 | AF2: 32 | AG2: 79 | AH2: 269 | AI2: 259 | AJ2: 2306 | AK2: 2454 | AL2: 4760 | AM2: 1206 | AN2: 2011 | AO2: 3217 | AP2: 81831 | AQ2: 449 | AR2: 358 | AS2: 0 | AT2: 0 | AU2: 0 | AV2: 0 | AW2: 3 | AX2: 4 | AY2: 0 | AZ2: 0 | BA2: 0 | BB2: 1 | BC2: 0 | BD2: 0 | BE2: 0 | BF2: 0 | BG2: 1 | BH2: 1 | BI2: 0 | BJ2: 0 | BK2: 0 | BL2: 0 | BM2: 1 | BN2: 0 | BO2: 21 | BP2: 10 | BQ2: 475 | BR2: 374 | BS2: 849 | BT2: 1122.5 | BU2: 1114 | BV2: 0 | BW2: 1 | BX2: 1 | BY2: 1 | BZ2: 1 | CA2: 4 | CB2: 1 | CC2: 0 | CD2: 0 | CE2: 0 | CF2: 0 | CG2: 0 | CH2: 0 | CI2: 1 | CJ2: 4 | CK2: 3 | CL2: 2 | CM2: 1 | CN2: 4 | CO2: 11 | CP2: 15 | CQ2: 18 | CR2: 472 | CS2: 572 | CT2: 1622.5 | CU2: 1726 | CV2: 3348.5 | CW2: 94.5 | CX2: 186 | CY2: 0 | CZ2: 0 | DA2: 0 | DB2: 0 | DC2: 1 | DD2: 2 | DE2: 0 | DF2: 0 | DG2: 0 | DH2: 0 | DI2: 0 | DJ2: 0 | DK2: 0 | DL2: 0 | DM2: 0 | DN2: 0 | DO2: 0 | DP2: 0 | DQ2: 0 | DR2: 0 | DS2: 0 | DT2: 2 | DU2: 4 | DV2: 6 | DW2: 99.5 | DX2: 196 | DY2: 295.5 | DZ2: 347 | EA2: 467 | EB2: 0 | EC2: 0 | ED2: 0 | EE2: 0 | EF2: 0 | EG2: 2 | EH2: 0 | EI2: 0 | EJ2: 0 | EK2: 0 | EL2: 0 | EM2: 0 | EN2: 3 | EO2: 1 | EP2: 1 | EQ2: 1 | ER2: 0 | ES2: 0 | ET2: 2 | EU2: 2 | EV2: 1 | EW2: 2 | EX2: 72 | EY2: 101 | EZ2: 426 | FA2: 576 | FB2: 1002 | FC2: 63 | FD2: 38 | FE2: 27 | FF2: 18 | FG2: 5 | FH2: 6 | FI2: 14 | FJ2: 18 | FK2: 68 | FL2: 74 | FM2: 177 | FN2: 154 | FO2: 331 | FP2: 8 | FQ2: 5 | FR2: 28 | FS2: 40 | FT2: 81 | FU2: 119 | FV2: 148 | FW2: 112 | FX2: 117 | FY2: 60 | FZ2: 74 | GA2: 22 | GB2: 456 | GC2: 358 | GD2: 814 | GE2: 153 | GF2: 158 | GG2: 347 | GH2: 438 | GI2: 365 | GJ2: 385 | GK2: 221 | GL2: 217 | GM2: 92 | GN2: 88 | GO2: 32.5 | GP2: 30 | GQ2: 1210.5 | GR2: 1316 | GS2: 2526.5 | GT2: 0 | GU2: 7 | GV2: 21 | GW2: 64 | GX2: 31 | GY2: 68 | GZ2: 34 | HA2: 38 | HB2: 10 | HC2: 9 | HD2: 3.5 | HE2: 1 | HF2: 99.5 | HG2: 187 | HH2: 286.5 | HI2: 41 | HJ2: 70 | HK2: 136 | HL2: 173 | HM2: 86 | HN2: 143 | HO2: 60 | HP2: 84 | HQ2: 22 | HR2: 25 | HS2: 2 | HT2: 10 | HU2: 347 | HV2: 505 | HW2: 852 | HX2: 251 | HY2: 397 | HZ2: 192 | IA2: 294 | IB2: 149 | IC2: 269 | ID2: 105 | IE2: 251 | IF2: 79 | IG2: 90 | IH2: 35 | II2: 41 | IJ2: 811 | IK2: 1342 | IL2: 2153 | IM2: 77 | IN2: 65 | IO2: 54 | IP2: 45 | IQ2: 3 | IR2: 4 | IS2: 8 | IT2: 14 | IU2: 307 | IV2: 228 | IW2: 449 | IX2: 356 | IY2: 805 | IZ2: 115 | JA2: 128 | JB2: 49 | JC2: 66 | JD2: 6 | JE2: 8 | JF2: 13 | JG2: 13 | JH2: 1348 | JI2: 1410 | JJ2: 1531 | JK2: 1625 | JL2: 3156 | JM2: 26 | JN2: 43 | JO2: 15 | JP2: 18 | JQ2: 2 | JR2: 1 | JS2: 5 | JT2: 13 | JU2: 51 | JV2: 108 | JW2: 99 | JX2: 183 | JY2: 282 | JZ2: 101 | KA2: 146 | KB2: 41 | KC2: 78 | KD2: 1 | KE2: 5 | KF2: 3 | KG2: 6 | KH2: 325 | KI2: 530 | KJ2: 471 | KK2: 765 | KL2: 1236 | KM2: 65 | KN2: 40 | KO2: 62 | KP2: 1 | KQ2: 191 | KR2: 189 | KS2: 99 | KT2: 57 | KU2: 268 | KV2: 113 | KW2: 291 | KX2: 215 | KY2: 1423 | KZ2: 54 | LA2: 19 | LB2: 310 | LC2: 394 | LD2: 777
A3: Small | B3: 53 | C3: 0 | D3: 0 | E3: 0 | F3: 0 | G3: 0 | H3: 0 | I3: 0 | J3: 2956777 | K3: 0 | L3: 0 | M3: 0 | N3: 0 | O3: 8 | P3: 7 | Q3: 4 | R3: 4 | S3: 14 | T3: 21 | U3: 4 | V3: 11 | W3: 3 | X3: 11 | Y3: 11 | Z3: 22 | AA3: 44 | AB3: 76 | AC3: 120 | AD3: 757 | AE3: 759 | AF3: 9 | AG3: 16 | AH3: 94 | AI3: 86 | AJ3: 860 | AK3: 861 | AL3: 1721 | AM3: 281 | AN3: 432 | AO3: 713 | AP3: 20453 | AQ3: 211 | AR3: 177 | AS3: 0 | AT3: 0 | AU3: 0 | AV3: 0 | AW3: 0 | AX3: 3 | AY3: 0 | AZ3: 0 | BA3: 0 | BB3: 0 | BC3: 0 | BD3: 0 | BE3: 0 | BF3: 0 | BG3: 1 | BH3: 1 | BI3: 0 | BJ3: 0 | BK3: 0 | BL3: 0 | BM3: 1 | BN3: 0 | BO3: 5 | BP3: 2 | BQ3: 218 | BR3: 183 | BS3: 401 | BT3: 378 | BU3: 355 | BV3: 0 | BW3: 0 | BX3: 1 | BY3: 1 | BZ3: 1 | CA3: 3 | CB3: 0 | CC3: 0 | CD3: 0 | CE3: 0 | CF3: 0 | CG3: 0 | CH3: 0 | CI3: 0 | CJ3: 0 | CK3: 0 | CL3: 1 | CM3: 1 | CN3: 2 | CO3: 2 | CP3: 7 | CQ3: 10 | CR3: 296 | CS3: 285 | CT3: 686 | CU3: 657 | CV3: 1343 | CW3: 20 | CX3: 38 | CY3: 0 | CZ3: 0 | DA3: 0 | DB3: 0 | DC3: 0 | DD3: 0 | DE3: 0 | DF3: 0 | DG3: 0 | DH3: 0 | DI3: 0 | DJ3: 0 | DK3: 0 | DL3: 0 | DM3: 0 | DN3: 0 | DO3: 0 | DP3: 0 | DQ3: 0 | DR3: 0 | DS3: 0 | DT3: 0 | DU3: 0 | DV3: 1 | DW3: 20 | DX3: 39 | DY3: 59 | DZ3: 53 | EA3: 88 | EB3: 0 | EC3: 0 | ED3: 0 | EE3: 0 | EF3: 0 | EG3: 0 | EH3: 0 | EI3: 0 | EJ3: 0 | EK3: 0 | EL3: 0 | EM3: 0 | EN3: 3 | EO3: 0 | EP3: 0 | EQ3: 0 | ER3: 0 | ES3: 0 | ET3: 0 | EU3: 1 | EV3: 0 | EW3: 1 | EX3: 15 | EY3: 11 | EZ3: 71 | FA3: 101 | FB3: 172 | FC3: 49 | FD3: 30 | FE3: 21 | FF3: 15 | FG3: 4 | FH3: 3 | FI3: 5 | FJ3: 8 | FK3: 31 | FL3: 35 | FM3: 110 | FN3: 91 | FO3: 201 | FP3: 6 | FQ3: 5 | FR3: 16 | FS3: 14 | FT3: 41 | FU3: 61 | FV3: 54 | FW3: 54 | FX3: 56 | FY3: 29 | FZ3: 42 | GA3: 12 | GB3: 215 | GC3: 175 | GD3: 390 | GE3: 45 | GF3: 40 | GG3: 137 | GH3: 178 | GI3: 121 | GJ3: 102 | GK3: 71 | GL3: 61 | GM3: 27 | GN3: 12 | GO3: 9 | GP3: 5 | GQ3: 410 | GR3: 398 | GS3: 808 | GT3: 0 | GU3: 0 | GV3: 4 | GW3: 9 | GX3: 6 | GY3: 15 | GZ3: 9 | HA3: 11 | HB3: 3 | HC3: 1 | HD3: 1 | HE3: 0 | HF3: 23 | HG3: 36 | HH3: 59 | HI3: 7 | HJ3: 5 | HK3: 14 | HL3: 25 | HM3: 18 | HN3: 28 | HO3: 14 | HP3: 25 | HQ3: 0 | HR3: 6 | HS3: 0 | HT3: 1 | HU3: 53 | HV3: 90 | HW3: 143 | HX3: 45 | HY3: 82 | HZ3: 42 | IA3: 61 | IB3: 26 | IC3: 90 | ID3: 20 | IE3: 50 | IF3: 12 | IG3: 12 | IH3: 5 | II3: 7 | IJ3: 150 | IK3: 302 | IL3: 452 | IM3: 34 | IN3: 25 | IO3: 26 | IP3: 29 | IQ3: 0 | IR3: 1 | IS3: 2 | IT3: 7 | IU3: 146 | IV3: 117 | IW3: 208 | IX3: 179 | IY3: 387 | IZ3: 87 | JA3: 85 | JB3: 32 | JC3: 41 | JD3: 2 | JE3: 4 | JF3: 8 | JG3: 6 | JH3: 494 | JI3: 469 | JJ3: 623 | JK3: 605 | JL3: 1228 | JM3: 5 | JN3: 4 | JO3: 3 | JP3: 4 | JQ3: 0 | JR3: 0 | JS3: 1 | JT3: 3 | JU3: 12 | JV3: 24 | JW3: 21 | JX3: 35 | JY3: 56 | JZ3: 3 | KA3: 7 | KB3: 0 | KC3: 3 | KD3: 0 | KE3: 1 | KF3: 2 | KG3: 2 | KH3: 48 | KI3: 77 | KJ3: 53 | KK3: 90 | KL3: 143 | KM3: 28 | KN3: 23 | KO3: 27 | KP3: 1 | KQ3: 64 | KR3: 29 | KS3: 8 | KT3: 23 | KU3: 85 | KV3: 45 | KW3: 73 | KX3: 82 | KY3: 409 | KZ3: 9 | LA3: 2 | LB3: 10 | LC3: 77 | LD3: 98
A4: Medium | B4: 47 | C4: 0 | D4: 0 | E4: 0 | F4: 0 | G4: 0 | H4: 0 | I4: 0 | J4: 6134734 | K4: 0 | L4: 0 | M4: 0 | N4: 0 | O4: 21 | P4: 22 | Q4: 3 | R4: 11 | S4: 26 | T4: 52 | U4: 5 | V4: 22 | W4: 26 | X4: 39 | Y4: 37 | Z4: 63 | AA4: 118 | AB4: 209 | AC4: 327 | AD4: 970 | AE4: 1142 | AF4: 18 | AG4: 61 | AH4: 129 | AI4: 115 | AJ4: 1117 | AK4: 1318 | AL4: 2435 | AM4: 771 | AN4: 1333 | AO4: 2104 | AP4: 53095 | AQ4: 192 | AR4: 161 | AS4: 0 | AT4: 0 | AU4: 0 | AV4: 0 | AW4: 3 | AX4: 1 | AY4: 0 | AZ4: 0 | BA4: 0 | BB4: 1 | BC4: 0 | BD4: 0 | BE4: 0 | BF4: 0 | BG4: 0 | BH4: 0 | BI4: 0 | BJ4: 0 | BK4: 0 | BL4: 0 | BM4: 0 | BN4: 0 | BO4: 6 | BP4: 5 | BQ4: 201 | BR4: 168 | BS4: 369 | BT4: 648.5 | BU4: 672 | BV4: 0 | BW4: 1 | BX4: 0 | BY4: 0 | BZ4: 0 | CA4: 1 | CB4: 1 | CC4: 0 | CD4: 0 | CE4: 0 | CF4: 0 | CG4: 0 | CH4: 0 | CI4: 1 | CJ4: 4 | CK4: 3 | CL4: 1 | CM4: 0 | CN4: 2 | CO4: 9 | CP4: 7 | CQ4: 8 | CR4: 132 | CS4: 245 | CT4: 795.5 | CU4: 940 | CV4: 1735.5 | CW4: 42.5 | CX4: 120 | CY4: 0 | CZ4: 0 | DA4: 0 | DB4: 0 | DC4: 1 | DD4: 2 | DE4: 0 | DF4: 0 | DG4: 0 | DH4: 0 | DI4: 0 | DJ4: 0 | DK4: 0 | DL4: 0 | DM4: 0 | DN4: 0 | DO4: 0 | DP4: 0 | DQ4: 0 | DR4: 0 | DS4: 0 | DT4: 2 | DU4: 0 | DV4: 1 | DW4: 43.5 | DX4: 125 | DY4: 168.5 | DZ4: 116 | EA4: 179 | EB4: 0 | EC4: 0 | ED4: 0 | EE4: 0 | EF4: 0 | EG4: 1 | EH4: 0 | EI4: 0 | EJ4: 0 | EK4: 0 | EL4: 0 | EM4: 0 | EN4: 0 | EO4: 0 | EP4: 0 | EQ4: 0 | ER4: 0 | ES4: 0 | ET4: 0 | EU4: 1 | EV4: 0 | EW4: 0 | EX4: 42 | EY4: 66 | EZ4: 158 | FA4: 247 | FB4: 405 | FC4: 6 | FD4: 5 | FE4: 6 | FF4: 3 | FG4: 0 | FH4: 1 | FI4: 6 | FJ4: 6 | FK4: 15 | FL4: 21 | FM4: 33 | FN4: 36 | FO4: 69 | FP4: 1 | FQ4: 0 | FR4: 10 | FS4: 25 | FT4: 33 | FU4: 56 | FV4: 78 | FW4: 50 | FX4: 47 | FY4: 23 | FZ4: 25 | GA4: 9 | GB4: 194 | GC4: 163 | GD4: 357 | GE4: 92 | GF4: 94 | GG4: 196 | GH4: 240 | GI4: 229 | GJ4: 274 | GK4: 139 | GL4: 149 | GM4: 51 | GN4: 70 | GO4: 22.5 | GP4: 25 | GQ4: 729.5 | GR4: 852 | GS4: 1581.5 | GT4: 0 | GU4: 7 | GV4: 14 | GW4: 45 | GX4: 9 | GY4: 38 | GZ4: 13 | HA4: 22 | HB4: 4 | HC4: 7 | HD4: 1.5 | HE4: 0 | HF4: 41.5 | HG4: 119 | HH4: 160.5 | HI4: 7 | HJ4: 19 | HK4: 51 | HL4: 74 | HM4: 34 | HN4: 69 | HO4: 27 | HP4: 29 | HQ4: 9 | HR4: 8 | HS4: 0 | HT4: 2 | HU4: 128 | HV4: 201 | HW4: 329 | HX4: 160 | HY4: 248 | HZ4: 95 | IA4: 162 | IB4: 96 | IC4: 158 | ID4: 76 | IE4: 192 | IF4: 61 | IG4: 72 | IH4: 28 | II4: 32 | IJ4: 516 | IK4: 864 | IL4: 1380 | IM4: 22 | IN4: 29 | IO4: 24 | IP4: 14 | IQ4: 3 | IR4: 3 | IS4: 6 | IT4: 7 | IU4: 130 | IV4: 101 | IW4: 185 | IX4: 154 | IY4: 339 | IZ4: 23 | JA4: 39 | JB4: 9 | JC4: 20 | JD4: 4 | JE4: 4 | JF4: 5 | JG4: 7 | JH4: 722 | JI4: 817 | JJ4: 763 | JK4: 887 | JL4: 1650 | JM4: 5 | JN4: 20 | JO4: 6 | JP4: 8 | JQ4: 1 | JR4: 1 | JS4: 4 | JT4: 10 | JU4: 26 | JV4: 78 | JW4: 42 | JX4: 117 | JY4: 159 | JZ4: 24 | KA4: 46 | KB4: 13 | KC4: 20 | KD4: 0 | KE4: 0 | KF4: 1 | KG4: 4 | KH4: 185 | KI4: 363 | KJ4: 223 | KK4: 433 | KL4: 656 | KM4: 32 | KN4: 14 | KO4: 30 | KP4: 0 | KQ4: 90 | KR4: 108 | KS4: 19 | KT4: 13 | KU4: 143 | KV4: 53 | KW4: 192 | KX4: 120 | KY4: 738 | KZ4: 27 | LA4: 17 | LB4: 298 | LC4: 248 | LD4: 590
A5: Large | B5: 8 | C5: 0 | D5: 0 | E5: 0 | F5: 0 | G5: 0 | H5: 0 | I5: 0 | J5: 5058062 | K5: 0 | L5: 0 | M5: 0 | N5: 0 | O5: 34 | P5: 19 | Q5: 0 | R5: 0 | S5: 29 | T5: 27 | U5: 0 | V5: 3 | W5: 75 | X5: 56 | Y5: 88 | Z5: 140 | AA5: 226 | AB5: 245 | AC5: 471 | AD5: 278 | AE5: 215 | AF5: 5 | AG5: 2 | AH5: 46 | AI5: 58 | AJ5: 329 | AK5: 275 | AL5: 604 | AM5: 154 | AN5: 246 | AO5: 400 | AP5: 8283 | AQ5: 46 | AR5: 20 | AS5: 0 | AT5: 0 | AU5: 0 | AV5: 0 | AW5: 0 | AX5: 0 | AY5: 0 | AZ5: 0 | BA5: 0 | BB5: 0 | BC5: 0 | BD5: 0 | BE5: 0 | BF5: 0 | BG5: 0 | BH5: 0 | BI5: 0 | BJ5: 0 | BK5: 0 | BL5: 0 | BM5: 0 | BN5: 0 | BO5: 10 | BP5: 3 | BQ5: 56 | BR5: 23 | BS5: 79 | BT5: 96 | BU5: 87 | BV5: 0 | BW5: 0 | BX5: 0 | BY5: 0 | BZ5: 0 | CA5: 0 | CB5: 0 | CC5: 0 | CD5: 0 | CE5: 0 | CF5: 0 | CG5: 0 | CH5: 0 | CI5: 0 | CJ5: 0 | CK5: 0 | CL5: 0 | CM5: 0 | CN5: 0 | CO5: 0 | CP5: 1 | CQ5: 0 | CR5: 44 | CS5: 42 | CT5: 141 | CU5: 129 | CV5: 270 | CW5: 32 | CX5: 28 | CY5: 0 | CZ5: 0 | DA5: 0 | DB5: 0 | DC5: 0 | DD5: 0 | DE5: 0 | DF5: 0 | DG5: 0 | DH5: 0 | DI5: 0 | DJ5: 0 | DK5: 0 | DL5: 0 | DM5: 0 | DN5: 0 | DO5: 0 | DP5: 0 | DQ5: 0 | DR5: 0 | DS5: 0 | DT5: 0 | DU5: 4 | DV5: 4 | DW5: 36 | DX5: 32 | DY5: 68 | DZ5: 178 | EA5: 200 | EB5: 0 | EC5: 0 | ED5: 0 | EE5: 0 | EF5: 0 | EG5: 1 | EH5: 0 | EI5: 0 | EJ5: 0 | EK5: 0 | EL5: 0 | EM5: 0 | EN5: 0 | EO5: 1 | EP5: 1 | EQ5: 1 | ER5: 0 | ES5: 0 | ET5: 2 | EU5: 0 | EV5: 1 | EW5: 1 | EX5: 15 | EY5: 24 | EZ5: 197 | FA5: 228 | FB5: 425 | FC5: 8 | FD5: 3 | FE5: 0 | FF5: 0 | FG5: 1 | FH5: 2 | FI5: 3 | FJ5: 4 | FK5: 22 | FL5: 18 | FM5: 34 | FN5: 27 | FO5: 61 | FP5: 1 | FQ5: 0 | FR5: 2 | FS5: 1 | FT5: 7 | FU5: 2 | FV5: 16 | FW5: 8 | FX5: 14 | FY5: 8 | FZ5: 7 | GA5: 1 | GB5: 47 | GC5: 20 | GD5: 67 | GE5: 16 | GF5: 24 | GG5: 14 | GH5: 20 | GI5: 15 | GJ5: 9 | GK5: 11 | GL5: 7 | GM5: 14 | GN5: 6 | GO5: 1 | GP5: 0 | GQ5: 71 | GR5: 66 | GS5: 137 | GT5: 0 | GU5: 0 | GV5: 3 | GW5: 10 | GX5: 16 | GY5: 15 | GZ5: 12 | HA5: 5 | HB5: 3 | HC5: 1 | HD5: 1 | HE5: 1 | HF5: 35 | HG5: 32 | HH5: 67 | HI5: 27 | HJ5: 46 | HK5: 71 | HL5: 74 | HM5: 34 | HN5: 46 | HO5: 19 | HP5: 30 | HQ5: 13 | HR5: 11 | HS5: 2 | HT5: 7 | HU5: 166 | HV5: 214 | HW5: 380 | HX5: 46 | HY5: 67 | HZ5: 55 | IA5: 71 | IB5: 27 | IC5: 21 | ID5: 9 | IE5: 9 | IF5: 6 | IG5: 6 | IH5: 2 | II5: 2 | IJ5: 145 | IK5: 176 | IL5: 321 | IM5: 21 | IN5: 11 | IO5: 4 | IP5: 2 | IQ5: 0 | IR5: 0 | IS5: 0 | IT5: 0 | IU5: 31 | IV5: 10 | IW5: 56 | IX5: 23 | IY5: 79 | IZ5: 5 | JA5: 4 | JB5: 8 | JC5: 5 | JD5: 0 | JE5: 0 | JF5: 0 | JG5: 0 | JH5: 132 | JI5: 124 | JJ5: 145 | JK5: 133 | JL5: 278 | JM5: 16 | JN5: 19 | JO5: 6 | JP5: 6 | JQ5: 1 | JR5: 0 | JS5: 0 | JT5: 0 | JU5: 13 | JV5: 6 | JW5: 36 | JX5: 31 | JY5: 67 | JZ5: 74 | KA5: 93 | KB5: 28 | KC5: 55 | KD5: 1 | KE5: 4 | KF5: 0 | KG5: 0 | KH5: 92 | KI5: 90 | KJ5: 195 | KK5: 242 | KL5: 437 | KM5: 5 | KN5: 3 | KO5: 5 | KP5: 0 | KQ5: 37 | KR5: 52 | KS5: 72 | KT5: 21 | KU5: 40 | KV5: 15 | KW5: 26 | KX5: 13 | KY5: 276 | KZ5: 18 | LA5: 0 | LB5: 2 | LC5: 69 | LD5: 89

Sheet 2015E
A1: Name | B1: Number of Organisations | C1: ID | D1: Fund | E1: reference number | F1: Staff Person | G1: Type | H1: Status | I1: Organisation Size | J1: award | K1: Programming | L1: request | M1: cost | N1: artform | O1: Qu1-01_PermanentStaff| Full-time Artist | Male | P1: Qu1-01_PermanentStaff| Full-time Artist | Female | Q1: Qu1-01_PermanentStaff| Part-time Artist | Male | R1: Qu1-01_PermanentStaff| Part-time Artist | Female | S1: Qu1-01_PermanentStaff| Full-time Managers | Male | T1: Qu1-01_PermanentStaff| Full-time Managers | Female | U1: Qu1-01_PermanentStaff| Part-time Managers | Male | V1: Qu1-01_PermanentStaff| Part-time Managers | Female | W1: Qu1-01_PermanentStaff| Full-time Other Staff | Male | X1: Qu1-01_PermanentStaff| Full-time Other Staff | Female | Y1: Qu1-01_PermanentStaff| Part-time Other Staff | Male | Z1: Qu1-01_PermanentStaff| Part-time Other Staff | Female | AA1: Qu1-01_PermanentStaff| Total | Male | AB1: Qu1-01_PermanentStaff| Total Female | AC1: Qu1-01_PermanentStaff| Total | AD1: Qu1-02_ContractStaff| Artistic Staff | Male | AE1: Qu1-02_ContractStaff| Artistic Staff | Female | AF1: Qu1-02_ContractStaff| Managers | Male | AG1: Qu1-02_ContractStaff| Managers | Female | AH1: Qu1-02_ContractStaff| Other Staff | Male | AI1: Qu1-02_ContractStaff| Other Staff | Female | AJ1: Qu1-02_ContractStaff| Total | Male | AK1: Qu1-02_ContractStaff| Total | Female | AL1: Qu1-02_ContractStaff| Total | AM1: Qu1-03_VolNumbers|Number of volunteers| Male | AN1: Qu1-03_VolNumbers|Number of volunteers| Female | AO1: Total volunteers | AP1: Qu1-04_Volhrs|Number of hours worked| Hours worked | AQ1: Qu1-05_Ethnicity| White |Board Members|Male | AR1: Qu1-05_Ethnicity| White |Board Members|Female | AS1: Qu1-05_Ethnicity| Irish Traveller |Board Members|Male | AT1: Qu1-05_Ethnicity| Irish Traveller |Board Members|Female | AU1: Qu1-05_Ethnicity| Chinese |Board Members|Male | AV1: Qu1-05_Ethnicity| Chinese |Board Members|Female | AW1: Qu1-05_Ethnicity| Indian |Board Members|Male | AX1: Qu1-05_Ethnicity| Indian |Board Members|Female | AY1: Qu1-05_Ethnicity| Pakistani |Board Members|Male | AZ1: Qu1-05_Ethnicity| Pakistani |Board Members|Female | BA1: Qu1-05_Ethnicity| Bangladeshi |Board Members|Male | BB1: Qu1-05_Ethnicity| Bangladeshi |Board Members|Female | BC1: Qu1-05_Ethnicity| Other Asian |Board Members|Male | BD1: Qu1-05_Ethnicity| Other Asian |Board Members|Female | BE1: Qu1-05_Ethnicity| Black Caribbean |Board Members|Male | BF1: Qu1-05_Ethnicity| Black Caribbean |Board Members|Female | BG1: Qu1-05_Ethnicity| Black African |Board Members|Male | BH1: Qu1-05_Ethnicity| Black African |Board Members|Female | BI1: Qu1-05_Ethnicity| Black Other |Board Members|Male | BJ1: Qu1-05_Ethnicity| Black Other |Board Members|Female | BK1: Qu1-05_Ethnicity| Mixed ethnic group |Board Members|Male | BL1: Qu1-05_Ethnicity| Mixed ethnic group |Board Members|Female | BM1: Qu1-05_Ethnicity| Other ethnic group |Board Members|Male | BN1: Qu1-05_Ethnicity| Other ethnic group |Board Members|Female | BO1: Qu1-05_Ethnicity| Unspecified or not collected |Board Members|Male | BP1: Qu1-05_Ethnicity| Unspecified or not collected |Board Members|Female | BQ1: Qu1-05_Ethnicity| Total |Board Members|Male | BR1: Qu1-05_Ethnicity| Total |Board Members | BS1: Qu1-05_Ethnicity| Total |Board Members | BT1: Qu1-05_Ethnicity| White |Artistic Staff|Male | BU1: Qu1-05_Ethnicity| White |Artistic Staff|Female | BV1: Qu1-05_Ethnicity| Irish Traveller |Artistic Staff|Male | BW1: Qu1-05_Ethnicity| Irish Traveller |Artistic Staff|Female | BX1: Qu1-05_Ethnicity| Chinese |Artistic Staff|Male | BY1: Qu1-05_Ethnicity| Chinese |Artistic Staff|Female | BZ1: Qu1-05_Ethnicity| Indian |Artistic Staff|Male | CA1: Qu1-05_Ethnicity| Indian |Artistic Staff|Female | CB1: Qu1-05_Ethnicity| Pakistani |Artistic Staff|Male | CC1: Qu1-05_Ethnicity| Pakistani |Artistic Staff|Female | CD1: Qu1-05_Ethnicity| Bangladeshi |Artistic Staff|Male | CE1: Qu1-05_Ethnicity| Bangladeshi |Artistic Staff|Female | CF1: Qu1-05_Ethnicity| Other Asian |Artistic Staff|Male | CG1: Qu1-05_Ethnicity| Other Asian |Artistic Staff|Female | CH1: Qu1-05_Ethnicity| Black Caribbean |Artistic Staff|Male | CI1: Qu1-05_Ethnicity| Black Caribbean |Artistic Staff|Female | CJ1: Qu1-05_Ethnicity| Black African |Artistic Staff|Male | CK1: Qu1-05_Ethnicity| Black African |Artistic Staff|Female | CL1: Qu1-05_Ethnicity| Black Other |Artistic Staff|Male | CM1: Qu1-05_Ethnicity| Black Other |Artistic Staff|Female | CN1: Qu1-05_Ethnicity| Mixed ethnic group |Artistic Staff|Male | CO1: Qu1-05_Ethnicity| Mixed ethnic group |Artistic Staff|Female | CP1: Qu1-05_Ethnicity| Other ethnic group |Artistic Staff|Male | CQ1: Qu1-05_Ethnicity| Other ethnic group |Artistic Staff|Female | CR1: Qu1-05_Ethnicity| Unspecified or not collected |Artistic Staff|Male | CS1: Qu1-05_Ethnicity| Unspecified or not collected |Artistic Staff|Female | CT1: Ethnicity Artistic Staff Total Male | CU1: Ethnicity Artistic Staff Total Female | CV1: Ethnicity Artistic Staff Total | CW1: Qu1-05_Ethnicity| White |Managers|Male | CX1: Qu1-05_Ethnicity| White |Managers|Female | CY1: Qu1-05_Ethnicity| Irish Traveller |Managers|Male | CZ1: Qu1-05_Ethnicity| Irish Traveller |Managers|Female | DA1: Qu1-05_Ethnicity| Chinese |Managers|Male | DB1: Qu1-05_Ethnicity| Chinese |Managers|Female | DC1: Qu1-05_Ethnicity| Indian |Managers|Male | DD1: Qu1-05_Ethnicity| Indian |Managers|Female | DE1: Qu1-05_Ethnicity| Pakistani |Managers|Male | DF1: Qu1-05_Ethnicity| Pakistani |Managers|Female | DG1: Qu1-05_Ethnicity| Bangladeshi |Managers|Male | DH1: Qu1-05_Ethnicity| Bangladeshi |Managers|Female | DI1: Qu1-05_Ethnicity| Other Asian |Managers|Male | DJ1: Qu1-05_Ethnicity| Other Asian |Managers|Female | DK1: Qu1-05_Ethnicity| Black Caribbean |Managers|Male | DL1: Qu1-05_Ethnicity| Black Caribbean |Managers|Female | DM1: Qu1-05_Ethnicity| Black African |Managers|Male | DN1: Qu1-05_Ethnicity| Black African |Managers|Female | DO1: Qu1-05_Ethnicity| Black Other |Managers|Male | DP1: Qu1-05_Ethnicity| Black Other |Managers|Female | DQ1: Qu1-05_Ethnicity| Mixed ethnic group |Managers|Male | DR1: Qu1-05_Ethnicity| Mixed ethnic group |Managers|Female | DS1: Qu1-05_Ethnicity| Other ethnic group |Managers|Male | DT1: Qu1-05_Ethnicity| Other ethnic group |Managers|Female | DU1: Qu1-05_Ethnicity| Unspecified or not collected |Managers|Male | DV1: Qu1-05_Ethnicity| Unspecified or not collected |Managers|Female | DW1: Qu1-05_Ethnicity| Total |Managers|Male | DX1: Qu1-05_Ethnicity| Total |Managers|Female | DY1: Qu1-05_Ethnicity| Total |Managers | DZ1: Qu1-05_Ethnicity| White |Other Staff|Male | EA1: Qu1-05_Ethnicity| White |Other Staff|Female | EB1: Qu1-05_Ethnicity| Irish Traveller |Other Staff|Male | EC1: Qu1-05_Ethnicity| Irish Traveller |Other Staff|Female | ED1: Qu1-05_Ethnicity| Chinese |Other Staff|Male | EE1: Qu1-05_Ethnicity| Chinese |Other Staff|Female | EF1: Qu1-05_Ethnicity| Indian |Other Staff|Male | EG1: Qu1-05_Ethnicity| Indian |Other Staff|Female | EH1: Qu1-05_Ethnicity| Pakistani |Other Staff|Male | EI1: Qu1-05_Ethnicity| Pakistani |Other Staff|Female | EJ1: Qu1-05_Ethnicity| Bangladeshi |Other Staff|Male | EK1: Qu1-05_Ethnicity| Bangladeshi |Other Staff|Female | EL1: Qu1-05_Ethnicity| Other Asian |Other Staff|Male | EM1: Qu1-05_Ethnicity| Other Asian |Other Staff|Female | EN1: Qu1-05_Ethnicity| Black Caribbean |Other Staff|Male | EO1: Qu1-05_Ethnicity| Black Caribbean |Other Staff|Female | EP1: Qu1-05_Ethnicity| Black African |Other Staff|Male | EQ1: Qu1-05_Ethnicity| Black African |Other Staff|Female | ER1: Qu1-05_Ethnicity| Black Other |Other Staff|Male | ES1: Qu1-05_Ethnicity| Black Other |Other Staff|Female | ET1: Qu1-05_Ethnicity| Mixed ethnic group |Other Staff|Male | EU1: Qu1-05_Ethnicity| Mixed ethnic group |Other Staff|Female | EV1: Qu1-05_Ethnicity| Other ethnic group |Other Staff|Male | EW1: Qu1-05_Ethnicity| Other ethnic group |Other Staff|Female | EX1: Qu1-05_Ethnicity| Unspecified or not collected |Other Staff|Male | EY1: Qu1-05_Ethnicity| Unspecified or not collected |Other Staff|Female | EZ1: Qu1-05_Ethnicity| Total |Other Staff|Male | FA1: Qu1-05_Ethnicity| Total |Other Staff | FB1: Qu1-05_Ethnicity| Total |Other Staff|Female | FC1: Qu1-06_Disability| Board Members |Male | FD1: Qu1-06_Disability| Board Members |Female | FE1: Qu1-06_Disability| Artistic Staff |Male | FF1: Qu1-06_Disability| Artistic Staff |Female | FG1: Qu1-06_Disability| Managers |Male | FH1: Qu1-06_Disability| Managers |Female | FI1: Qu1-06_Disability| Other Staff |Male | FJ1: Qu1-06_Disability| Other Staff |Female | FK1: Qu1-06_Disability| Volunteers |Male | FL1: Qu1-06_Disability| Volunteers |Female | FM1: Qu1-06_Disability| Totals |Male | FN1: Qu1-06_Disability| Totals | FO1: Qu1-06_Disability| Totals |Female | FP1: Qu1-07_Age| Board Members |16 to 24 years|Male | FQ1: Qu1-07_Age| Board Members |16 to 24 years|Female | FR1: Qu1-07_Age| Board Members |25 to 34 years|Male | FS1: Qu1-07_Age| Board Members |25 to 34 years|Female | FT1: Qu1-07_Age| Board Members |35 to 44 years|Male | FU1: Qu1-07_Age| Board Members |35 to 44 years|Female | FV1: Qu1-07_Age| Board Members |45 to 54 years|Male | FW1: Qu1-07_Age| Board Members |45 to 54 years|Female | FX1: Qu1-07_Age| Board Members |55 to 64 years|Male | FY1: Qu1-07_Age| Board Members |55 to 64 years|Female | FZ1: Qu1-07_Age| Board Members |65+ years|Male | GA1: Qu1-07_Age| Board Members |65+ years|Female | GB1: Qu1-07_Age| Board Members |Female | GC1: Qu1-07_Age| Board Members |Male | GD1: Qu1-07_Age| Board Members | GE1: Qu1-07_Age| Artistic Staff |16 to 24 years|Male | GF1: Qu1-07_Age| Artistic Staff |16 to 24 years|Female | GG1: Qu1-07_Age| Artistic Staff |25 to 34 years|Male | GH1: Qu1-07_Age| Artistic Staff |25 to 34 years|Female | GI1: Qu1-07_Age| Artistic Staff |35 to 44 years|Male | GJ1: Qu1-07_Age| Artistic Staff |35 to 44 years|Female | GK1: Qu1-07_Age| Artistic Staff |45 to 54 years|Male | GL1: Qu1-07_Age| Artistic Staff |45 to 54 years|Female | GM1: Qu1-07_Age| Artistic Staff |55 to 64 years|Male | GN1: Qu1-07_Age| Artistic Staff |55 to 64 years|Female | GO1: Qu1-07_Age| Artistic Staff |65+ years|Male | GP1: Qu1-07_Age| Artistic Staff |65+ years|Female | GQ1: Qu1-07_Age| Artistic Staff |Female | GR1: Qu1-07_Age| Artistic Staff |Male | GS1: Qu1-07_Age| Artistic Staff | GT1: Qu1-07_Age| Managers |16 to 24 years|Male | GU1: Qu1-07_Age| Managers |16 to 24 years|Female | GV1: Qu1-07_Age| Managers |25 to 34 years|Male | GW1: Qu1-07_Age| Managers |25 to 34 years|Female | GX1: Qu1-07_Age| Managers |35 to 44 years|Male | GY1: Qu1-07_Age| Managers |35 to 44 years|Female | GZ1: Qu1-07_Age| Managers |45 to 54 years|Male | HA1: Qu1-07_Age| Managers |45 to 54 years|Female | HB1: Qu1-07_Age| Managers |55 to 64 years|Male | HC1: Qu1-07_Age| Managers |55 to 64 years|Female | HD1: Qu1-07_Age| Managers |65+ years|Male | HE1: Qu1-07_Age| Managers |65+ years|Female | HF1: Qu1-07_Age| Managers |Female | HG1: Qu1-07_Age| Managers |Male | HH1: Qu1-07_Age| Managers | HI1: Qu1-07_Age| Other Staff |16 to 24 years|Male | HJ1: Qu1-07_Age| Other Staff |16 to 24 years|Female | HK1: Qu1-07_Age| Other Staff |25 to 34 years|Male | HL1: Qu1-07_Age| Other Staff |25 to 34 years|Female | HM1: Qu1-07_Age| Other Staff |35 to 44 years|Male | HN1: Qu1-07_Age| Other Staff |35 to 44 years|Female | HO1: Qu1-07_Age| Other Staff |45 to 54 years|Male | HP1: Qu1-07_Age| Other Staff |45 to 54 years|Female | HQ1: Qu1-07_Age| Other Staff |55 to 64 years|Male | HR1: Qu1-07_Age| Other Staff |55 to 64 years|Female | HS1: Qu1-07_Age| Other Staff |65+ years|Male | HT1: Qu1-07_Age| Other Staff |65+ years|Female | HU1: Qu1-07_Age| Other Staff |Female | HV1: Qu1-07_Age| Other Staff |Male | HW1: Qu1-07_Age| Other Staff | HX1: Qu1-07_Age| Volunteers |16 to 24 years|Male | HY1: Qu1-07_Age| Volunteers |16 to 24 years|Female | HZ1: Qu1-07_Age| Volunteers |25 to 34 years|Male | IA1: Qu1-07_Age| Volunteers |25 to 34 years|Female | IB1: Qu1-07_Age| Volunteers |35 to 44 years|Male | IC1: Qu1-07_Age| Volunteers |35 to 44 years|Female | ID1: Qu1-07_Age| Volunteers |45 to 54 years|Male | IE1: Qu1-07_Age| Volunteers |45 to 54 years|Female | IF1: Qu1-07_Age| Volunteers |55 to 64 years|Male | IG1: Qu1-07_Age| Volunteers |55 to 64 years|Female | IH1: Qu1-07_Age| Volunteers |65+ years|Male | II1: Qu1-07_Age| Volunteers |65+ years|Female | IJ1: Qu1-07_Age| Volunteers |Female | IK1: Qu1-07_Age| Volunteers |Male | IL1: Qu1-07_Age| Volunteers | IM1: 16-24 | IN1: 25-34 | IO1: 35-44 | IP1: 45-54 | IQ1: 55-64 | IR1: 65+ | IU1: Qu1-08_Religion| Roman Catholic |Board Members|Male | IV1: Qu1-08_Religion| Roman Catholic |Board Members|Female | IW1: Qu1-08_Religion| Protestant |Board Members|Male | IX1: Qu1-08_Religion| Protestant |Board Members|Female | IY1: Qu1-08_Religion| Other Religious Faith |Board Members|Male | IZ1: Qu1-08_Religion| Other Religious Faith |Board Members|Female | JA1: Qu1-08_Religion| None |Board Members|Male | JB1: Qu1-08_Religion| None |Board Members|Female | JC1: Qu1-08_Religion| Unspecified or Not Collected |Board Members|Male | JD1: Qu1-08_Religion| Unspecified or Not Collected |Board Members|Female | JE1: Qu1-08_Religion| Totals |Board Members|Male | JF1: Qu1-08_Religion| Totals |Board Members|Female | JG1: Qu1-08_Religion| Totals |Board Members| | JH1: Qu1-08_Religion| Roman Catholic |Artistic Staff|Male | JI1: Qu1-08_Religion| Roman Catholic |Artistic Staff|Female | JJ1: Qu1-08_Religion| Protestant |Artistic Staff|Male | JK1: Qu1-08_Religion| Protestant |Artistic Staff|Female | JL1: Qu1-08_Religion| Other Religious Faith |Artistic Staff|Male | JM1: Qu1-08_Religion| Other Religious Faith |Artistic Staff|Female | JN1: Qu1-08_Religion| None |Artistic Staff|Male | JO1: Qu1-08_Religion| None |Artistic Staff|Female | JP1: Qu1-08_Religion| Unspecified or Not Collected |Artistic Staff|Male | JQ1: Qu1-08_Religion| Unspecified or Not Collected |Artistic Staff|Female | JR1: Qu1-08_Religion| Totals |Artistic Staff|Male | JS1: Qu1-08_Religion| Totals |Artistic Staff | JT1: Qu1-08_Religion| Totals |Artistic Staff | JU1: Qu1-08_Religion| Roman Catholic |Managers|Male | JV1: Qu1-08_Religion| Roman Catholic |Managers|Female | JW1: Qu1-08_Religion| Protestant |Managers|Male | JX1: Qu1-08_Religion| Protestant |Managers|Female | JY1: Qu1-08_Religion| Other Religious Faith |Managers|Male | JZ1: Qu1-08_Religion| Other Religious Faith |Managers|Female | KA1: Qu1-08_Religion| None |Managers|Male | KB1: Qu1-08_Religion| None |Managers|Female | KC1: Qu1-08_Religion| Unspecified or Not Collected |Managers|Male | KD1: Qu1-08_Religion| Unspecified or Not Collected |Managers|Female | KE1: Qu1-08_Religion| Totals |Managers|Male | KF1: Qu1-08_Religion| Totals |Managers|Female | KG1: Qu1-08_Religion| Totals |Managers | KH1: Qu1-08_Religion| Roman Catholic |Other Staff|Male | KI1: Qu1-08_Religion| Roman Catholic |Other Staff|Female | KJ1: Qu1-08_Religion| Protestant |Other Staff|Male | KK1: Qu1-08_Religion| Protestant |Other Staff|Female | KL1: Qu1-08_Religion| Other Religious Faith |Other Staff|Male | KM1: Qu1-08_Religion| Other Religious Faith |Other Staff|Female | KN1: Qu1-08_Religion| None |Other Staff|Male | KO1: Qu1-08_Religion| None |Other Staff|Female | KP1: Qu1-08_Religion| Unspecified or Not Collected |Other Staff|Male | KQ1: Qu1-08_Religion| Unspecified or Not Collected |Other Staff|Female | KR1: Qu1-08_Religion| Totals |Other Staff|Male | KS1: Qu1-08_Religion| Totals |Other Staff|Female | KT1: Qu1-08_Religion| Totals |Other Staff | KU1: xxxQu1-09_CDPExists| Yes | KV1: xxxQu1-09_CDPExists| No | KW1: Qu1-09_CDPOffered| Yes | KX1: Qu1-09_CDPOffered| No | KY1: Qu1-10_CDPCourses| Leadership, management &amp; business skills |Number | KZ1: Qu1-10_CDPCourses| Personal, effectiveness &amp; behavioural skills |Number | LA1: Qu1-10_CDPCourses| Performance &amp; reward skills |Number | LB1: Qu1-10_CDPCourses| Human resources |Number | LC1: Qu1-10_CDPCourses| Learning &amp; development |Number | LD1: Qu1-10_CDPCourses| Organisation, development &amp; design |Number | LE1: Qu1-10_CDPCourses| Artistic practice |Number | LF1: Qu1-10_CDPCourses| Other types of continuous professional development |Number | LG1: Courses total | LH1: Qu1-11_Apprenticeships| Paid internships |Total Number | LI1: Qu1-11_Apprenticeships| Formal apprenticeships |Total Number | LJ1: Qu1-11_Apprenticeships| Unaccredited apprenticeships |Total Number | LK1: Qu1-11_Apprenticeships| Work experience for students at school or in further/higher education |Total Number | LL1: Apprenticeship total | LM1: Homebase | LN1: Homebase_all other
A2: All organisations | B2: 109 | C2: 0 | D2: 0 | E2: 0 | F2: 0 | G2: 0 | H2: 0 | I2: 0 | J2: 13541192 | K2: 0 | L2: 0 | M2: 0 | N2: 0 | O2: 73 | P2: 48.5 | Q2: 13 | R2: 23 | S2: 79 | T2: 106.5 | U2: 14 | V2: 33 | W2: 89.5 | X2: 97.5 | Y2: 134 | Z2: 240 | AA2: 402.5 | AB2: 548.5 | AC2: 951 | AD2: 2537 | AE2: 2411 | AF2: 44 | AG2: 80.5 | AH2: 362 | AI2: 348 | AJ2: 2943 | AK2: 2839.5 | AL2: 5782.5 | AM2: 2649 | AN2: 3177 | AO2: 5826 | AP2: 82470.5 | AQ2: 399 | AR2: 347 | AS2: 0 | AT2: 1 | AU2: 0 | AV2: 0 | AW2: 3 | AX2: 3 | AY2: 0 | AZ2: 0 | BA2: 0 | BB2: 0 | BC2: 0 | BD2: 0 | BE2: 0 | BF2: 0 | BG2: 1 | BH2: 0 | BI2: 0 | BJ2: 0 | BK2: 1 | BL2: 2 | BM2: 1 | BN2: 4 | BO2: 22 | BP2: 20 | BQ2: 427 | BR2: 377 | BS2: 804 | BT2: 1336 | BU2: 1221.5 | BV2: 0 | BW2: 1 | BX2: 2 | BY2: 7 | BZ2: 2 | CA2: 7 | CB2: 0 | CC2: 1 | CD2: 0 | CE2: 0 | CF2: 2 | CG2: 1 | CH2: 1 | CI2: 0 | CJ2: 5 | CK2: 0 | CL2: 2 | CM2: 1 | CN2: 1 | CO2: 4 | CP2: 10 | CQ2: 27 | CR2: 619 | CS2: 389 | CT2: 1980 | CU2: 1659.5 | CV2: 3639.5 | CW2: 105.5 | CX2: 191.5 | CY2: 0 | CZ2: 0 | DA2: 0 | DB2: 0 | DC2: 1 | DD2: 1 | DE2: 0 | DF2: 0 | DG2: 0 | DH2: 1 | DI2: 0 | DJ2: 0 | DK2: 0 | DL2: 0 | DM2: 0 | DN2: 0 | DO2: 0 | DP2: 0 | DQ2: 0 | DR2: 0 | DS2: 0 | DT2: 0 | DU2: 1.5 | DV2: 3.5 | DW2: 108 | DX2: 197 | DY2: 305 | DZ2: 417 | EA2: 472 | EB2: 0 | EC2: 0 | ED2: 1 | EE2: 0 | EF2: 2 | EG2: 0 | EH2: 0 | EI2: 0 | EJ2: 0 | EK2: 0 | EL2: 0 | EM2: 0 | EN2: 0 | EO2: 2 | EP2: 0 | EQ2: 1 | ER2: 0 | ES2: 0 | ET2: 1 | EU2: 1 | EV2: 1 | EW2: 2 | EX2: 214 | EY2: 103 | EZ2: 636 | FA2: 581 | FB2: 1217 | FC2: 31 | FD2: 32 | FE2: 9 | FF2: 14 | FG2: 5 | FH2: 4 | FI2: 67 | FJ2: 55 | FK2: 37 | FL2: 49 | FM2: 149 | FN2: 154 | FO2: 303 | FP2: 5 | FQ2: 1 | FR2: 29 | FS2: 49 | FT2: 82 | FU2: 103 | FV2: 130 | FW2: 138 | FX2: 122 | FY2: 58 | FZ2: 71 | GA2: 19 | GB2: 439 | GC2: 368 | GD2: 807 | GE2: 301 | GF2: 294 | GG2: 684 | GH2: 694 | GI2: 449 | GJ2: 340 | GK2: 253 | GL2: 164.5 | GM2: 175 | GN2: 59 | GO2: 37 | GP2: 23 | GQ2: 1899 | GR2: 1574.5 | GS2: 3473.5 | GT2: 6 | GU2: 11 | GV2: 16.5 | GW2: 47.5 | GX2: 37 | GY2: 68 | GZ2: 27 | HA2: 37 | HB2: 16 | HC2: 14 | HD2: 0 | HE2: 1 | HF2: 102.5 | HG2: 178.5 | HH2: 281 | HI2: 50 | HJ2: 71 | HK2: 237 | HL2: 241 | HM2: 176 | HN2: 144 | HO2: 80 | HP2: 70 | HQ2: 41 | HR2: 29 | HS2: 5 | HT2: 10 | HU2: 589 | HV2: 565 | HW2: 1154 | HX2: 235 | HY2: 280 | HZ2: 230 | IA2: 346 | IB2: 206 | IC2: 311 | ID2: 252 | IE2: 336 | IF2: 267 | IG2: 212 | IH2: 184 | II2: 108 | IJ2: 1374 | IK2: 1593 | IL2: 2967 | IM2: 739 | IN2: 1998 | IO2: 1399 | IP2: 899.5 | IQ2: 514 | IR2: 166 | IS2: 5715.5 | IT2: 5715.5 | IU2: 64 | IV2: 81 | IW2: 48 | IX2: 50 | IY2: 3 | IZ2: 3 | JA2: 16 | JB2: 17 | JC2: 260 | JD2: 205 | JE2: 391 | JF2: 356 | JG2: 747 | JH2: 115 | JI2: 107 | JJ2: 43 | JK2: 40 | JL2: 6 | JM2: 5 | JN2: 23 | JO2: 24 | JP2: 1959 | JQ2: 1602 | JR2: 2146 | JS2: 1778 | JT2: 3924 | JU2: 29 | JV2: 50 | JW2: 22 | JX2: 20 | JY2: 0 | JZ2: 0 | KA2: 6 | KB2: 12 | KC2: 49.5 | KD2: 104 | KE2: 106.5 | KF2: 186 | KG2: 292.5 | KH2: 132 | KI2: 183 | KJ2: 79 | KK2: 74 | KL2: 0 | KM2: 0 | KN2: 8 | KO2: 15 | KP2: 384 | KQ2: 314 | KR2: 603 | KS2: 586 | KT2: 1189 | KU2: 0 | KV2: 0 | KW2: 98 | KX2: 10 | KY2: 229 | KZ2: 139 | LA2: 138 | LB2: 105 | LC2: 367 | LD2: 188 | LE2: 478 | LF2: 318 | LG2: 1962 | LH2: 51 | LI2: 11 | LJ2: 35 | LK2: 356 | LL2: 402
A3: Small | B3: 54 | C3: 0 | D3: 0 | E3: 0 | F3: 0 | G3: 0 | H3: 0 | I3: 0 | J3: 2996364 | K3: 0 | L3: 0 | M3: 0 | N3: 0 | O3: 8 | P3: 4 | Q3: 5 | R3: 5 | S3: 14 | T3: 19 | U3: 5 | V3: 15 | W3: 1.5 | X3: 8.5 | Y3: 9 | Z3: 25 | AA3: 42.5 | AB3: 76.5 | AC3: 119 | AD3: 925 | AE3: 754 | AF3: 12 | AG3: 13.5 | AH3: 141 | AI3: 127 | AJ3: 1078 | AK3: 894.5 | AL3: 1972.5 | AM3: 1129 | AN3: 875 | AO3: 2004 | AP3: 22809 | AQ3: 160 | AR3: 161 | AS3: 0 | AT3: 1 | AU3: 0 | AV3: 0 | AW3: 0 | AX3: 2 | AY3: 0 | AZ3: 0 | BA3: 0 | BB3: 0 | BC3: 0 | BD3: 0 | BE3: 0 | BF3: 0 | BG3: 1 | BH3: 0 | BI3: 0 | BJ3: 0 | BK3: 0 | BL3: 0 | BM3: 0 | BN3: 3 | BO3: 22 | BP3: 20 | BQ3: 183 | BR3: 187 | BS3: 370 | BT3: 661 | BU3: 502 | BV3: 0 | BW3: 0 | BX3: 0 | BY3: 1 | BZ3: 0 | CA3: 0 | CB3: 0 | CC3: 0 | CD3: 0 | CE3: 0 | CF3: 2 | CG3: 0 | CH3: 1 | CI3: 0 | CJ3: 0 | CK3: 0 | CL3: 1 | CM3: 1 | CN3: 0 | CO3: 1 | CP3: 2 | CQ3: 5 | CR3: 79 | CS3: 55 | CT3: 746 | CU3: 565 | CV3: 1311 | CW3: 16.5 | CX3: 36 | CY3: 0 | CZ3: 0 | DA3: 0 | DB3: 0 | DC3: 0 | DD3: 0 | DE3: 0 | DF3: 0 | DG3: 0 | DH3: 1 | DI3: 0 | DJ3: 0 | DK3: 0 | DL3: 0 | DM3: 0 | DN3: 0 | DO3: 0 | DP3: 0 | DQ3: 0 | DR3: 0 | DS3: 0 | DT3: 0 | DU3: 1.5 | DV3: 3.5 | DW3: 18 | DX3: 40.5 | DY3: 58.5 | DZ3: 167 | EA3: 138 | EB3: 0 | EC3: 0 | ED3: 1 | EE3: 0 | EF3: 0 | EG3: 0 | EH3: 0 | EI3: 0 | EJ3: 0 | EK3: 0 | EL3: 0 | EM3: 0 | EN3: 0 | EO3: 2 | EP3: 0 | EQ3: 0 | ER3: 0 | ES3: 0 | ET3: 0 | EU3: 0 | EV3: 1 | EW3: 2 | EX3: 35 | EY3: 26 | EZ3: 204 | FA3: 168 | FB3: 372 | FC3: 25 | FD3: 26 | FE3: 9 | FF3: 11 | FG3: 3 | FH3: 4 | FI3: 58 | FJ3: 50 | FK3: 22 | FL3: 38 | FM3: 117 | FN3: 129 | FO3: 246 | FP3: 4 | FQ3: 1 | FR3: 14 | FS3: 24 | FT3: 40 | FU3: 48 | FV3: 42 | FW3: 68 | FX3: 45 | FY3: 28 | FZ3: 40 | GA3: 9 | GB3: 185 | GC3: 178 | GD3: 363 | GE3: 54 | GF3: 107 | GG3: 287 | GH3: 292 | GI3: 130 | GJ3: 122 | GK3: 120 | GL3: 64 | GM3: 99 | GN3: 27 | GO3: 27 | GP3: 8 | GQ3: 717 | GR3: 620 | GS3: 1337 | GT3: 1 | GU3: 0 | GV3: 2.5 | GW3: 7.5 | GX3: 9 | GY3: 13 | GZ3: 5 | HA3: 13.5 | HB3: 6 | HC3: 6 | HD3: 0 | HE3: 0 | HF3: 23.5 | HG3: 40 | HH3: 63.5 | HI3: 11 | HJ3: 9 | HK3: 28 | HL3: 33 | HM3: 25 | HN3: 23 | HO3: 23 | HP3: 17 | HQ3: 1 | HR3: 4 | HS3: 4 | HT3: 1 | HU3: 92 | HV3: 87 | HW3: 179 | HX3: 130 | HY3: 130 | HZ3: 83 | IA3: 105 | IB3: 103 | IC3: 162 | ID3: 179 | IE3: 218 | IF3: 220 | IG3: 146 | IH3: 162 | II3: 75 | IJ3: 877 | IK3: 836 | IL3: 1713 | IM3: 187 | IN3: 688 | IO3: 410 | IP3: 352.5 | IQ3: 216 | IR3: 89 | IS3: 1942.5 | IT3: 1942.5 | IU3: 21 | IV3: 33 | IW3: 19 | IX3: 23 | IY3: 1 | IZ3: 1 | JA3: 5 | JB3: 10 | JC3: 127 | JD3: 107 | JE3: 173 | JF3: 174 | JG3: 347 | JH3: 50 | JI3: 48 | JJ3: 7 | JK3: 7 | JL3: 1 | JM3: 1 | JN3: 11 | JO3: 2 | JP3: 750 | JQ3: 574 | JR3: 819 | JS3: 632 | JT3: 1451 | JU3: 3 | JV3: 5 | JW3: 4 | JX3: 5 | JY3: 0 | JZ3: 0 | KA3: 2 | KB3: 6 | KC3: 14.5 | KD3: 25 | KE3: 23.5 | KF3: 41 | KG3: 64.5 | KH3: 9 | KI3: 14 | KJ3: 25 | KK3: 6 | KL3: 0 | KM3: 0 | KN3: 2 | KO3: 4 | KP3: 114 | KQ3: 106 | KR3: 150 | KS3: 130 | KT3: 280 | KU3: 0 | KV3: 0 | KW3: 48 | KX3: 5 | KY3: 79 | KZ3: 46 | LA3: 14 | LB3: 30 | LC3: 168 | LD3: 88 | LE3: 216 | LF3: 133 | LG3: 774 | LH3: 12 | LI3: 1 | LJ3: 6 | LK3: 76 | LL3: 83
A4: Medium | B4: 47 | C4: 0 | D4: 0 | E4: 0 | F4: 0 | G4: 0 | H4: 0 | I4: 0 | J4: 5919770 | K4: 0 | L4: 0 | M4: 0 | N4: 0 | O4: 18 | P4: 18.5 | Q4: 1 | R4: 15 | S4: 30 | T4: 55.5 | U4: 3 | V4: 18 | W4: 28 | X4: 36 | Y4: 38 | Z4: 55 | AA4: 118 | AB4: 198 | AC4: 316 | AD4: 1308 | AE4: 1359 | AF4: 22 | AG4: 65 | AH4: 183 | AI4: 181 | AJ4: 1513 | AK4: 1605 | AL4: 3118 | AM4: 1363 | AN4: 2055 | AO4: 3418 | AP4: 52511.5 | AQ4: 194 | AR4: 164 | AS4: 0 | AT4: 0 | AU4: 0 | AV4: 0 | AW4: 3 | AX4: 1 | AY4: 0 | AZ4: 0 | BA4: 0 | BB4: 0 | BC4: 0 | BD4: 0 | BE4: 0 | BF4: 0 | BG4: 0 | BH4: 0 | BI4: 0 | BJ4: 0 | BK4: 1 | BL4: 2 | BM4: 0 | BN4: 1 | BO4: 0 | BP4: 0 | BQ4: 198 | BR4: 168 | BS4: 366 | BT4: 621 | BU4: 693.5 | BV4: 0 | BW4: 1 | BX4: 2 | BY4: 6 | BZ4: 2 | CA4: 7 | CB4: 0 | CC4: 1 | CD4: 0 | CE4: 0 | CF4: 0 | CG4: 1 | CH4: 0 | CI4: 0 | CJ4: 5 | CK4: 0 | CL4: 1 | CM4: 0 | CN4: 1 | CO4: 3 | CP4: 8 | CQ4: 22 | CR4: 540 | CS4: 334 | CT4: 1180 | CU4: 1068.5 | CV4: 2248.5 | CW4: 50 | CX4: 125.5 | CY4: 0 | CZ4: 0 | DA4: 0 | DB4: 0 | DC4: 1 | DD4: 1 | DE4: 0 | DF4: 0 | DG4: 0 | DH4: 0 | DI4: 0 | DJ4: 0 | DK4: 0 | DL4: 0 | DM4: 0 | DN4: 0 | DO4: 0 | DP4: 0 | DQ4: 0 | DR4: 0 | DS4: 0 | DT4: 0 | DU4: 0 | DV4: 0 | DW4: 51 | DX4: 126.5 | DY4: 177.5 | DZ4: 99 | EA4: 145 | EB4: 0 | EC4: 0 | ED4: 0 | EE4: 0 | EF4: 2 | EG4: 0 | EH4: 0 | EI4: 0 | EJ4: 0 | EK4: 0 | EL4: 0 | EM4: 0 | EN4: 0 | EO4: 0 | EP4: 0 | EQ4: 0 | ER4: 0 | ES4: 0 | ET4: 0 | EU4: 1 | EV4: 0 | EW4: 0 | EX4: 179 | EY4: 77 | EZ4: 280 | FA4: 223 | FB4: 503 | FC4: 6 | FD4: 6 | FE4: 0 | FF4: 3 | FG4: 1 | FH4: 0 | FI4: 5 | FJ4: 3 | FK4: 8 | FL4: 8 | FM4: 20 | FN4: 20 | FO4: 40 | FP4: 1 | FQ4: 0 | FR4: 12 | FS4: 25 | FT4: 37 | FU4: 52 | FV4: 77 | FW4: 57 | FX4: 55 | FY4: 24 | FZ4: 24 | GA4: 10 | GB4: 206 | GC4: 168 | GD4: 374 | GE4: 247 | GF4: 187 | GG4: 386 | GH4: 392 | GI4: 300 | GJ4: 209 | GK4: 116 | GL4: 91.5 | GM4: 62 | GN4: 31 | GO4: 10 | GP4: 15 | GQ4: 1121 | GR4: 925.5 | GS4: 2046.5 | GT4: 4 | GU4: 11 | GV4: 9 | GW4: 34 | GX4: 11 | GY4: 40 | GZ4: 12 | HA4: 15.5 | HB4: 8 | HC4: 7 | HD4: 0 | HE4: 0 | HF4: 44 | HG4: 107.5 | HH4: 151.5 | HI4: 15 | HJ4: 12 | HK4: 131 | HL4: 111 | HM4: 103 | HN4: 71 | HO4: 36 | HP4: 29 | HQ4: 25 | HR4: 12 | HS4: 0 | HT4: 3 | HU4: 310 | HV4: 238 | HW4: 548 | HX4: 68 | HY4: 100 | HZ4: 103 | IA4: 185 | IB4: 83 | IC4: 128 | ID4: 52 | IE4: 98 | IF4: 32 | IG4: 57 | IH4: 22 | II4: 31 | IJ4: 360 | IK4: 599 | IL4: 959 | IM4: 477 | IN4: 1100 | IO4: 823 | IP4: 434 | IQ4: 224 | IR4: 62 | IS4: 3120 | IT4: 3120 | IU4: 23 | IV4: 33 | IW4: 24 | IX4: 24 | IY4: 2 | IZ4: 2 | JA4: 10 | JB4: 7 | JC4: 112 | JD4: 94 | JE4: 171 | JF4: 160 | JG4: 331 | JH4: 49 | JI4: 51 | JJ4: 24 | JK4: 25 | JL4: 5 | JM4: 4 | JN4: 12 | JO4: 22 | JP4: 1183 | JQ4: 1018 | JR4: 1273 | JS4: 1120 | JT4: 2393 | JU4: 4 | JV4: 23 | JW4: 8 | JX4: 10 | JY4: 0 | JZ4: 0 | KA4: 1 | KB4: 6 | KC4: 31 | KD4: 72 | KE4: 44 | KF4: 111 | KG4: 155 | KH4: 14 | KI4: 29 | KJ4: 13 | KK4: 23 | KL4: 0 | KM4: 0 | KN4: 3 | KO4: 6 | KP4: 232 | KQ4: 162 | KR4: 262 | KS4: 220 | KT4: 482 | KU4: 0 | KV4: 0 | KW4: 43 | KX4: 4 | KY4: 95 | KZ4: 63 | LA4: 24 | LB4: 39 | LC4: 125 | LD4: 99 | LE4: 246 | LF4: 158 | LG4: 849 | LH4: 26 | LI4: 9 | LJ4: 29 | LK4: 206 | LL4: 244
A5: Large | B5: 8 | C5: 0 | D5: 0 | E5: 0 | F5: 0 | G5: 0 | H5: 0 | I5: 0 | J5: 4625058 | K5: 0 | L5: 0 | M5: 0 | N5: 0 | O5: 47 | P5: 26 | Q5: 7 | R5: 3 | S5: 35 | T5: 32 | U5: 6 | V5: 0 | W5: 60 | X5: 53 | Y5: 87 | Z5: 160 | AA5: 242 | AB5: 274 | AC5: 516 | AD5: 304 | AE5: 298 | AF5: 10 | AG5: 2 | AH5: 38 | AI5: 40 | AJ5: 352 | AK5: 340 | AL5: 692 | AM5: 157 | AN5: 247 | AO5: 404 | AP5: 7150 | AQ5: 45 | AR5: 22 | AS5: 0 | AT5: 0 | AU5: 0 | AV5: 0 | AW5: 0 | AX5: 0 | AY5: 0 | AZ5: 0 | BA5: 0 | BB5: 0 | BC5: 0 | BD5: 0 | BE5: 0 | BF5: 0 | BG5: 0 | BH5: 0 | BI5: 0 | BJ5: 0 | BK5: 0 | BL5: 0 | BM5: 1 | BN5: 0 | BO5: 0 | BP5: 0 | BQ5: 46 | BR5: 22 | BS5: 68 | BT5: 54 | BU5: 26 | BV5: 0 | BW5: 0 | BX5: 0 | BY5: 0 | BZ5: 0 | CA5: 0 | CB5: 0 | CC5: 0 | CD5: 0 | CE5: 0 | CF5: 0 | CG5: 0 | CH5: 0 | CI5: 0 | CJ5: 0 | CK5: 0 | CL5: 0 | CM5: 0 | CN5: 0 | CO5: 0 | CP5: 0 | CQ5: 0 | CR5: 0 | CS5: 0 | CT5: 54 | CU5: 26 | CV5: 80 | CW5: 39 | CX5: 30 | CY5: 0 | CZ5: 0 | DA5: 0 | DB5: 0 | DC5: 0 | DD5: 0 | DE5: 0 | DF5: 0 | DG5: 0 | DH5: 0 | DI5: 0 | DJ5: 0 | DK5: 0 | DL5: 0 | DM5: 0 | DN5: 0 | DO5: 0 | DP5: 0 | DQ5: 0 | DR5: 0 | DS5: 0 | DT5: 0 | DU5: 0 | DV5: 0 | DW5: 39 | DX5: 30 | DY5: 69 | DZ5: 151 | EA5: 189 | EB5: 0 | EC5: 0 | ED5: 0 | EE5: 0 | EF5: 0 | EG5: 0 | EH5: 0 | EI5: 0 | EJ5: 0 | EK5: 0 | EL5: 0 | EM5: 0 | EN5: 0 | EO5: 0 | EP5: 0 | EQ5: 1 | ER5: 0 | ES5: 0 | ET5: 1 | EU5: 0 | EV5: 0 | EW5: 0 | EX5: 0 | EY5: 0 | EZ5: 152 | FA5: 190 | FB5: 342 | FC5: 0 | FD5: 0 | FE5: 0 | FF5: 0 | FG5: 1 | FH5: 0 | FI5: 4 | FJ5: 2 | FK5: 7 | FL5: 3 | FM5: 12 | FN5: 5 | FO5: 17 | FP5: 0 | FQ5: 0 | FR5: 3 | FS5: 0 | FT5: 5 | FU5: 3 | FV5: 11 | FW5: 13 | FX5: 22 | FY5: 6 | FZ5: 7 | GA5: 0 | GB5: 48 | GC5: 22 | GD5: 70 | GE5: 0 | GF5: 0 | GG5: 11 | GH5: 10 | GI5: 19 | GJ5: 9 | GK5: 17 | GL5: 9 | GM5: 14 | GN5: 1 | GO5: 0 | GP5: 0 | GQ5: 61 | GR5: 29 | GS5: 90 | GT5: 1 | GU5: 0 | GV5: 5 | GW5: 6 | GX5: 17 | GY5: 15 | GZ5: 10 | HA5: 8 | HB5: 2 | HC5: 1 | HD5: 0 | HE5: 1 | HF5: 35 | HG5: 31 | HH5: 66 | HI5: 24 | HJ5: 50 | HK5: 78 | HL5: 97 | HM5: 48 | HN5: 50 | HO5: 21 | HP5: 24 | HQ5: 15 | HR5: 13 | HS5: 1 | HT5: 6 | HU5: 187 | HV5: 240 | HW5: 427 | HX5: 37 | HY5: 50 | HZ5: 44 | IA5: 56 | IB5: 20 | IC5: 21 | ID5: 21 | IE5: 20 | IF5: 15 | IG5: 9 | IH5: 0 | II5: 2 | IJ5: 137 | IK5: 158 | IL5: 295 | IM5: 75 | IN5: 210 | IO5: 166 | IP5: 113 | IQ5: 74 | IR5: 15 | IS5: 653 | IT5: 653 | IU5: 20 | IV5: 15 | IW5: 5 | IX5: 3 | IY5: 0 | IZ5: 0 | JA5: 1 | JB5: 0 | JC5: 21 | JD5: 4 | JE5: 47 | JF5: 22 | JG5: 69 | JH5: 16 | JI5: 8 | JJ5: 12 | JK5: 8 | JL5: 0 | JM5: 0 | JN5: 0 | JO5: 0 | JP5: 26 | JQ5: 10 | JR5: 54 | JS5: 26 | JT5: 80 | JU5: 22 | JV5: 22 | JW5: 10 | JX5: 5 | JY5: 0 | JZ5: 0 | KA5: 3 | KB5: 0 | KC5: 4 | KD5: 7 | KE5: 39 | KF5: 34 | KG5: 73 | KH5: 109 | KI5: 140 | KJ5: 41 | KK5: 45 | KL5: 0 | KM5: 0 | KN5: 3 | KO5: 5 | KP5: 38 | KQ5: 46 | KR5: 191 | KS5: 236 | KT5: 427 | KU5: 0 | KV5: 0 | KW5: 7 | KX5: 1 | KY5: 55 | KZ5: 30 | LA5: 100 | LB5: 36 | LC5: 74 | LD5: 1 | LE5: 16 | LF5: 27 | LG5: 339 | LH5: 13 | LI5: 1 | LJ5: 0 | LK5: 74 | LL5: 75

Sheet 2016E
A1: Name | B1: Number of Organisations | C1: ID | D1: Fund | E1: reference number | F1: Staff Person | G1: Type | H1: Status | J1: award | K1: Programming | L1: request | M1: cost | N1: artform | O1: Qu1-01_PermanentStaff| Full-time Artist | Male | P1: Qu1-01_PermanentStaff| Full-time Artist | Female | Q1: Qu1-01_PermanentStaff| Part-time Artist | Male | R1: Qu1-01_PermanentStaff| Part-time Artist | Female | S1: Qu1-01_PermanentStaff| Full-time Managers | Male | T1: Qu1-01_PermanentStaff| Full-time Managers | Female | U1: Qu1-01_PermanentStaff| Part-time Managers | Male | V1: Qu1-01_PermanentStaff| Part-time Managers | Female | W1: Qu1-01_PermanentStaff| Full-time Other Staff | Male | X1: Qu1-01_PermanentStaff| Full-time Other Staff | Female | Y1: Qu1-01_PermanentStaff| Part-time Other Staff | Male | Z1: Qu1-01_PermanentStaff| Part-time Other Staff | Female | AA1: Qu1-01_PermanentStaff| Total | Male | AB1: Qu1-01_PermanentStaff| Total | Female | AC1: Qu1-01_PermanentStaff| Total | AD1: Qu1-02_ContractStaff| Artistic Staff | Male | AE1: Qu1-02_ContractStaff| Artistic Staff | Female | AF1: Qu1-02_ContractStaff| Managers | Male | AG1: Qu1-02_ContractStaff| Managers | Female | AH1: Qu1-02_ContractStaff| Other Staff | Male | AI1: Qu1-02_ContractStaff| Other Staff | Female | AJ1: Qu1-02_ContractStaff| Total | Male | AK1: Qu1-02_ContractStaff| Total | Female | AL1: Qu1-02_ContractStaff| Total | AM1: Qu1-03_VolNumbers|Number of volunteers| Male | AN1: Qu1-03_VolNumbers|Number of volunteers| Female | AO1: Total volunteers | AP1: Qu1-04_Volhrs|Number of hours worked| Hours worked | AQ1: Qu1-05_Ethnicity| White |Board Members|Male | AR1: Qu1-05_Ethnicity| White |Board Members|Female | AS1: Qu1-05_Ethnicity| Irish Traveller |Board Members|Male | AT1: Qu1-05_Ethnicity| Irish Traveller |Board Members|Female | AU1: Qu1-05_Ethnicity| Chinese |Board Members|Male | AV1: Qu1-05_Ethnicity| Chinese |Board Members|Female | AW1: Qu1-05_Ethnicity| Indian |Board Members|Male | AX1: Qu1-05_Ethnicity| Indian |Board Members|Female | AY1: Qu1-05_Ethnicity| Pakistani |Board Members|Male | AZ1: Qu1-05_Ethnicity| Pakistani |Board Members|Female | BA1: Qu1-05_Ethnicity| Bangladeshi |Board Members|Male | BB1: Qu1-05_Ethnicity| Bangladeshi |Board Members|Female | BC1: Qu1-05_Ethnicity| Other Asian |Board Members|Male | BD1: Qu1-05_Ethnicity| Other Asian |Board Members|Female | BE1: Qu1-05_Ethnicity| Black Caribbean |Board Members|Male | BF1: Qu1-05_Ethnicity| Black Caribbean |Board Members|Female | BG1: Qu1-05_Ethnicity| Black African |Board Members|Male | BH1: Qu1-05_Ethnicity| Black African |Board Members|Female | BI1: Qu1-05_Ethnicity| Black Other |Board Members|Male | BJ1: Qu1-05_Ethnicity| Black Other |Board Members|Female | BK1: Qu1-05_Ethnicity| Mixed ethnic group |Board Members|Male | BL1: Qu1-05_Ethnicity| Mixed ethnic group |Board Members|Female | BM1: Qu1-05_Ethnicity| Other ethnic group |Board Members|Male | BN1: Qu1-05_Ethnicity| Other ethnic group |Board Members|Female | BO1: Qu1-05_Ethnicity| Unspecified or not collected |Board Members|Male | BP1: Qu1-05_Ethnicity| Unspecified or not collected |Board Members|Female | BQ1: Qu1-05_Ethnicity| Total |Board Members|Male | BR1: Qu1-05_Ethnicity| Total |Board Members|Female | BS1: Qu1-05_Ethnicity| Total |Board Members | BT1: Qu1-05_Ethnicity| White |Artistic Staff|Male | BU1: Qu1-05_Ethnicity| White |Artistic Staff|Female | BV1: Qu1-05_Ethnicity| Irish Traveller |Artistic Staff|Male | BW1: Qu1-05_Ethnicity| Irish Traveller |Artistic Staff|Female | BX1: Qu1-05_Ethnicity| Chinese |Artistic Staff|Male | BY1: Qu1-05_Ethnicity| Chinese |Artistic Staff|Female | BZ1: Qu1-05_Ethnicity| Indian |Artistic Staff|Male | CA1: Qu1-05_Ethnicity| Indian |Artistic Staff|Female | CB1: Qu1-05_Ethnicity| Pakistani |Artistic Staff|Male | CC1: Qu1-05_Ethnicity| Pakistani |Artistic Staff|Female | CD1: Qu1-05_Ethnicity| Bangladeshi |Artistic Staff|Male | CE1: Qu1-05_Ethnicity| Bangladeshi |Artistic Staff|Female | CF1: Qu1-05_Ethnicity| Other Asian |Artistic Staff|Male | CG1: Qu1-05_Ethnicity| Other Asian |Artistic Staff|Female | CH1: Qu1-05_Ethnicity| Black Caribbean |Artistic Staff|Male | CI1: Qu1-05_Ethnicity| Black Caribbean |Artistic Staff|Female | CJ1: Qu1-05_Ethnicity| Black African |Artistic Staff|Male | CK1: Qu1-05_Ethnicity| Black African |Artistic Staff|Female | CL1: Qu1-05_Ethnicity| Black Other |Artistic Staff|Male | CM1: Qu1-05_Ethnicity| Black Other |Artistic Staff|Female | CN1: Qu1-05_Ethnicity| Mixed ethnic group |Artistic Staff|Male | CO1: Qu1-05_Ethnicity| Mixed ethnic group |Artistic Staff|Female | CP1: Qu1-05_Ethnicity| Other ethnic group |Artistic Staff|Male | CQ1: Qu1-05_Ethnicity| Other ethnic group |Artistic Staff|Female | CR1: Qu1-05_Ethnicity| Unspecified or not collected |Artistic Staff|Male | CS1: Qu1-05_Ethnicity| Unspecified or not collected |Artistic Staff|Female | CT1: Qu1-05_Ethnicity| Total |Artistic Staff|Male | CU1: Qu1-05_Ethnicity| Total |Artistic Staff|Female | CV1: Ethnicity Artistic Staff Total | CW1: Qu1-05_Ethnicity| White |Managers|Male | CX1: Qu1-05_Ethnicity| White |Managers|Female | CY1: Qu1-05_Ethnicity| Irish Traveller |Managers|Male | CZ1: Qu1-05_Ethnicity| Irish Traveller |Managers|Female | DA1: Qu1-05_Ethnicity| Chinese |Managers|Male | DB1: Qu1-05_Ethnicity| Chinese |Managers|Female | DC1: Qu1-05_Ethnicity| Indian |Managers|Male | DD1: Qu1-05_Ethnicity| Indian |Managers|Female | DE1: Qu1-05_Ethnicity| Pakistani |Managers|Male | DF1: Qu1-05_Ethnicity| Pakistani |Managers|Female | DG1: Qu1-05_Ethnicity| Bangladeshi |Managers|Male | DH1: Qu1-05_Ethnicity| Bangladeshi |Managers|Female | DI1: Qu1-05_Ethnicity| Other Asian |Managers|Male | DJ1: Qu1-05_Ethnicity| Other Asian |Managers|Female | DK1: Qu1-05_Ethnicity| Black Caribbean |Managers|Male | DL1: Qu1-05_Ethnicity| Black Caribbean |Managers|Female | DM1: Qu1-05_Ethnicity| Black African |Managers|Male | DN1: Qu1-05_Ethnicity| Black African |Managers|Female | DO1: Qu1-05_Ethnicity| Black Other |Managers|Male | DP1: Qu1-05_Ethnicity| Black Other |Managers|Female | DQ1: Qu1-05_Ethnicity| Mixed ethnic group |Managers|Male | DR1: Qu1-05_Ethnicity| Mixed ethnic group |Managers|Female | DS1: Qu1-05_Ethnicity| Other ethnic group |Managers|Male | DT1: Qu1-05_Ethnicity| Other ethnic group |Managers|Female | DU1: Qu1-05_Ethnicity| Unspecified or not collected |Managers|Male | DV1: Qu1-05_Ethnicity| Unspecified or not collected |Managers|Female | DW1: Qu1-05_Ethnicity| Total |Managers|Male | DX1: Qu1-05_Ethnicity| Total |Managers|Female | DZ1: Qu1-05_Ethnicity| White |Other Staff|Male | EA1: Qu1-05_Ethnicity| White |Other Staff|Female | EB1: Qu1-05_Ethnicity| Irish Traveller |Other Staff|Male | EC1: Qu1-05_Ethnicity| Irish Traveller |Other Staff|Female | ED1: Qu1-05_Ethnicity| Chinese |Other Staff|Male | EE1: Qu1-05_Ethnicity| Chinese |Other Staff|Female | EF1: Qu1-05_Ethnicity| Indian |Other Staff|Male | EG1: Qu1-05_Ethnicity| Indian |Other Staff|Female | EH1: Qu1-05_Ethnicity| Pakistani |Other Staff|Male | EI1: Qu1-05_Ethnicity| Pakistani |Other Staff|Female | EJ1: Qu1-05_Ethnicity| Bangladeshi |Other Staff|Male | EK1: Qu1-05_Ethnicity| Bangladeshi |Other Staff|Female | EL1: Qu1-05_Ethnicity| Other Asian |Other Staff|Male | EM1: Qu1-05_Ethnicity| Other Asian |Other Staff|Female | EN1: Qu1-05_Ethnicity| Black Caribbean |Other Staff|Male | EO1: Qu1-05_Ethnicity| Black Caribbean |Other Staff|Female | EP1: Qu1-05_Ethnicity| Black African |Other Staff|Male | EQ1: Qu1-05_Ethnicity| Black African |Other Staff|Female | ER1: Qu1-05_Ethnicity| Black Other |Other Staff|Male | ES1: Qu1-05_Ethnicity| Black Other |Other Staff|Female | ET1: Qu1-05_Ethnicity| Mixed ethnic group |Other Staff|Male | EU1: Qu1-05_Ethnicity| Mixed ethnic group |Other Staff|Female | EV1: Qu1-05_Ethnicity| Other ethnic group |Other Staff|Male | EW1: Qu1-05_Ethnicity| Other ethnic group |Other Staff|Female | EX1: Qu1-05_Ethnicity| Unspecified or not collected |Other Staff|Male | EY1: Qu1-05_Ethnicity| Unspecified or not collected |Other Staff|Female | EZ1: Qu1-05_Ethnicity| Total |Other Staff|Male | FA1: Qu1-05_Ethnicity| Total |Other Staff|Female | FB1: Qu1-05_Ethnicity| Total |Other Staff | FC1: Qu1-06_Disability| Board Members |Male | FD1: Qu1-06_Disability| Board Members |Female | FE1: Qu1-06_Disability| Artistic Staff |Male | FF1: Qu1-06_Disability| Artistic Staff |Female | FG1: Qu1-06_Disability| Managers |Male | FH1: Qu1-06_Disability| Managers |Female | FI1: Qu1-06_Disability| Other Staff |Male | FJ1: Qu1-06_Disability| Other Staff |Female | FK1: Qu1-06_Disability| Unspecified or not collected |Male | FL1: Qu1-06_Disability| Unspecified or not collected |Female | FM1: Qu1-06_Disability| Totals |Male | FN1: Qu1-06_Disability| Totals |Female | FO1: Qu1-06_Disability| Totals | FP1: Qu1-07_Age| Board Members |16 to 24 years|Male | FQ1: Qu1-07_Age| Board Members |16 to 24 years|Female | FR1: Qu1-07_Age| Board Members |25 to 34 years|Male | FS1: Qu1-07_Age| Board Members |25 to 34 years|Female | FT1: Qu1-07_Age| Board Members |35 to 44 years|Male | FU1: Qu1-07_Age| Board Members |35 to 44 years|Female | FV1: Qu1-07_Age| Board Members |45 to 54 years|Male | FW1: Qu1-07_Age| Board Members |45 to 54 years|Female | FX1: Qu1-07_Age| Board Members |55 to 64 years|Male | FY1: Qu1-07_Age| Board Members |55 to 64 years|Female | FZ1: Qu1-07_Age| Board Members |65+ years|Male | GA1: Qu1-07_Age| Board Members |65+ years|Female | GB1: Qu1-07_Age| Board Members |Female | GC1: Qu1-07_Age| Board Members |Male | GD1: Qu1-07_Age| Board Members | GE1: Qu1-07_Age| Artistic Staff |16 to 24 years|Male | GF1: Qu1-07_Age| Artistic Staff |16 to 24 years|Female | GG1: Qu1-07_Age| Artistic Staff |25 to 34 years|Male | GH1: Qu1-07_Age| Artistic Staff |25 to 34 years|Female | GI1: Qu1-07_Age| Artistic Staff |35 to 44 years|Male | GJ1: Qu1-07_Age| Artistic Staff |35 to 44 years|Female | GK1: Qu1-07_Age| Artistic Staff |45 to 54 years|Male | GL1: Qu1-07_Age| Artistic Staff |45 to 54 years|Female | GM1: Qu1-07_Age| Artistic Staff |55 to 64 years|Male | GN1: Qu1-07_Age| Artistic Staff |55 to 64 years|Female | GO1: Qu1-07_Age| Artistic Staff |65+ years|Male | GP1: Qu1-07_Age| Artistic Staff |65+ years|Female | GQ1: Qu1-07_Age| Artistic Staff |Female | GR1: Qu1-07_Age| Artistic Staff |Male | GS1: Qu1-07_Age| Artistic Staff | GT1: Qu1-07_Age| Managers |16 to 24 years|Male | GU1: Qu1-07_Age| Managers |16 to 24 years|Female | GV1: Qu1-07_Age| Managers |25 to 34 years|Male | GW1: Qu1-07_Age| Managers |25 to 34 years|Female | GX1: Qu1-07_Age| Managers |35 to 44 years|Male | GY1: Qu1-07_Age| Managers |35 to 44 years|Female | GZ1: Qu1-07_Age| Managers |45 to 54 years|Male | HA1: Qu1-07_Age| Managers |45 to 54 years|Female | HB1: Qu1-07_Age| Managers |55 to 64 years|Male | HC1: Qu1-07_Age| Managers |55 to 64 years|Female | HD1: Qu1-07_Age| Managers |65+ years|Male | HE1: Qu1-07_Age| Managers |65+ years|Female | HF1: Qu1-07_Age| Managers |Female | HG1: Qu1-07_Age| Managers |Male | HH1: Qu1-07_Age| Managers | HI1: Qu1-07_Age| Other Staff |16 to 24 years|Male | HJ1: Qu1-07_Age| Other Staff |16 to 24 years|Female | HK1: Qu1-07_Age| Other Staff |25 to 34 years|Male | HL1: Qu1-07_Age| Other Staff |25 to 34 years|Female | HM1: Qu1-07_Age| Other Staff |35 to 44 years|Male | HN1: Qu1-07_Age| Other Staff |35 to 44 years|Female | HO1: Qu1-07_Age| Other Staff |45 to 54 years|Male | HP1: Qu1-07_Age| Other Staff |45 to 54 years|Female | HQ1: Qu1-07_Age| Other Staff |55 to 64 years|Male | HR1: Qu1-07_Age| Other Staff |55 to 64 years|Female | HS1: Qu1-07_Age| Other Staff |65+ years|Male | HT1: Qu1-07_Age| Other Staff |65+ years|Female | HU1: Qu1-07_Age| Other Staff |Female | HV1: Qu1-07_Age| Other Staff |Male | HW1: Qu1-07_Age| Other Staff | HX1: Sum all | HY1: 65+ | HZ1: 55-64 | IA1: 45-54 | IB1: 35-44 | IC1: 25-34 | ID1: 16-24 | IE1: Qu1-07_Age| Volunteers |16 to 24 years|Male | IF1: Qu1-07_Age| Volunteers |16 to 24 years|Female | IG1: Qu1-07_Age| Volunteers |25 to 34 years|Male | IH1: Qu1-07_Age| Volunteers |25 to 34 years|Female | II1: Qu1-07_Age| Volunteers |35 to 44 years|Male | IJ1: Qu1-07_Age| Volunteers |35 to 44 years|Female | IK1: Qu1-07_Age| Volunteers |45 to 54 years|Male | IL1: Qu1-07_Age| Volunteers |45 to 54 years|Female | IM1: Qu1-07_Age| Volunteers |55 to 64 years|Male | IN1: Qu1-07_Age| Volunteers |55 to 64 years|Female | IO1: Qu1-07_Age| Volunteers |65+ years|Male | IP1: Qu1-07_Age| Volunteers |65+ years|Female | IQ1: Qu1-07_Age| Volunteers |Female | IR1: Qu1-07_Age| Volunteers |Male | IS1: Qu1-07_Age| Volunteers | IT1: Qu1-08_Religion| Roman Catholic |Board Members|Male | IU1: Qu1-08_Religion| Roman Catholic |Board Members|Female | IV1: Qu1-08_Religion| Protestant |Board Members|Male | IW1: Qu1-08_Religion| Protestant |Board Members|Female | IX1: Qu1-08_Religion| Other Religious Faith |Board Members|Male | IY1: Qu1-08_Religion| Other Religious Faith |Board Members|Female | IZ1: Qu1-08_Religion| None |Board Members|Male | JA1: Qu1-08_Religion| None |Board Members|Female | JB1: Qu1-08_Religion| Unspecified or not collected |Board Members|Male | JC1: Qu1-08_Religion| Unspecified or not collected |Board Members|Female | JD1: Qu1-08_Religion| Totals |Board Members|Male | JE1: Qu1-08_Religion| Totals |Board Members|Female | JF1: Qu1-08_Religion| Totals |Board Members| | JG1: Qu1-08_Religion| Roman Catholic |Artistic Staff|Male | JH1: Qu1-08_Religion| Roman Catholic |Artistic Staff|Female | JI1: Qu1-08_Religion| Protestant |Artistic Staff|Male | JJ1: Qu1-08_Religion| Protestant |Artistic Staff|Female | JK1: Qu1-08_Religion| Other Religious Faith |Artistic Staff|Male | JL1: Qu1-08_Religion| Other Religious Faith |Artistic Staff|Female | JM1: Qu1-08_Religion| None |Artistic Staff|Male | JN1: Qu1-08_Religion| None |Artistic Staff|Female | JO1: Qu1-08_Religion| Unspecified or not collected |Artistic Staff|Male | JP1: Qu1-08_Religion| Unspecified or not collected |Artistic Staff|Female | JQ1: Qu1-08_Religion| Totals |Artistic Staff|Male | JR1: Qu1-08_Religion| Totals |Artistic Staff|Female | JS1: Qu1-08_Religion| Totals |Artistic Staff | JT1: Qu1-08_Religion| Roman Catholic |Managers|Male | JU1: Qu1-08_Religion| Roman Catholic |Managers|Female | JV1: Qu1-08_Religion| Protestant |Managers|Male | JW1: Qu1-08_Religion| Protestant |Managers|Female | JX1: Qu1-08_Religion| Other Religious Faith |Managers|Male | JY1: Qu1-08_Religion| Other Religious Faith |Managers|Female | JZ1: Qu1-08_Religion| None |Managers|Male | KA1: Qu1-08_Religion| None |Managers|Female | KB1: Qu1-08_Religion| Unspecified or not collected |Managers|Male | KC1: Qu1-08_Religion| Unspecified or not collected |Managers|Female | KD1: Qu1-08_Religion| Totals |Managers|Male | KE1: Qu1-08_Religion| Totals |Managers|Female | KF1: Qu1-08_Religion| Totals |Managers | KG1: Qu1-08_Religion| Roman Catholic |Other Staff|Male | KH1: Qu1-08_Religion| Roman Catholic |Other Staff|Female | KI1: Qu1-08_Religion| Protestant |Other Staff|Male | KJ1: Qu1-08_Religion| Protestant |Other Staff|Female | KK1: Qu1-08_Religion| Other Religious Faith |Other Staff|Male | KL1: Qu1-08_Religion| Other Religious Faith |Other Staff|Female | KM1: Qu1-08_Religion| None |Other Staff|Male | KN1: Qu1-08_Religion| None |Other Staff|Female | KO1: Qu1-08_Religion| Unspecified or not collected |Other Staff|Male | KP1: Qu1-08_Religion| Unspecified or not collected |Other Staff|Female | KQ1: Qu1-08_Religion| Totals |Other Staff|Male | KR1: Qu1-08_Religion| Totals |Other Staff|Female | KS1: Qu1-08_Religion| Totals |Other Staff | KT1: xxxQu1-09_CDPExists| Yes | KU1: xxxQu1-09_CDPExists| No | KV1: xxQu1-09_CDPOffered| Yes | KW1: xxQu1-09_CDPOffered| No | KX1: xxQu1-10_CDPCourses| Leadership, management &amp; business skills |Number | KY1: xxQu1-10_CDPCourses| Personal, effectiveness &amp; behavioural skills |Number | KZ1: xxQu1-10_CDPCourses| Performance &amp; reward skills |Number | LA1: xxQu1-10_CDPCourses| Human resources |Number | LB1: xxQu1-10_CDPCourses| Learning &amp; development |Number | LC1: xxQu1-10_CDPCourses| Organisation, development &amp; design |Number | LD1: xxQu1-10_CDPCourses| Artistic practice |Number | LE1: xxQu1-10_CDPCourses| Other types of continuous professional development |Number | LF1: xxCourses total | LG1: Qu1-11_Apprenticeships| Paid internships |Total Number | LH1: Qu1-11_Apprenticeships| Formal apprenticeships |Total Number | LI1: Qu1-11_Apprenticeships| Unaccredited apprenticeships |Total Number | LJ1: Qu1-11_Apprenticeships| Work experience for students at school or in further/higher education |Total Number | LK1: Apprenticeship total | LL1: Homebase | LM1: Homebase All Other | NT1: Qu1-07_Age| Totals |16 to 24 years|Male | NU1: Qu1-07_Age| Totals |16 to 24 years|Female | NV1: Qu1-07_Age| Totals |25 to 34 years|Male | NW1: Qu1-07_Age| Totals |25 to 34 years|Female | NX1: Qu1-07_Age| Totals |35 to 44 years|Male | NY1: Qu1-07_Age| Totals |35 to 44 years|Female | NZ1: Qu1-07_Age| Totals |45 to 54 years|Male | OA1: Qu1-07_Age| Totals |45 to 54 years|Female | OB1: Qu1-07_Age| Totals |55 to 64 years|Male | OC1: Qu1-07_Age| Totals |55 to 64 years|Female | OD1: Qu1-07_Age| Totals |65+ years|Male | OE1: Qu1-07_Age| Totals |65+ years|Female
A2: All organisations | B2: 107 | J2: 8771584 | O2: 73 | P2: 43 | Q2: 10 | R2: 28 | S2: 86 | T2: 92 | U2: 12 | V2: 24 | W2: 79 | X2: 114 | Y2: 153 | Z2: 270 | AA2: 392 | AB2: 544 | AC2: 984 | AD2: 2389 | AE2: 2277 | AF2: 49 | AG2: 70 | AH2: 283 | AI2: 300 | AJ2: 2654 | AK2: 2562 | AL2: 5368 | AM2: 1929 | AN2: 2880 | AO2: 4809 | AP2: 98759 | AQ2: 423 | AR2: 360 | AS2: 0 | AT2: 0 | AU2: 0 | AV2: 1 | AW2: 4 | AX2: 4 | AY2: 0 | AZ2: 0 | BA2: 0 | BB2: 0 | BC2: 0 | BD2: 2 | BE2: 0 | BF2: 1 | BG2: 0 | BH2: 0 | BI2: 0 | BJ2: 0 | BK2: 1 | BL2: 1 | BM2: 1 | BN2: 1 | BO2: 12 | BP2: 12 | BQ2: 384 | BR2: 316 | BS2: 823 | BT2: 720 | BU2: 775 | BV2: 0 | BW2: 0 | BX2: 3 | BY2: 6 | BZ2: 2 | CA2: 8 | CB2: 0 | CC2: 1 | CD2: 0 | CE2: 1 | CF2: 2 | CG2: 2 | CH2: 0 | CI2: 2 | CJ2: 4 | CK2: 4 | CL2: 2 | CM2: 1 | CN2: 4 | CO2: 18 | CP2: 5 | CQ2: 7 | CR2: 901 | CS2: 766 | CT2: 1324 | CU2: 1155 | CV2: 3234 | CW2: 116 | CX2: 160 | CY2: 0 | CZ2: 0 | DA2: 0 | DB2: 0 | DC2: 0 | DD2: 1 | DE2: 0 | DF2: 0 | DG2: 0 | DH2: 1 | DI2: 0 | DJ2: 0 | DK2: 0 | DL2: 0 | DM2: 0 | DN2: 0 | DO2: 0 | DP2: 0 | DQ2: 0 | DR2: 0 | DS2: 0 | DT2: 0 | DU2: 4 | DV2: 5 | DW2: 111 | DX2: 145 | DY2: 287 | DZ2: 359 | EA2: 454 | EB2: 0 | EC2: 0 | ED2: 0 | EE2: 1 | EF2: 1 | EG2: 1 | EH2: 0 | EI2: 1 | EJ2: 0 | EK2: 0 | EL2: 0 | EM2: 1 | EN2: 0 | EO2: 2 | EP2: 0 | EQ2: 1 | ER2: 0 | ES2: 0 | ET2: 1 | EU2: 3 | EV2: 5 | EW2: 2 | EX2: 1 | EY2: 9 | EZ2: 361 | FA2: 456 | FB2: 842 | FC2: 23 | FD2: 26 | FE2: 26 | FF2: 41 | FG2: 8 | FH2: 3 | FI2: 17 | FJ2: 16 | FK2: 961 | FL2: 890 | FM2: 74 | FN2: 86 | FO2: 160 | FP2: 1 | FQ2: 3 | FR2: 22 | FS2: 39 | FT2: 73 | FU2: 102 | FV2: 118 | FW2: 120 | FX2: 120 | FY2: 81 | FZ2: 71 | GA2: 17 | GB2: 362 | GC2: 405 | GD2: 767 | GE2: 360 | GF2: 287 | GG2: 629 | GH2: 650 | GI2: 448 | GJ2: 420 | GK2: 205 | GL2: 239 | GM2: 127 | GN2: 71 | GO2: 23 | GP2: 16 | GQ2: 1683 | GR2: 1792 | GS2: 3475 | GT2: 3 | GU2: 7 | GV2: 19 | GW2: 44 | GX2: 46 | GY2: 57 | GZ2: 43 | HA2: 44 | HB2: 18 | HC2: 17 | HD2: 1 | HE2: 1 | HF2: 170 | HG2: 130 | HH2: 300 | HI2: 59 | HJ2: 71 | HK2: 170 | HL2: 213 | HM2: 135 | HN2: 164 | HO2: 88 | HP2: 107 | HQ2: 35 | HR2: 39 | HS2: 17 | HT2: 19 | HU2: 613 | HV2: 504 | HW2: 1117 | HX2: 5659 | HY2: 165 | HZ2: 508 | IA2: 964 | IB2: 1445 | IC2: 1786 | ID2: 791 | IE2: 209 | IF2: 330 | IG2: 169 | IH2: 287 | II2: 139 | IJ2: 252 | IK2: 138 | IL2: 227 | IM2: 97 | IN2: 90 | IO2: 39 | IP2: 58 | IQ2: 1244 | IR2: 791 | IS2: 2035 | IT2: 68 | IU2: 65 | IV2: 44 | IW2: 41 | IX2: 3 | IY2: 2 | IZ2: 16 | JA2: 11 | JB2: 297 | JC2: 232 | JD2: 382 | JE2: 300 | JF2: 779 | JG2: 69 | JH2: 82 | JI2: 35 | JJ2: 26 | JK2: 8 | JL2: 8 | JM2: 22 | JN2: 21 | JO2: 1540 | JP2: 1561 | JQ2: 1556 | JR2: 1651 | JS2: 3372 | JT2: 29 | JU2: 49 | JV2: 20 | JW2: 13 | JX2: 2 | JY2: 2 | JZ2: 10 | KA2: 11 | KB2: 64 | KC2: 91 | KD2: 115 | KE2: 153 | KF2: 580 | KG2: 152 | KH2: 169 | KI2: 78 | KJ2: 72 | KK2: 7 | KL2: 13 | KM2: 10 | KN2: 15 | KO2: 314 | KP2: 411 | KQ2: 534 | KR2: 622 | KS2: 1241 | KT2: 0 | KU2: 0 | KV2: 0 | KW2: 0 | KX2: 0 | KY2: 0 | KZ2: 0 | LA2: 0 | LB2: 0 | LC2: 0 | LD2: 0 | LE2: 0 | LF2: 0 | LG2: 49 | LH2: 21 | LI2: 16 | LJ2: 347 | LK2: 433
A3: Small | B3: 48 | J3: 1612693 | O3: 5 | P3: 6 | Q3: 2 | R3: 11 | S3: 12 | T3: 15 | U3: 8 | V3: 14 | W3: 3 | X3: 4 | Y3: 5 | Z3: 25 | AA3: 23 | AB3: 55 | AC3: 110 | AD3: 457 | AE3: 459 | AF3: 8 | AG3: 6 | AH3: 100 | AI3: 91 | AJ3: 504 | AK3: 488 | AL3: 1121 | AM3: 406 | AN3: 592 | AO3: 998 | AP3: 28318.5 | AQ3: 166 | AR3: 156 | AS3: 0 | AT3: 0 | AU3: 0 | AV3: 0 | AW3: 0 | AX3: 3 | AY3: 0 | AZ3: 0 | BA3: 0 | BB3: 0 | BC3: 0 | BD3: 2 | BE3: 0 | BF3: 1 | BG3: 0 | BH3: 0 | BI3: 0 | BJ3: 0 | BK3: 0 | BL3: 0 | BM3: 1 | BN3: 1 | BO3: 4 | BP3: 4 | BQ3: 148 | BR3: 138 | BS3: 338 | BT3: 168 | BU3: 205 | BV3: 0 | BW3: 0 | BX3: 0 | BY3: 1 | BZ3: 0 | CA3: 0 | CB3: 0 | CC3: 0 | CD3: 0 | CE3: 0 | CF3: 1 | CG3: 0 | CH3: 0 | CI3: 1 | CJ3: 0 | CK3: 2 | CL3: 1 | CM3: 1 | CN3: 0 | CO3: 4 | CP3: 5 | CQ3: 4 | CR3: 24 | CS3: 15 | CT3: 186 | CU3: 220 | CV3: 432 | CW3: 16 | CX3: 28 | CY3: 0 | CZ3: 0 | DA3: 0 | DB3: 0 | DC3: 0 | DD3: 0 | DE3: 0 | DF3: 0 | DG3: 0 | DH3: 0 | DI3: 0 | DJ3: 0 | DK3: 0 | DL3: 0 | DM3: 0 | DN3: 0 | DO3: 0 | DP3: 0 | DQ3: 0 | DR3: 0 | DS3: 0 | DT3: 0 | DU3: 1 | DV3: 3 | DW3: 16 | DX3: 26 | DY3: 48 | DZ3: 71 | EA3: 69 | EB3: 0 | EC3: 0 | ED3: 0 | EE3: 0 | EF3: 0 | EG3: 0 | EH3: 0 | EI3: 0 | EJ3: 0 | EK3: 0 | EL3: 0 | EM3: 0 | EN3: 0 | EO3: 2 | EP3: 0 | EQ3: 0 | ER3: 0 | ES3: 0 | ET3: 0 | EU3: 2 | EV3: 3 | EW3: 1 | EX3: 1 | EY3: 0 | EZ3: 75 | FA3: 71 | FB3: 149 | FC3: 18 | FD3: 18 | FE3: 21 | FF3: 38 | FG3: 3 | FH3: 0 | FI3: 3 | FJ3: 7 | FK3: 142 | FL3: 159 | FM3: 45 | FN3: 63 | FO3: 108 | FP3: 1 | FQ3: 3 | FR3: 9 | FS3: 22 | FT3: 32 | FU3: 38 | FV3: 32 | FW3: 56 | FX3: 41 | FY3: 30 | FZ3: 31 | GA3: 7 | GB3: 156 | GC3: 146 | GD3: 302 | GE3: 26 | GF3: 41 | GG3: 84 | GH3: 95 | GI3: 61 | GJ3: 91 | GK3: 54 | GL3: 61 | GM3: 30 | GN3: 25 | GO3: 12 | GP3: 2 | GQ3: 315 | GR3: 267 | GS3: 582 | GT3: 1 | GU3: 0 | GV3: 1 | GW3: 5 | GX3: 6 | GY3: 7 | GZ3: 7 | HA3: 10 | HB3: 2 | HC3: 5 | HD3: 0 | HE3: 1 | HF3: 28 | HG3: 17 | HH3: 45 | HI3: 10 | HJ3: 11 | HK3: 31 | HL3: 30 | HM3: 16 | HN3: 20 | HO3: 18 | HP3: 12 | HQ3: 1 | HR3: 2 | HS3: 6 | HT3: 1 | HU3: 76 | HV3: 82 | HW3: 158 | HX3: 1087 | HY3: 60 | HZ3: 136 | IA3: 250 | IB3: 271 | IC3: 277 | ID3: 93 | IE3: 37 | IF3: 64 | IG3: 50 | IH3: 62 | II3: 27 | IJ3: 70 | IK3: 36 | IL3: 71 | IM3: 30 | IN3: 31 | IO3: 12 | IP3: 18 | IQ3: 316 | IR3: 192 | IS3: 508 | IT3: 22 | IU3: 27 | IV3: 22 | IW3: 16 | IX3: 0 | IY3: 0 | IZ3: 4 | JA3: 6 | JB3: 118 | JC3: 100 | JD3: 146 | JE3: 128 | JF3: 315 | JG3: 39 | JH3: 36 | JI3: 6 | JJ3: 2 | JK3: 0 | JL3: 0 | JM3: 7 | JN3: 5 | JO3: 214 | JP3: 280 | JQ3: 236 | JR3: 310 | JS3: 589 | JT3: 3 | JU3: 7 | JV3: 3 | JW3: 1 | JX3: 0 | JY3: 0 | JZ3: 2 | KA3: 4 | KB3: 8 | KC3: 18 | KD3: 15 | KE3: 25 | KF3: 147 | KG3: 6 | KH3: 5 | KI3: 29 | KJ3: 6 | KK3: 0 | KL3: 0 | KM3: 0 | KN3: 7 | KO3: 97 | KP3: 88 | KQ3: 128 | KR3: 104 | KS3: 238 | KT3: 0 | KU3: 0 | KV3: 0 | KW3: 0 | KX3: 0 | KY3: 0 | KZ3: 0 | LA3: 0 | LB3: 0 | LC3: 0 | LD3: 0 | LE3: 0 | LF3: 0 | LG3: 12 | LH3: 2 | LI3: 4 | LJ3: 63 | LK3: 81
A4: Medium | B4: 49 | J4: 3831429 | O4: 18 | P4: 11 | Q4: 3 | R4: 13 | S4: 34 | T4: 51 | U4: 4 | V4: 10 | W4: 24 | X4: 49 | Y4: 37 | Z4: 93 | AA4: 111 | AB4: 220 | AC4: 347 | AD4: 1564 | AE4: 1500 | AF4: 35 | AG4: 62 | AH4: 127 | AI4: 157 | AJ4: 1720 | AK4: 1702 | AL4: 3445 | AM4: 1329 | AN4: 1953 | AO4: 3282 | AP4: 56925.5 | AQ4: 199 | AR4: 174 | AS4: 0 | AT4: 0 | AU4: 0 | AV4: 1 | AW4: 4 | AX4: 1 | AY4: 0 | AZ4: 0 | BA4: 0 | BB4: 0 | BC4: 0 | BD4: 0 | BE4: 0 | BF4: 0 | BG4: 0 | BH4: 0 | BI4: 0 | BJ4: 0 | BK4: 0 | BL4: 0 | BM4: 0 | BN4: 0 | BO4: 8 | BP4: 8 | BQ4: 179 | BR4: 150 | BS4: 395 | BT4: 494 | BU4: 541 | BV4: 0 | BW4: 0 | BX4: 3 | BY4: 5 | BZ4: 2 | CA4: 8 | CB4: 0 | CC4: 1 | CD4: 0 | CE4: 1 | CF4: 1 | CG4: 2 | CH4: 0 | CI4: 1 | CJ4: 4 | CK4: 2 | CL4: 1 | CM4: 0 | CN4: 4 | CO4: 14 | CP4: 0 | CQ4: 3 | CR4: 792 | CS4: 626 | CT4: 998 | CU4: 782 | CV4: 2505 | CW4: 57 | CX4: 104 | CY4: 0 | CZ4: 0 | DA4: 0 | DB4: 0 | DC4: 0 | DD4: 1 | DE4: 0 | DF4: 0 | DG4: 0 | DH4: 1 | DI4: 0 | DJ4: 0 | DK4: 0 | DL4: 0 | DM4: 0 | DN4: 0 | DO4: 0 | DP4: 0 | DQ4: 0 | DR4: 0 | DS4: 0 | DT4: 0 | DU4: 3 | DV4: 2 | DW4: 53 | DX4: 93 | DY4: 168 | DZ4: 97 | EA4: 147 | EB4: 0 | EC4: 0 | ED4: 0 | EE4: 0 | EF4: 1 | EG4: 0 | EH4: 0 | EI4: 1 | EJ4: 0 | EK4: 0 | EL4: 0 | EM4: 1 | EN4: 0 | EO4: 0 | EP4: 0 | EQ4: 0 | ER4: 0 | ES4: 0 | ET4: 0 | EU4: 1 | EV4: 1 | EW4: 1 | EX4: 0 | EY4: 8 | EZ4: 93 | FA4: 145 | FB4: 258 | FC4: 5 | FD4: 8 | FE4: 5 | FF4: 3 | FG4: 4 | FH4: 3 | FI4: 6 | FJ4: 7 | FK4: 659 | FL4: 508 | FM4: 20 | FN4: 21 | FO4: 41 | FP4: 0 | FQ4: 0 | FR4: 9 | FS4: 15 | FT4: 34 | FU4: 57 | FV4: 68 | FW4: 50 | FX4: 63 | FY4: 45 | FZ4: 31 | GA4: 9 | GB4: 176 | GC4: 205 | GD4: 381 | GE4: 329 | GF4: 231 | GG4: 506 | GH4: 508 | GI4: 352 | GJ4: 286 | GK4: 117 | GL4: 155 | GM4: 73 | GN4: 30 | GO4: 5 | GP4: 9 | GQ4: 1219 | GR4: 1382 | GS4: 2601 | GT4: 2 | GU4: 7 | GV4: 17 | GW4: 35 | GX4: 21 | GY4: 37 | GZ4: 19 | HA4: 25 | HB4: 11 | HC4: 10 | HD4: 1 | HE4: 0 | HF4: 114 | HG4: 71 | HH4: 185 | HI4: 13 | HJ4: 22 | HK4: 52 | HL4: 80 | HM4: 51 | HN4: 69 | HO4: 32 | HP4: 45 | HQ4: 11 | HR4: 12 | HS4: 1 | HT4: 1 | HU4: 229 | HV4: 160 | HW4: 389 | HX4: 3556 | HY4: 57 | HZ4: 255 | IA4: 511 | IB4: 907 | IC4: 1222 | ID4: 604 | IE4: 114 | IF4: 179 | IG4: 72 | IH4: 162 | II4: 88 | IJ4: 149 | IK4: 73 | IL4: 119 | IM4: 47 | IN4: 33 | IO4: 20 | IP4: 22 | IQ4: 664 | IR4: 414 | IS4: 1078 | IT4: 27 | IU4: 26 | IV4: 18 | IW4: 22 | IX4: 2 | IY4: 2 | IZ4: 10 | JA4: 5 | JB4: 148 | JC4: 119 | JD4: 179 | JE4: 144 | JF4: 379 | JG4: 15 | JH4: 39 | JI4: 15 | JJ4: 15 | JK4: 8 | JL4: 8 | JM4: 15 | JN4: 16 | JO4: 1212 | JP4: 1143 | JQ4: 1180 | JR4: 1188 | JS4: 2486 | JT4: 5 | JU4: 19 | JV4: 5 | JW4: 7 | JX4: 0 | JY4: 2 | JZ4: 5 | KA4: 7 | KB4: 51 | KC4: 73 | KD4: 58 | KE4: 102 | KF4: 337 | KG4: 15 | KH4: 25 | KI4: 10 | KJ4: 14 | KK4: 1 | KL4: 2 | KM4: 6 | KN4: 4 | KO4: 110 | KP4: 200 | KQ4: 119 | KR4: 181 | KS4: 387 | KT4: 0 | KU4: 0 | KV4: 0 | KW4: 0 | KX4: 0 | KY4: 0 | KZ4: 0 | LA4: 0 | LB4: 0 | LC4: 0 | LD4: 0 | LE4: 0 | LF4: 0 | LG4: 23 | LH4: 16 | LI4: 11 | LJ4: 193 | LK4: 243
A5: Large | B5: 10 | J5: 3327462 | O5: 50 | P5: 26 | Q5: 5 | R5: 4 | S5: 40 | T5: 26 | U5: 0 | V5: 0 | W5: 52 | X5: 61 | Y5: 111 | Z5: 152 | AA5: 258 | AB5: 269 | AC5: 527 | AD5: 368 | AE5: 318 | AF5: 6 | AG5: 2 | AH5: 56 | AI5: 52 | AJ5: 430 | AK5: 372 | AL5: 802 | AM5: 194 | AN5: 335 | AO5: 529 | AP5: 13515 | AQ5: 58 | AR5: 30 | AS5: 0 | AT5: 0 | AU5: 0 | AV5: 0 | AW5: 0 | AX5: 0 | AY5: 0 | AZ5: 0 | BA5: 0 | BB5: 0 | BC5: 0 | BD5: 0 | BE5: 0 | BF5: 0 | BG5: 0 | BH5: 0 | BI5: 0 | BJ5: 0 | BK5: 1 | BL5: 1 | BM5: 0 | BN5: 0 | BO5: 0 | BP5: 0 | BQ5: 57 | BR5: 28 | BS5: 90 | BT5: 58 | BU5: 29 | BV5: 0 | BW5: 0 | BX5: 0 | BY5: 0 | BZ5: 0 | CA5: 0 | CB5: 0 | CC5: 0 | CD5: 0 | CE5: 0 | CF5: 0 | CG5: 0 | CH5: 0 | CI5: 0 | CJ5: 0 | CK5: 0 | CL5: 0 | CM5: 0 | CN5: 0 | CO5: 0 | CP5: 0 | CQ5: 0 | CR5: 85 | CS5: 125 | CT5: 140 | CU5: 153 | CV5: 297 | CW5: 43 | CX5: 28 | CY5: 0 | CZ5: 0 | DA5: 0 | DB5: 0 | DC5: 0 | DD5: 0 | DE5: 0 | DF5: 0 | DG5: 0 | DH5: 0 | DI5: 0 | DJ5: 0 | DK5: 0 | DL5: 0 | DM5: 0 | DN5: 0 | DO5: 0 | DP5: 0 | DQ5: 0 | DR5: 0 | DS5: 0 | DT5: 0 | DU5: 0 | DV5: 0 | DW5: 42 | DX5: 26 | DY5: 71 | DZ5: 191 | EA5: 238 | EB5: 0 | EC5: 0 | ED5: 0 | EE5: 1 | EF5: 0 | EG5: 1 | EH5: 0 | EI5: 0 | EJ5: 0 | EK5: 0 | EL5: 0 | EM5: 0 | EN5: 0 | EO5: 0 | EP5: 0 | EQ5: 1 | ER5: 0 | ES5: 0 | ET5: 1 | EU5: 0 | EV5: 1 | EW5: 0 | EX5: 0 | EY5: 1 | EZ5: 193 | FA5: 240 | FB5: 435 | FC5: 0 | FD5: 0 | FE5: 0 | FF5: 0 | FG5: 1 | FH5: 0 | FI5: 8 | FJ5: 2 | FK5: 160 | FL5: 223 | FM5: 9 | FN5: 2 | FO5: 11 | FP5: 0 | FQ5: 0 | FR5: 4 | FS5: 2 | FT5: 7 | FU5: 7 | FV5: 18 | FW5: 14 | FX5: 16 | FY5: 6 | FZ5: 9 | GA5: 1 | GB5: 30 | GC5: 54 | GD5: 84 | GE5: 5 | GF5: 15 | GG5: 39 | GH5: 47 | GI5: 35 | GJ5: 43 | GK5: 34 | GL5: 23 | GM5: 24 | GN5: 16 | GO5: 6 | GP5: 5 | GQ5: 149 | GR5: 143 | GS5: 292 | GT5: 0 | GU5: 0 | GV5: 1 | GW5: 4 | GX5: 19 | GY5: 13 | GZ5: 17 | HA5: 9 | HB5: 5 | HC5: 2 | HD5: 0 | HE5: 0 | HF5: 28 | HG5: 42 | HH5: 70 | HI5: 36 | HJ5: 38 | HK5: 87 | HL5: 103 | HM5: 68 | HN5: 75 | HO5: 38 | HP5: 50 | HQ5: 23 | HR5: 25 | HS5: 10 | HT5: 17 | HU5: 308 | HV5: 262 | HW5: 570 | HX5: 1016 | HY5: 48 | HZ5: 117 | IA5: 203 | IB5: 267 | IC5: 287 | ID5: 94 | IE5: 58 | IF5: 87 | IG5: 47 | IH5: 63 | II5: 24 | IJ5: 33 | IK5: 29 | IL5: 37 | IM5: 20 | IN5: 26 | IO5: 7 | IP5: 18 | IQ5: 264 | IR5: 185 | IS5: 449 | IT5: 19 | IU5: 12 | IV5: 4 | IW5: 3 | IX5: 1 | IY5: 0 | IZ5: 2 | JA5: 0 | JB5: 31 | JC5: 13 | JD5: 57 | JE5: 28 | JF5: 85 | JG5: 15 | JH5: 7 | JI5: 14 | JJ5: 9 | JK5: 0 | JL5: 0 | JM5: 0 | JN5: 0 | JO5: 114 | JP5: 138 | JQ5: 140 | JR5: 153 | JS5: 297 | JT5: 21 | JU5: 23 | JV5: 12 | JW5: 5 | JX5: 2 | JY5: 0 | JZ5: 3 | KA5: 0 | KB5: 5 | KC5: 0 | KD5: 42 | KE5: 26 | KF5: 96 | KG5: 131 | KH5: 139 | KI5: 39 | KJ5: 52 | KK5: 6 | KL5: 11 | KM5: 4 | KN5: 4 | KO5: 107 | KP5: 123 | KQ5: 287 | KR5: 337 | KS5: 616 | KT5: 0 | KU5: 0 | KV5: 0 | KW5: 0 | KX5: 0 | KY5: 0 | KZ5: 0 | LA5: 0 | LB5: 0 | LC5: 0 | LD5: 0 | LE5: 0 | LF5: 0 | LG5: 14 | LH5: 3 | LI5: 1 | LJ5: 91 | LK5: 109

Sheet 2017E
A1: Name | B1: Number of Organisations | C1: ID | D1: Fund | E1: reference number | F1: Staff Person | G1: Type | H1: Status | I1: Organisation Size | J1: award | K1: Programming | L1: request | M1: cost | N1: artform | O1: Qu1-01_PermanentStaff| Full-time Artist | Male | P1: Qu1-01_PermanentStaff| Full-time Artist | Female | Q1: Qu1-01_PermanentStaff| Part-time Artist | Male | R1: Qu1-01_PermanentStaff| Part-time Artist | Female | S1: Qu1-01_PermanentStaff| Full-time Managers | Male | T1: Qu1-01_PermanentStaff| Full-time Managers | Female | U1: Qu1-01_PermanentStaff| Part-time Managers | Male | V1: Qu1-01_PermanentStaff| Part-time Managers | Female | W1: Qu1-01_PermanentStaff| Full-time Other Staff | Male | X1: Qu1-01_PermanentStaff| Full-time Other Staff | Female | Y1: Qu1-01_PermanentStaff| Part-time Other Staff | Male | Z1: Qu1-01_PermanentStaff| Part-time Other Staff | Female | AA1: Qu1-01_PermanentStaff| Total | Male | AB1: Qu1-01_PermanentStaff| Total | Female | AC1: Qu1-01_PermanentStaff| Total | AD1: Qu1-02_ContractStaff| Artistic Staff | Male | AE1: Qu1-02_ContractStaff| Artistic Staff | Female | AF1: Qu1-02_ContractStaff| Managers | Male | AG1: Qu1-02_ContractStaff| Managers | Female | AH1: Qu1-02_ContractStaff| Other Staff | Male | AI1: Qu1-02_ContractStaff| Other Staff | Female | AJ1: Qu1-02_ContractStaff| Total | Male | AK1: Qu1-02_ContractStaff| Total | Female | AL1: Qu1-02_ContractStaff| Total | AM1: Qu1-03_VolNumbers|Number of volunteers| Male | AN1: Qu1-03_VolNumbers|Number of volunteers| Female | AO1: Total volunteers | AP1: Qu1-04_Volhrs|Number of hours worked| Hours worked | AQ1: Qu1-05_Ethnicity| White |Board Members|Male | AR1: Qu1-05_Ethnicity| White |Board Members|Female | AS1: Qu1-05_Ethnicity| Irish Traveller |Board Members|Male | AT1: Qu1-05_Ethnicity| Irish Traveller |Board Members|Female | AU1: Qu1-05_Ethnicity| Chinese |Board Members|Male | AV1: Qu1-05_Ethnicity| Chinese |Board Members|Female | AW1: Qu1-05_Ethnicity| Indian |Board Members|Male | AX1: Qu1-05_Ethnicity| Indian |Board Members|Female | AY1: Qu1-05_Ethnicity| Pakistani |Board Members|Male | AZ1: Qu1-05_Ethnicity| Pakistani |Board Members|Female | BA1: Qu1-05_Ethnicity| Bangladeshi |Board Members|Male | BB1: Qu1-05_Ethnicity| Bangladeshi |Board Members|Female | BC1: Qu1-05_Ethnicity| Other Asian |Board Members|Male | BD1: Qu1-05_Ethnicity| Other Asian |Board Members|Female | BE1: Qu1-05_Ethnicity| Black Caribbean |Board Members|Male | BF1: Qu1-05_Ethnicity| Black Caribbean |Board Members|Female | BG1: Qu1-05_Ethnicity| Black African |Board Members|Male | BH1: Qu1-05_Ethnicity| Black African |Board Members|Female | BI1: Qu1-05_Ethnicity| Black Other |Board Members|Male | BJ1: Qu1-05_Ethnicity| Black Other |Board Members|Female | BK1: Qu1-05_Ethnicity| Mixed ethnic group |Board Members|Male | BL1: Qu1-05_Ethnicity| Mixed ethnic group |Board Members|Female | BM1: Qu1-05_Ethnicity| Other ethnic group |Board Members|Male | BN1: Qu1-05_Ethnicity| Other ethnic group |Board Members|Female | BO1: Qu1-05_Ethnicity| Unspecified or not collected |Board Members|Male | BP1: Qu1-05_Ethnicity| Unspecified or not collected |Board Members|Female | BQ1: Qu1-05_Ethnicity| Total |Board Members|Male | BR1: Qu1-05_Ethnicity| Total |Board Members|Female | BS1: Qu1-05_Ethnicity| Total |Board Members | BT1: Qu1-05_Ethnicity| White |Artistic Staff|Male | BU1: Qu1-05_Ethnicity| White |Artistic Staff|Female | BV1: Qu1-05_Ethnicity| Irish Traveller |Artistic Staff|Male | BW1: Qu1-05_Ethnicity| Irish Traveller |Artistic Staff|Female | BX1: Qu1-05_Ethnicity| Chinese |Artistic Staff|Male | BY1: Qu1-05_Ethnicity| Chinese |Artistic Staff|Female | BZ1: Qu1-05_Ethnicity| Indian |Artistic Staff|Male | CA1: Qu1-05_Ethnicity| Indian |Artistic Staff|Female | CB1: Qu1-05_Ethnicity| Pakistani |Artistic Staff|Male | CC1: Qu1-05_Ethnicity| Pakistani |Artistic Staff|Female | CD1: Qu1-05_Ethnicity| Bangladeshi |Artistic Staff|Male | CE1: Qu1-05_Ethnicity| Bangladeshi |Artistic Staff|Female | CF1: Qu1-05_Ethnicity| Other Asian |Artistic Staff|Male | CG1: Qu1-05_Ethnicity| Other Asian |Artistic Staff|Female | CH1: Qu1-05_Ethnicity| Black Caribbean |Artistic Staff|Male | CI1: Qu1-05_Ethnicity| Black Caribbean |Artistic Staff|Female | CJ1: Qu1-05_Ethnicity| Black African |Artistic Staff|Male | CK1: Qu1-05_Ethnicity| Black African |Artistic Staff|Female | CL1: Qu1-05_Ethnicity| Black Other |Artistic Staff|Male | CM1: Qu1-05_Ethnicity| Black Other |Artistic Staff|Female | CN1: Qu1-05_Ethnicity| Mixed ethnic group |Artistic Staff|Male | CO1: Qu1-05_Ethnicity| Mixed ethnic group |Artistic Staff|Female | CP1: Qu1-05_Ethnicity| Other ethnic group |Artistic Staff|Male | CQ1: Qu1-05_Ethnicity| Other ethnic group |Artistic Staff|Female | CR1: Qu1-05_Ethnicity| Unspecified or not collected |Artistic Staff|Male | CS1: Qu1-05_Ethnicity| Unspecified or not collected |Artistic Staff|Female | CT1: Qu1-05_Ethnicity| Total |Artistic Staff|Male | CU1: Qu1-05_Ethnicity| Total |Artistic Staff|Female | CV1: Qu1-05_Ethnicity| Total |Artistic Staff | CW1: Qu1-05_Ethnicity| White |Managers|Male | CX1: Qu1-05_Ethnicity| White |Managers|Female | CY1: Qu1-05_Ethnicity| Irish Traveller |Managers|Male | CZ1: Qu1-05_Ethnicity| Irish Traveller |Managers|Female | DA1: Qu1-05_Ethnicity| Chinese |Managers|Male | DB1: Qu1-05_Ethnicity| Chinese |Managers|Female | DC1: Qu1-05_Ethnicity| Indian |Managers|Male | DD1: Qu1-05_Ethnicity| Indian |Managers|Female | DE1: Qu1-05_Ethnicity| Pakistani |Managers|Male | DF1: Qu1-05_Ethnicity| Pakistani |Managers|Female | DG1: Qu1-05_Ethnicity| Bangladeshi |Managers|Male | DH1: Qu1-05_Ethnicity| Bangladeshi |Managers|Female | DI1: Qu1-05_Ethnicity| Other Asian |Managers|Male | DJ1: Qu1-05_Ethnicity| Other Asian |Managers|Female | DK1: Qu1-05_Ethnicity| Black Caribbean |Managers|Male | DL1: Qu1-05_Ethnicity| Black Caribbean |Managers|Female | DM1: Qu1-05_Ethnicity| Black African |Managers|Male | DN1: Qu1-05_Ethnicity| Black African |Managers|Female | DO1: Qu1-05_Ethnicity| Black Other |Managers|Male | DP1: Qu1-05_Ethnicity| Black Other |Managers|Female | DQ1: Qu1-05_Ethnicity| Mixed ethnic group |Managers|Male | DR1: Qu1-05_Ethnicity| Mixed ethnic group |Managers|Female | DS1: Qu1-05_Ethnicity| Other ethnic group |Managers|Male | DT1: Qu1-05_Ethnicity| Other ethnic group |Managers|Female | DU1: Qu1-05_Ethnicity| Unspecified or not collected |Managers|Male | DV1: Qu1-05_Ethnicity| Unspecified or not collected |Managers|Female | DW1: Qu1-05_Ethnicity| Total |Managers|Male | DX1: Qu1-05_Ethnicity| Total |Managers|Female | DY1: Qu1-05_Ethnicity| Total |Managers | DZ1: Qu1-05_Ethnicity| White |Other Staff|Male | EA1: Qu1-05_Ethnicity| White |Other Staff|Female | EB1: Qu1-05_Ethnicity| Irish Traveller |Other Staff|Male | EC1: Qu1-05_Ethnicity| Irish Traveller |Other Staff|Female | ED1: Qu1-05_Ethnicity| Chinese |Other Staff|Male | EE1: Qu1-05_Ethnicity| Chinese |Other Staff|Female | EF1: Qu1-05_Ethnicity| Indian |Other Staff|Male | EG1: Qu1-05_Ethnicity| Indian |Other Staff|Female | EH1: Qu1-05_Ethnicity| Pakistani |Other Staff|Male | EI1: Qu1-05_Ethnicity| Pakistani |Other Staff|Female | EJ1: Qu1-05_Ethnicity| Bangladeshi |Other Staff|Male | EK1: Qu1-05_Ethnicity| Bangladeshi |Other Staff|Female | EL1: Qu1-05_Ethnicity| Other Asian |Other Staff|Male | EM1: Qu1-05_Ethnicity| Other Asian |Other Staff|Female | EN1: Qu1-05_Ethnicity| Black Caribbean |Other Staff|Male | EO1: Qu1-05_Ethnicity| Black Caribbean |Other Staff|Female | EP1: Qu1-05_Ethnicity| Black African |Other Staff|Male | EQ1: Qu1-05_Ethnicity| Black African |Other Staff|Female | ER1: Qu1-05_Ethnicity| Black Other |Other Staff|Male | ES1: Qu1-05_Ethnicity| Black Other |Other Staff|Female | ET1: Qu1-05_Ethnicity| Mixed ethnic group |Other Staff|Male | EU1: Qu1-05_Ethnicity| Mixed ethnic group |Other Staff|Female | EV1: Qu1-05_Ethnicity| Other ethnic group |Other Staff|Male | EW1: Qu1-05_Ethnicity| Other ethnic group |Other Staff|Female | EX1: Qu1-05_Ethnicity| Unspecified or not collected |Other Staff|Male | EY1: Qu1-05_Ethnicity| Unspecified or not collected |Other Staff|Female | EZ1: Qu1-05_Ethnicity| Total |Other Staff|Male | FA1: Qu1-05_Ethnicity| Total |Other Staff|Female | FB1: Qu1-05_Ethnicity| Total |Other Staff | FC1: Qu1-06_Disability| Board Members |Male | FD1: Qu1-06_Disability| Board Members |Female | FE1: Qu1-06_Disability| Artistic Staff |Male | FF1: Qu1-06_Disability| Artistic Staff |Female | FG1: Qu1-06_Disability| Managers |Male | FH1: Qu1-06_Disability| Managers |Female | FI1: Qu1-06_Disability| Other Staff |Male | FJ1: Qu1-06_Disability| Other Staff |Female | FK1: Qu1-06_Disability| Unspecified or not collected |Male | FL1: Qu1-06_Disability| Unspecified or not collected |Female | FM1: Qu1-06_Disability| Totals |Male | FN1: Qu1-06_Disability| Totals |Female | FO1: Qu1-06_Disability| Totals | FP1: Qu1-07_Age| Board Members |16 to 24 years|Male | FQ1: Qu1-07_Age| Board Members |16 to 24 years|Female | FR1: Qu1-07_Age| Board Members |25 to 34 years|Male | FS1: Qu1-07_Age| Board Members |25 to 34 years|Female | FT1: Qu1-07_Age| Board Members |35 to 44 years|Male | FU1: Qu1-07_Age| Board Members |35 to 44 years|Female | FV1: Qu1-07_Age| Board Members |45 to 54 years|Male | FW1: Qu1-07_Age| Board Members |45 to 54 years|Female | FX1: Qu1-07_Age| Board Members |55 to 64 years|Male | FY1: Qu1-07_Age| Board Members |55 to 64 years|Female | FZ1: Qu1-07_Age| Board Members |65+ years|Male | GA1: Qu1-07_Age| Board Members |65+ years|Female | GB1: Qu1-07_Age| Board Members |Female | GC1: Qu1-07_Age| Board Members |Male | GD1: Qu1-07_Age| Board Members|Total | GE1: Qu1-07_Age| Artistic Staff |16 to 24 years|Male | GF1: Qu1-07_Age| Artistic Staff |16 to 24 years|Female | GG1: Qu1-07_Age| Artistic Staff |25 to 34 years|Male | GH1: Qu1-07_Age| Artistic Staff |25 to 34 years|Female | GI1: Qu1-07_Age| Artistic Staff |35 to 44 years|Male | GJ1: Qu1-07_Age| Artistic Staff |35 to 44 years|Female | GK1: Qu1-07_Age| Artistic Staff |45 to 54 years|Male | GL1: Qu1-07_Age| Artistic Staff |45 to 54 years|Female | GM1: Qu1-07_Age| Artistic Staff |55 to 64 years|Male | GN1: Qu1-07_Age| Artistic Staff |55 to 64 years|Female | GO1: Qu1-07_Age| Artistic Staff |65+ years|Male | GP1: Qu1-07_Age| Artistic Staff |65+ years|Female | GQ1: Qu1-07_Age| Artistic Staff |Female | GR1: Qu1-07_Age| Artistic Staff |Male | GS1: Qu1-07_Age| Artistic Staff | GT1: Qu1-07_Age| Managers |16 to 24 years|Male | GU1: Qu1-07_Age| Managers |16 to 24 years|Female | GV1: Qu1-07_Age| Managers |25 to 34 years|Male | GW1: Qu1-07_Age| Managers |25 to 34 years|Female | GX1: Qu1-07_Age| Managers |35 to 44 years|Male | GY1: Qu1-07_Age| Managers |35 to 44 years|Female | GZ1: Qu1-07_Age| Managers |45 to 54 years|Male | HA1: Qu1-07_Age| Managers |45 to 54 years|Female | HB1: Qu1-07_Age| Managers |55 to 64 years|Male | HC1: Qu1-07_Age| Managers |55 to 64 years|Female | HD1: Qu1-07_Age| Managers |65+ years|Male | HE1: Qu1-07_Age| Managers |65+ years|Female | HF1: Qu1-07_Age| Managers |Female | HG1: Qu1-07_Age| Managers |Male | HH1: Qu1-07_Age| Managers | HI1: Qu1-07_Age| Other Staff |16 to 24 years|Male | HJ1: Qu1-07_Age| Other Staff |16 to 24 years|Female | HK1: Qu1-07_Age| Other Staff |25 to 34 years|Male | HL1: Qu1-07_Age| Other Staff |25 to 34 years|Female | HM1: Qu1-07_Age| Other Staff |35 to 44 years|Male | HN1: Qu1-07_Age| Other Staff |35 to 44 years|Female | HO1: Qu1-07_Age| Other Staff |45 to 54 years|Male | HP1: Qu1-07_Age| Other Staff |45 to 54 years|Female | HQ1: Qu1-07_Age| Other Staff |55 to 64 years|Male | HR1: Qu1-07_Age| Other Staff |55 to 64 years|Female | HS1: Qu1-07_Age| Other Staff |65+ years|Male | HT1: Qu1-07_Age| Other Staff |65+ years|Female | HU1: Qu1-07_Age| Other Staff |Female | HV1: Qu1-07_Age| Other Staff |Male | HW1: Qu1-07_Age| Other Staff | HX1: Sum all | HY1: 65+ | HZ1: 55-64 | IA1: 45-54 | IB1: 35-44 | IC1: 25-34 | ID1: 16-24 | IE1: Qu1-07_Age| Volunteers |16 to 24 years|Male | IF1: Qu1-07_Age| Volunteers |16 to 24 years|Female | IG1: Qu1-07_Age| Volunteers |25 to 34 years|Male | IH1: Qu1-07_Age| Volunteers |25 to 34 years|Female | II1: Qu1-07_Age| Volunteers |35 to 44 years|Male | IJ1: Qu1-07_Age| Volunteers |35 to 44 years|Female | IK1: Qu1-07_Age| Volunteers |45 to 54 years|Male | IL1: Qu1-07_Age| Volunteers |45 to 54 years|Female | IM1: Qu1-07_Age| Volunteers |55 to 64 years|Male | IN1: Qu1-07_Age| Volunteers |55 to 64 years|Female | IO1: Qu1-07_Age| Volunteers |65+ years|Male | IP1: Qu1-07_Age| Volunteers |65+ years|Female | IQ1: Qu1-07_Age| Volunteers |Female | IR1: Qu1-07_Age| Volunteers |Male | IS1: Qu1-07_Age| Volunteers | IT1: Qu1-08_Religion| Roman Catholic |Board Members|Male | IU1: Qu1-08_Religion| Roman Catholic |Board Members|Female | IV1: Qu1-08_Religion| Protestant |Board Members|Male | IW1: Qu1-08_Religion| Protestant |Board Members|Female | IX1: Qu1-08_Religion| Other Religious Faith |Board Members|Male | IY1: Qu1-08_Religion| Other Religious Faith |Board Members|Female | IZ1: Qu1-08_Religion| None |Board Members|Male | JA1: Qu1-08_Religion| None |Board Members|Female | JB1: Qu1-08_Religion| Unspecified or not collected |Board Members|Male | JC1: Qu1-08_Religion| Unspecified or not collected |Board Members|Female | JD1: Qu1-08_Religion| Totals |Board Members|Male | JE1: Qu1-08_Religion| Totals |Board Members|Female | JF1: Qu1-08_Religion| Totals |Board Members | JG1: Qu1-08_Religion| Roman Catholic |Artistic Staff|Male | JH1: Qu1-08_Religion| Roman Catholic |Artistic Staff|Female | JI1: Qu1-08_Religion| Protestant |Artistic Staff|Male | JJ1: Qu1-08_Religion| Protestant |Artistic Staff|Female | JK1: Qu1-08_Religion| Other Religious Faith |Artistic Staff|Male | JL1: Qu1-08_Religion| Other Religious Faith |Artistic Staff|Female | JM1: Qu1-08_Religion| None |Artistic Staff|Male | JN1: Qu1-08_Religion| None |Artistic Staff|Female | JO1: Qu1-08_Religion| Unspecified or not collected |Artistic Staff|Male | JP1: Qu1-08_Religion| Unspecified or not collected |Artistic Staff|Female | JQ1: Qu1-08_Religion| Totals |Artistic Staff|Male | JR1: Qu1-08_Religion| Totals |Artistic Staff|Female | JS1: Qu1-08_Religion| Totals |Artistic Staff | JT1: Qu1-08_Religion| Roman Catholic |Managers|Male | JU1: Qu1-08_Religion| Roman Catholic |Managers|Female | JV1: Qu1-08_Religion| Protestant |Managers|Male | JW1: Qu1-08_Religion| Protestant |Managers|Female | JX1: Qu1-08_Religion| Other Religious Faith |Managers|Male | JY1: Qu1-08_Religion| Other Religious Faith |Managers|Female | JZ1: Qu1-08_Religion| None |Managers|Male | KA1: Qu1-08_Religion| None |Managers|Female | KB1: Qu1-08_Religion| Unspecified or not collected |Managers|Male | KC1: Qu1-08_Religion| Unspecified or not collected |Managers|Female | KD1: Qu1-08_Religion| Totals |Managers|Male | KE1: Qu1-08_Religion| Totals |Managers|Female | KF1: Qu1-08_Religion| Totals |Managers | KG1: Qu1-08_Religion| Roman Catholic |Other Staff|Male | KH1: Qu1-08_Religion| Roman Catholic |Other Staff|Female | KI1: Qu1-08_Religion| Protestant |Other Staff|Male | KJ1: Qu1-08_Religion| Protestant |Other Staff|Female | KK1: Qu1-08_Religion| Other Religious Faith |Other Staff|Male | KL1: Qu1-08_Religion| Other Religious Faith |Other Staff|Female | KM1: Qu1-08_Religion| None |Other Staff|Male | KN1: Qu1-08_Religion| None |Other Staff|Female | KO1: Qu1-08_Religion| Unspecified or not collected |Other Staff|Male | KP1: Qu1-08_Religion| Unspecified or not collected |Other Staff|Female | KQ1: Qu1-08_Religion| Totals |Other Staff|Male | KR1: Qu1-08_Religion| Totals |Other Staff|Female | KS1: Qu1-08_Religion| Totals |Other Staff | KT1: xxxQu1-09_CDPExists| Yes | KU1: xxxQu1-09_CDPExists| No | KV1: xxQu1-09_CDPOffered| Yes | KW1: xxQu1-09_CDPOffered| No | KX1: xxQu1-10_CDPCourses| Leadership, management &amp; business skills |Number | KY1: xxQu1-10_CDPCourses| Personal, effectiveness &amp; behavioural skills |Number | KZ1: xxQu1-10_CDPCourses| Performance &amp; reward skills |Number | LA1: xxQu1-10_CDPCourses| Human resources |Number | LB1: xxQu1-10_CDPCourses| Learning &amp; development |Number | LC1: xxQu1-10_CDPCourses| Organisation, development &amp; design |Number | LD1: xxQu1-10_CDPCourses| Artistic practice |Number | LE1: xxQu1-10_CDPCourses| Other types of continuous professional development |Number | LF1: xxCourses total | LG1: Qu1-11_Apprenticeships| Paid internships |Total Number | LH1: Qu1-11_Apprenticeships| Formal apprenticeships |Total Number | LI1: Qu1-11_Apprenticeships| Unaccredited apprenticeships |Total Number | LJ1: Qu1-11_Apprenticeships| Work experience for students at school or in further/higher education |Total Number | LK1: Appreticeship Total | LL1: Hombase | LM1: Homebase Other
A2: All organisations | B2: 107 | O2: 71 | P2: 51 | Q2: 19 | R2: 33 | S2: 75 | T2: 85 | U2: 13 | V2: 36 | W2: 76 | X2: 135 | Y2: 119 | Z2: 259 | AA2: 351 | AB2: 574 | AC2: 972 | AD2: 2786 | AE2: 3134 | AF2: 29 | AG2: 94 | AH2: 429 | AI2: 395 | AJ2: 3244 | AK2: 3623 | AL2: 6867 | AM2: 1710 | AN2: 2523 | AO2: 4233 | AP2: 100909.5 | AQ2: 393 | AR2: 340 | AS2: 0 | AT2: 1 | AU2: 0 | AV2: 2 | AW2: 4 | AX2: 3 | AY2: 0 | AZ2: 0 | BA2: 0 | BB2: 0 | BC2: 1 | BD2: 0 | BE2: 0 | BF2: 2 | BG2: 1 | BH2: 1 | BI2: 0 | BJ2: 0 | BK2: 0 | BL2: 0 | BM2: 2 | BN2: 0 | BO2: 25 | BP2: 20 | BQ2: 342 | BR2: 300 | BS2: 642 | BT2: 1001 | BU2: 961 | BV2: 1 | BW2: 0 | BX2: 10 | BY2: 8 | BZ2: 15 | CA2: 7 | CB2: 0 | CC2: 1 | CD2: 0 | CE2: 1 | CF2: 1 | CG2: 2 | CH2: 2 | CI2: 1 | CJ2: 3 | CK2: 2 | CL2: 2 | CM2: 0 | CN2: 17 | CO2: 30 | CP2: 15 | CQ2: 17 | CR2: 178 | CS2: 263 | CT2: 1646 | CU2: 1519 | CV2: 3165 | CW2: 84 | CX2: 123 | CY2: 0 | CZ2: 0 | DA2: 0 | DB2: 0 | DC2: 1 | DD2: 1 | DE2: 0 | DF2: 0 | DG2: 0 | DH2: 1 | DI2: 0 | DJ2: 0 | DK2: 0 | DL2: 0 | DM2: 0 | DN2: 0 | DO2: 0 | DP2: 0 | DQ2: 0 | DR2: 0 | DS2: 1 | DT2: 0 | DU2: 4 | DV2: 9 | DW2: 81 | DX2: 109 | DY2: 190 | DZ2: 332 | EA2: 472 | EB2: 0 | EC2: 0 | ED2: 0 | EE2: 0 | EF2: 0 | EG2: 3 | EH2: 0 | EI2: 1 | EJ2: 0 | EK2: 0 | EL2: 0 | EM2: 1 | EN2: 0 | EO2: 0 | EP2: 0 | EQ2: 2 | ER2: 0 | ES2: 1 | ET2: 0 | EU2: 2 | EV2: 7 | EW2: 2 | EX2: 22 | EY2: 20 | EZ2: 363 | FA2: 511 | FB2: 874 | FC2: 30 | FD2: 30 | FE2: 24 | FF2: 24 | FG2: 6 | FH2: 7 | FI2: 18 | FJ2: 16 | FK2: 971 | FL2: 752 | FM2: 1024 | FN2: 787 | FO2: 1811 | FP2: 5 | FQ2: 3 | FR2: 29 | FS2: 51 | FT2: 68 | FU2: 99 | FV2: 101 | FW2: 109 | FX2: 128 | FY2: 85 | FZ2: 79 | GA2: 18 | GB2: 410 | GC2: 365 | GD2: 775 | GE2: 315 | GF2: 306 | GG2: 578 | GH2: 551 | GI2: 461 | GJ2: 456 | GK2: 331 | GL2: 234 | GM2: 136 | GN2: 62 | GO2: 40 | GP2: 15 | GQ2: 1861 | GR2: 1624 | GS2: 3485 | GT2: 2 | GU2: 21 | GV2: 7 | GW2: 43 | GX2: 32 | GY2: 61 | GZ2: 35 | HA2: 35 | HB2: 15 | HC2: 13 | HD2: 2 | HE2: 0 | HF2: 173 | HG2: 93 | HH2: 266 | HI2: 34 | HJ2: 62 | HK2: 102 | HL2: 162 | HM2: 78 | HN2: 103 | HO2: 54 | HP2: 87 | HQ2: 29 | HR2: 30 | HS2: 10 | HT2: 10 | HU2: 454 | HV2: 307 | HW2: 761 | HX2: 5287 | HY2: 174 | HZ2: 498 | IA2: 986 | IB2: 1358 | IC2: 1523 | ID2: 748 | IE2: 192 | IF2: 293 | IG2: 118 | IH2: 199 | II2: 156 | IJ2: 269 | IK2: 120 | IL2: 198 | IM2: 73 | IN2: 122 | IO2: 50 | IP2: 106 | IQ2: 1187 | IR2: 709 | IS2: 1896 | IT2: 86 | IU2: 76 | IV2: 63 | IW2: 42 | IX2: 5 | IY2: 3 | IZ2: 10 | JA2: 11 | JB2: 250 | JC2: 218 | JD2: 347 | JE2: 291 | JF2: 638 | JG2: 140 | JH2: 145 | JI2: 58 | JJ2: 74 | JK2: 25 | JL2: 17 | JM2: 27 | JN2: 22 | JO2: 1512 | JP2: 1214 | JQ2: 1761 | JR2: 1472 | JS2: 3233 | JT2: 25 | JU2: 41 | JV2: 17 | JW2: 13 | JX2: 3 | JY2: 1 | JZ2: 3 | KA2: 10 | KB2: 47 | KC2: 113 | KD2: 88 | KE2: 169 | KF2: 257 | KG2: 162 | KH2: 204 | KI2: 75 | KJ2: 90 | KK2: 4 | KL2: 5 | KM2: 10 | KN2: 20 | KO2: 81 | KP2: 174 | KQ2: 297 | KR2: 440 | KS2: 737 | KT2: 0 | KU2: 0 | KV2: 0 | KW2: 0 | KX2: 0 | KY2: 0 | KZ2: 0 | LA2: 0 | LB2: 0 | LC2: 0 | LD2: 0 | LE2: 0 | LF2: 0 | LG2: 46 | LH2: 18 | LI2: 8 | LJ2: 343 | LK2: 415
A3: Large | B3: 11 | O3: 46 | P3: 28 | Q3: 6 | R3: 4 | S3: 33 | T3: 27 | U3: 0 | V3: 1 | W3: 48 | X3: 61 | Y3: 95 | Z3: 140 | AA3: 228 | AB3: 262 | AC3: 489 | AD3: 366 | AE3: 336 | AF3: 5 | AG3: 5 | AH3: 46 | AI3: 65 | AJ3: 417 | AK3: 406 | AL3: 823 | AM3: 182 | AN3: 324 | AO3: 506 | AP3: 11646 | AQ3: 49 | AR3: 27 | AS3: 0 | AT3: 0 | AU3: 0 | AV3: 0 | AW3: 0 | AX3: 1 | AY3: 0 | AZ3: 0 | BA3: 0 | BB3: 0 | BC3: 0 | BD3: 0 | BE3: 0 | BF3: 0 | BG3: 0 | BH3: 0 | BI3: 0 | BJ3: 0 | BK3: 0 | BL3: 0 | BM3: 1 | BN3: 0 | BO3: 0 | BP3: 0 | BQ3: 48 | BR3: 25 | BS3: 73 | BT3: 52 | BU3: 33 | BV3: 0 | BW3: 0 | BX3: 0 | BY3: 0 | BZ3: 0 | CA3: 0 | CB3: 0 | CC3: 0 | CD3: 0 | CE3: 0 | CF3: 0 | CG3: 0 | CH3: 0 | CI3: 0 | CJ3: 0 | CK3: 0 | CL3: 0 | CM3: 0 | CN3: 0 | CO3: 0 | CP3: 0 | CQ3: 0 | CR3: 98 | CS3: 163 | CT3: 149 | CU3: 196 | CV3: 345 | CW3: 36 | CX3: 29 | CY3: 0 | CZ3: 0 | DA3: 0 | DB3: 0 | DC3: 0 | DD3: 0 | DE3: 0 | DF3: 0 | DG3: 0 | DH3: 0 | DI3: 0 | DJ3: 0 | DK3: 0 | DL3: 0 | DM3: 0 | DN3: 0 | DO3: 0 | DP3: 0 | DQ3: 0 | DR3: 0 | DS3: 0 | DT3: 0 | DU3: 0 | DV3: 0 | DW3: 35 | DX3: 25 | DY3: 60 | DZ3: 172 | EA3: 228 | EB3: 0 | EC3: 0 | ED3: 0 | EE3: 0 | EF3: 0 | EG3: 1 | EH3: 0 | EI3: 0 | EJ3: 0 | EK3: 0 | EL3: 0 | EM3: 0 | EN3: 0 | EO3: 0 | EP3: 0 | EQ3: 2 | ER3: 0 | ES3: 0 | ET3: 0 | EU3: 0 | EV3: 0 | EW3: 0 | EX3: 3 | EY3: 0 | EZ3: 175 | FA3: 231 | FB3: 406 | FC3: 0 | FD3: 0 | FE3: 0 | FF3: 0 | FG3: 1 | FH3: 0 | FI3: 5 | FJ3: 5 | FK3: 5 | FL3: 1 | FM3: 11 | FN3: 6 | FO3: 17 | FP3: 0 | FQ3: 0 | FR3: 5 | FS3: 4 | FT3: 8 | FU3: 5 | FV3: 13 | FW3: 12 | FX3: 16 | FY3: 6 | FZ3: 8 | GA3: 1 | GB3: 50 | GC3: 28 | GD3: 78 | GE3: 0 | GF3: 1 | GG3: 9 | GH3: 12 | GI3: 14 | GJ3: 6 | GK3: 16 | GL3: 7 | GM3: 13 | GN3: 5 | GO3: 0 | GP3: 0 | GQ3: 52 | GR3: 31 | GS3: 83 | GT3: 0 | GU3: 0 | GV3: 1 | GW3: 6 | GX3: 12 | GY3: 12 | GZ3: 13 | HA3: 10 | HB3: 6 | HC3: 1 | HD3: 0 | HE3: 0 | HF3: 29 | HG3: 32 | HH3: 61 | HI3: 21 | HJ3: 34 | HK3: 50 | HL3: 71 | HM3: 35 | HN3: 41 | HO3: 24 | HP3: 30 | HQ3: 14 | HR3: 16 | HS3: 3 | HT3: 6 | HU3: 198 | HV3: 147 | HW3: 345 | HX3: 567 | HY3: 18 | HZ3: 77 | IA3: 125 | IB3: 133 | IC3: 158 | ID3: 56 | IE3: 2 | IF3: 8 | IG3: 1 | IH3: 12 | II3: 5 | IJ3: 12 | IK3: 5 | IL3: 17 | IM3: 8 | IN3: 26 | IO3: 15 | IP3: 27 | IQ3: 102 | IR3: 36 | IS3: 138 | IT3: 24 | IU3: 14 | IV3: 16 | IW3: 6 | IX3: 1 | IY3: 1 | IZ3: 2 | JA3: 0 | JB3: 7 | JC3: 2 | JD3: 51 | JE3: 23 | JF3: 74 | JG3: 15 | JH3: 9 | JI3: 11 | JJ3: 11 | JK3: 0 | JL3: 0 | JM3: 0 | JN3: 0 | JO3: 25 | JP3: 9 | JQ3: 51 | JR3: 29 | JS3: 80 | JT3: 16 | JU3: 20 | JV3: 10 | JW3: 6 | JX3: 2 | JY3: 0 | JZ3: 0 | KA3: 1 | KB3: 1 | KC3: 0 | KD3: 32 | KE3: 26 | KF3: 58 | KG3: 126 | KH3: 142 | KI3: 34 | KJ3: 62 | KK3: 3 | KL3: 3 | KM3: 5 | KN3: 6 | KO3: 2 | KP3: 7 | KQ3: 171 | KR3: 219 | KS3: 390 | KT3: 0 | KU3: 0 | KV3: 0 | KW3: 0 | KX3: 0 | KY3: 0 | KZ3: 0 | LA3: 0 | LB3: 0 | LC3: 0 | LD3: 0 | LE3: 0 | LF3: 0 | LG3: 12 | LH3: 4 | LI3: 1 | LJ3: 104 | LK3: 121
A4: Medium | B4: 46 | O4: 18 | P4: 17 | Q4: 5 | R4: 15 | S4: 31 | T4: 41 | U4: 5 | V4: 19 | W4: 23 | X4: 61 | Y4: 20 | Z4: 78 | AA4: 93 | AB4: 220 | AC4: 333 | AD4: 1414 | AE4: 1373 | AF4: 17 | AG4: 73 | AH4: 274 | AI4: 256 | AJ4: 1705 | AK4: 1702 | AL4: 3407 | AM4: 773 | AN4: 1407 | AO4: 2180 | AP4: 60552 | AQ4: 164 | AR4: 140 | AS4: 0 | AT4: 1 | AU4: 0 | AV4: 1 | AW4: 4 | AX4: 1 | AY4: 0 | AZ4: 0 | BA4: 0 | BB4: 0 | BC4: 0 | BD4: 0 | BE4: 0 | BF4: 0 | BG4: 0 | BH4: 0 | BI4: 0 | BJ4: 0 | BK4: 0 | BL4: 0 | BM4: 1 | BN4: 0 | BO4: 18 | BP4: 15 | BQ4: 159 | BR4: 139 | BS4: 298 | BT4: 421 | BU4: 539 | BV4: 1 | BW4: 0 | BX4: 10 | BY4: 8 | BZ4: 15 | CA4: 7 | CB4: 0 | CC4: 1 | CD4: 0 | CE4: 1 | CF4: 1 | CG4: 2 | CH4: 2 | CI4: 1 | CJ4: 3 | CK4: 2 | CL4: 2 | CM4: 0 | CN4: 17 | CO4: 27 | CP4: 15 | CQ4: 17 | CR4: 53 | CS4: 67 | CT4: 987 | CU4: 932 | CV4: 1919 | CW4: 34 | CX4: 62 | CY4: 0 | CZ4: 0 | DA4: 0 | DB4: 0 | DC4: 1 | DD4: 1 | DE4: 0 | DF4: 0 | DG4: 0 | DH4: 1 | DI4: 0 | DJ4: 0 | DK4: 0 | DL4: 0 | DM4: 0 | DN4: 0 | DO4: 0 | DP4: 0 | DQ4: 0 | DR4: 0 | DS4: 1 | DT4: 0 | DU4: 3 | DV4: 5 | DW4: 33 | DX4: 53 | DY4: 86 | DZ4: 82 | EA4: 171 | EB4: 0 | EC4: 0 | ED4: 0 | EE4: 0 | EF4: 0 | EG4: 2 | EH4: 0 | EI4: 1 | EJ4: 0 | EK4: 0 | EL4: 0 | EM4: 1 | EN4: 0 | EO4: 0 | EP4: 0 | EQ4: 0 | ER4: 0 | ES4: 1 | ET4: 0 | EU4: 2 | EV4: 0 | EW4: 1 | EX4: 17 | EY4: 19 | EZ4: 101 | FA4: 198 | FB4: 299 | FC4: 14 | FD4: 18 | FE4: 5 | FF4: 9 | FG4: 4 | FH4: 6 | FI4: 8 | FJ4: 6 | FK4: 630 | FL4: 545 | FM4: 646 | FN4: 546 | FO4: 1192 | FP4: 0 | FQ4: 0 | FR4: 9 | FS4: 20 | FT4: 29 | FU4: 49 | FV4: 59 | FW4: 43 | FX4: 59 | FY4: 44 | FZ4: 29 | GA4: 10 | GB4: 185 | GC4: 166 | GD4: 351 | GE4: 223 | GF4: 205 | GG4: 382 | GH4: 357 | GI4: 264 | GJ4: 281 | GK4: 195 | GL4: 162 | GM4: 53 | GN4: 19 | GO4: 5 | GP4: 6 | GQ4: 1122 | GR4: 1030 | GS4: 2152 | GT4: 2 | GU4: 20 | GV4: 5 | GW4: 32 | GX4: 14 | GY4: 40 | GZ4: 18 | HA4: 17 | HB4: 6 | HC4: 7 | HD4: 1 | HE4: 0 | HF4: 116 | HG4: 46 | HH4: 162 | HI4: 11 | HJ4: 19 | HK4: 22 | HL4: 61 | HM4: 25 | HN4: 42 | HO4: 21 | HP4: 47 | HQ4: 11 | HR4: 9 | HS4: 2 | HT4: 1 | HU4: 179 | HV4: 92 | HW4: 271 | HX4: 2936 | HY4: 54 | HZ4: 208 | IA4: 562 | IB4: 744 | IC4: 888 | ID4: 480 | IE4: 143 | IF4: 232 | IG4: 76 | IH4: 128 | II4: 100 | IJ4: 168 | IK4: 63 | IL4: 105 | IM4: 36 | IN4: 54 | IO4: 22 | IP4: 54 | IQ4: 741 | IR4: 440 | IS4: 1181 | IT4: 26 | IU4: 25 | IV4: 23 | IW4: 17 | IX4: 3 | IY4: 1 | IZ4: 3 | JA4: 2 | JB4: 123 | JC4: 102 | JD4: 154 | JE4: 127 | JF4: 281 | JG4: 45 | JH4: 54 | JI4: 31 | JJ4: 45 | JK4: 25 | JL4: 16 | JM4: 19 | JN4: 17 | JO4: 899 | JP4: 833 | JQ4: 1018 | JR4: 965 | JS4: 1983 | JT4: 4 | JU4: 12 | JV4: 5 | JW4: 6 | JX4: 1 | JY4: 1 | JZ4: 2 | KA4: 3 | KB4: 35 | KC4: 89 | KD4: 36 | KE4: 106 | KF4: 142 | KG4: 11 | KH4: 31 | KI4: 16 | KJ4: 20 | KK4: 0 | KL4: 1 | KM4: 2 | KN4: 6 | KO4: 52 | KP4: 127 | KQ4: 70 | KR4: 146 | KS4: 216 | KT4: 0 | KU4: 0 | KV4: 0 | KW4: 0 | KX4: 0 | KY4: 0 | KZ4: 0 | LA4: 0 | LB4: 0 | LC4: 0 | LD4: 0 | LE4: 0 | LF4: 0 | LG4: 28 | LH4: 13 | LI4: 4 | LJ4: 168 | LK4: 213
A5: Small | B5: 50 | O5: 7 | P5: 6 | Q5: 8 | R5: 14 | S5: 11 | T5: 17 | U5: 8 | V5: 16 | W5: 5 | X5: 13 | Y5: 4 | Z5: 41 | AA5: 30 | AB5: 92 | AC5: 150 | AD5: 1006 | AE5: 1425 | AF5: 7 | AG5: 16 | AH5: 109 | AI5: 74 | AJ5: 1122 | AK5: 1515 | AL5: 2637 | AM5: 755 | AN5: 792 | AO5: 1547 | AP5: 28711.5 | AQ5: 180 | AR5: 173 | AS5: 0 | AT5: 0 | AU5: 0 | AV5: 1 | AW5: 0 | AX5: 1 | AY5: 0 | AZ5: 0 | BA5: 0 | BB5: 0 | BC5: 1 | BD5: 0 | BE5: 0 | BF5: 2 | BG5: 1 | BH5: 1 | BI5: 0 | BJ5: 0 | BK5: 0 | BL5: 0 | BM5: 0 | BN5: 0 | BO5: 7 | BP5: 5 | BQ5: 135 | BR5: 136 | BS5: 271 | BT5: 528 | BU5: 389 | BV5: 0 | BW5: 0 | BX5: 0 | BY5: 0 | BZ5: 0 | CA5: 0 | CB5: 0 | CC5: 0 | CD5: 0 | CE5: 0 | CF5: 0 | CG5: 0 | CH5: 0 | CI5: 0 | CJ5: 0 | CK5: 0 | CL5: 0 | CM5: 0 | CN5: 0 | CO5: 3 | CP5: 0 | CQ5: 0 | CR5: 27 | CS5: 33 | CT5: 510 | CU5: 391 | CV5: 901 | CW5: 14 | CX5: 32 | CY5: 0 | CZ5: 0 | DA5: 0 | DB5: 0 | DC5: 0 | DD5: 0 | DE5: 0 | DF5: 0 | DG5: 0 | DH5: 0 | DI5: 0 | DJ5: 0 | DK5: 0 | DL5: 0 | DM5: 0 | DN5: 0 | DO5: 0 | DP5: 0 | DQ5: 0 | DR5: 0 | DS5: 0 | DT5: 0 | DU5: 1 | DV5: 4 | DW5: 13 | DX5: 31 | DY5: 44 | DZ5: 78 | EA5: 73 | EB5: 0 | EC5: 0 | ED5: 0 | EE5: 0 | EF5: 0 | EG5: 0 | EH5: 0 | EI5: 0 | EJ5: 0 | EK5: 0 | EL5: 0 | EM5: 0 | EN5: 0 | EO5: 0 | EP5: 0 | EQ5: 0 | ER5: 0 | ES5: 0 | ET5: 0 | EU5: 0 | EV5: 7 | EW5: 1 | EX5: 2 | EY5: 1 | EZ5: 87 | FA5: 82 | FB5: 169 | FC5: 16 | FD5: 12 | FE5: 19 | FF5: 15 | FG5: 1 | FH5: 1 | FI5: 5 | FJ5: 5 | FK5: 336 | FL5: 206 | FM5: 367 | FN5: 235 | FO5: 602 | FP5: 5 | FQ5: 3 | FR5: 15 | FS5: 27 | FT5: 31 | FU5: 45 | FV5: 29 | FW5: 54 | FX5: 53 | FY5: 35 | FZ5: 42 | GA5: 7 | GB5: 175 | GC5: 171 | GD5: 346 | GE5: 92 | GF5: 100 | GG5: 187 | GH5: 182 | GI5: 183 | GJ5: 169 | GK5: 120 | GL5: 65 | GM5: 70 | GN5: 38 | GO5: 35 | GP5: 9 | GQ5: 687 | GR5: 563 | GS5: 1250 | GT5: 0 | GU5: 1 | GV5: 1 | GW5: 5 | GX5: 6 | GY5: 9 | GZ5: 4 | HA5: 8 | HB5: 3 | HC5: 5 | HD5: 1 | HE5: 0 | HF5: 28 | HG5: 15 | HH5: 43 | HI5: 2 | HJ5: 9 | HK5: 30 | HL5: 30 | HM5: 18 | HN5: 20 | HO5: 9 | HP5: 10 | HQ5: 4 | HR5: 5 | HS5: 5 | HT5: 3 | HU5: 77 | HV5: 68 | HW5: 145 | HX5: 1784 | HY5: 102 | HZ5: 213 | IA5: 299 | IB5: 481 | IC5: 477 | ID5: 212 | IE5: 47 | IF5: 53 | IG5: 41 | IH5: 59 | II5: 51 | IJ5: 89 | IK5: 52 | IL5: 76 | IM5: 29 | IN5: 42 | IO5: 13 | IP5: 25 | IQ5: 344 | IR5: 233 | IS5: 577 | IT5: 36 | IU5: 37 | IV5: 24 | IW5: 19 | IX5: 1 | IY5: 1 | IZ5: 5 | JA5: 9 | JB5: 120 | JC5: 114 | JD5: 142 | JE5: 141 | JF5: 283 | JG5: 80 | JH5: 82 | JI5: 16 | JJ5: 18 | JK5: 0 | JL5: 1 | JM5: 8 | JN5: 5 | JO5: 588 | JP5: 372 | JQ5: 692 | JR5: 478 | JS5: 1170 | JT5: 5 | JU5: 9 | JV5: 2 | JW5: 1 | JX5: 0 | JY5: 0 | JZ5: 1 | KA5: 6 | KB5: 11 | KC5: 24 | KD5: 20 | KE5: 37 | KF5: 57 | KG5: 25 | KH5: 31 | KI5: 25 | KJ5: 8 | KK5: 1 | KL5: 1 | KM5: 3 | KN5: 8 | KO5: 27 | KP5: 40 | KQ5: 56 | KR5: 75 | KS5: 131 | KT5: 0 | KU5: 0 | KV5: 0 | KW5: 0 | KX5: 0 | KY5: 0 | KZ5: 0 | LA5: 0 | LB5: 0 | LC5: 0 | LD5: 0 | LE5: 0 | LF5: 0 | LG5: 6 | LH5: 1 | LI5: 3 | LJ5: 71 | LK5: 81

Sheet 2014A
A1: Name | B1: Number of Organisations | C1: ID | D1: Fund | E1: reference number | F1: Staff Person | G1: Type | H1: Status | I1: Organisation Size | J1: award | K1: Programming | L1: request | M1: cost | N1: artform | O1: Q3_01 Attendance| Performances | Number of activities | P1: Q3_01 Attendance| Participation | Number of activities | Q1: Q3_01 Attendance| Exhibitions | Number of activities | R1: Festival_15 only | S1: Broadcasts_15 only | T1: Q3_01 Attendance| Performances | Engagement | Known | U1: Q3_01 Attendance| Performances | Engagement | Estimated | V1: Q3_01 Attendance| Participation | Engagement | Known | W1: Q3_01 Attendance| Participation | Engagement | Estimated | X1: Q3_01 Attendance| Exhibitions | Engagement | Known | Y1: Q3_01 Attendance| Exhibitions | Engagement | Estimated | Z1: Q3_01 Attendance| Festivals | Engagement | Known | AA1: Q3_01 Attendance| Festivals | Engagement | Estimated | AB1: Q3_01 Attendance| Broadcasts (TV, Radio or on-line) | Engagement | Known | AC1: Q3_01 Attendance| Broadcasts (TV, Radio or on-line) | Engagement | Estimated | AD1: Qu3-02_ACCESSIBILITY|Captioning|Performances|Offered | AE1: Qu3-02_ACCESSIBILITY|British Sign Language|Performances|Offered | AF1: Qu3-02_ACCESSIBILITY|Irish Sign Language|Performances|Offered | AG1: Qu3-02_ACCESSIBILITY|Audio described|Performances|Offered | AH1: Qu3-02_ACCESSIBILITY|Hearing support loop|Performances|Offered | AI1: Qu3-02_ACCESSIBILITY|Large print / braille for programmes / menus|Performances|Offered | AJ1: Qu3-02_ACCESSIBILITY|Wheelchair access|Performances|Offered | AK1: Qu3-02_ACCESSIBILITY|Relaxed performances|Performances|Offered | AL1: Qu3-02_ACCESSIBILITY|Captioning|Participations|Offered | AM1: Qu3-02_ACCESSIBILITY|British Sign Language|Participations|Offered | AN1: Qu3-02_ACCESSIBILITY|Irish Sign Language|Participations|Offered | AO1: Qu3-02_ACCESSIBILITY|Audio described|Participations|Offered | AP1: Qu3-02_ACCESSIBILITY|Hearing support loop|Participations|Offered | AQ1: Qu3-02_ACCESSIBILITY|Large print / braille for programmes / menus|Participations|Offered | AR1: Qu3-02_ACCESSIBILITY|Wheelchair access|Participations|Offered | AS1: Qu3-02_ACCESSIBILITY|Relaxed performances|Participations|Offered | AT1: Qu3-02_ACCESSIBILITY|Captioning|Exhibitions|Offered | AU1: Qu3-02_ACCESSIBILITY|British Sign Language|Exhibitions|Offered | AV1: Qu3-02_ACCESSIBILITY|Irish Sign Language|Exhibitions|Offered | AW1: Qu3-02_ACCESSIBILITY|Audio described|Exhibitions|Offered | AX1: Qu3-02_ACCESSIBILITY|Hearing support loop|Exhibitions|Offered | AY1: Qu3-02_ACCESSIBILITY|Large print / braille for programmes / menus|Exhibitions|Offered | AZ1: Qu3-02_ACCESSIBILITY|Wheelchair access|Exhibitions|Offered | BA1: Qu3-02_ACCESSIBILITY|Relaxed performances|Exhibitions|Offered | BB1: Qu3-02_ACCESSIBILITY|Captioning|Broadcasts|Offered | BC1: Qu3-02_ACCESSIBILITY|British Sign Language|Broadcasts|Offered | BD1: Qu3-02_ACCESSIBILITY|Irish Sign Language|Broadcasts|Offered | BE1: Qu3-02_ACCESSIBILITY|Audio described|Broadcasts|Offered | BF1: Qu3-02_ACCESSIBILITY|Hearing support loop|Broadcasts|Offered | BG1: Qu3-02_ACCESSIBILITY|Large print / braille for programmes / menus|Broadcasts|Offered | BH1: Qu3-02_ACCESSIBILITY|Wheelchair access|Broadcasts|Offered | BI1: Qu3-02_ACCESSIBILITY|Relaxed performances|Broadcasts|Offered | BJ1: Qu3-02_ACCESSIBILITY|Captioning|Festivals|Offered | BK1: Qu3-02_ACCESSIBILITY|British Sign Language|Festivals|Offered | BL1: Qu3-02_ACCESSIBILITY|Irish Sign Language|Festivals|Offered | BM1: Qu3-02_ACCESSIBILITY|Audio described|Festivals|Offered | BN1: Qu3-02_ACCESSIBILITY|Hearing support loop|Festivals|Offered | BO1: Qu3-02_ACCESSIBILITY|Large print / braille for programmes / menus|Festivals|Offered | BP1: Qu3-02_ACCESSIBILITY|Wheelchair access|Festivals|Offered | BQ1: Qu3-02_ACCESSIBILITY|Relaxed performances|Festivals|Offered | BR1: Qu3-03_PerformancesTicketing| Total Number of Tickets Available |Total | BS1: Qu3-03_PerformancesTicketing| Total Number of Tickets Sold |Total | BT1: Qu3-03_PerformancesTicketing| Number of Complimentary Tickets Given |Total | BU1: Qu3-03_PerformancesTicketing| Number of Concessionary / Discounted Tickets Used |Total | BV1: Qu3-03_PerformancesTicketing| Total Ticket Yield (Gross Ticket Income) (£) |Total | BW1: Qu3-03_PerformancesTicketing| Average Ticket Yield (£) |Total | BX1: Qu3-04_GroupTarget|People with a physical or mental impairment|% programme activity | BY1: Qu3-04_GroupTarget|Ethnic minorities|% programme activity | BZ1: Qu3-04_GroupTarget|Deprived neighbourhoods|% programme activity | CA1: Qu3-04_GroupTarget|LGBT community|% programme activity | CB1: Qu3-04_GroupTarget|Older people (aged 65+)|% programme activity | CC1: Qu3-04_GroupTarget|Children and young people (aged 0 - 24)|% programme activity | CD1: Qu3-04_GroupTarget|Offenders / ex-offenders|% programme activity | CE1: Qu3-05_Collaboration| Community development | CF1: Qu3-05_Collaboration| Youth work / development | CG1: Qu3-05_Collaboration| LGBT | CH1: Qu3-05_Collaboration| Counselling / support | CI1: Qu3-05_Collaboration| Disability | CJ1: Qu3-05_Collaboration| Gender | CK1: Qu3-05_Collaboration| Volunteering development | CL1: Qu3-05_Collaboration| General charitable purposes | CM1: Qu3-05_Collaboration| Education / training | CN1: Qu3-05_Collaboration| Criminal justice | CO1: Qu3-05_Collaboration| Rural development | CP1: Qu3-05_Collaboration| Environment / conservation | CQ1: Qu3-05_Collaboration| Playgroup / after schools | CR1: Qu3-05_Collaboration| Sport / recreation | CS1: Qu3-05_Collaboration| Relief of poverty | CT1: Qu3-05_Collaboration| Human rights / equality | CU1: Qu3-05_Collaboration| Medical / health | CV1: Qu3-05_Collaboration| Cross-border / cross-community | CW1: Qu3-05_Collaboration| Economic development | CX1: Qu3-05_Collaboration| Welfare / benevolent | CY1: Qu3-05_Collaboration| Accommodation / housing | CZ1: Qu3-05_Collaboration| Heritage / historical | DA1: Qu3-05_Collaboration| Research / evaluation | DB1: Qu3-05_Collaboration| Other | DC1: Qu3-05_Collaboration| Other | DD1: Qu4_01_artform|Dance|Artform | DE1: Qu4_01_artform|Literature|Artform | DF1: Qu4_01_artform|Music|Artform | DG1: Qu4_01_artform|Theatre|Artform | DH1: Qu4_01_artform|Visual Arts|Artform | DI1: Qu4_01_artform|Carnival |Artform | DJ1: Qu4_01_artform|Circus|Artform | DK1: Qu4_01_artform|All artforms|Artform | DL1: Qu4_01_artform|Not artform specific |Artform | DM1: Qu4_02_members|Number of individual members|Fee paying | DN1: Qu4_02_members|Number of individual members|Non-fee paying | DO1: Qu4_02_members|Number of organisation members|Fee paying | DP1: Qu4_02_members|Number of organisation members|Non-fee paying | DQ1: Qu4_3_activity type|Specialist support (e.g. mentoring, lobbying, consultancy)|yes | DR1: Qu4_3_activity type|Specialist support (e.g. mentoring, lobbying, consultancy)|no | DS1: Qu4_3_activity type|Artist bursaries|yes | DT1: Qu4_3_activity type|Artist bursaries|no | DU1: Qu4_3_activity type|Marketing or promotional support (e.g. website development, segmentation analysis, customer targeting support )|yes | DV1: Qu4_3_activity type|Marketing or promotional support (e.g. website development, segmentation analysis, customer targeting support )|no | DW1: Qu4_3_activity type|Filming, photography or documenting services (not equipment hire)|yes | DX1: Qu4_3_activity type|Filming, photography or documenting services (not equipment hire)|no | DY1: Qu4_3_activity type|Archive or resource services|yes | DZ1: Qu4_3_activity type|Archive or resource services|no | EA1: Qu4_3_activity type|Arranged talks, readings or performances by professional artists|yes | EB1: Qu4_3_activity type|Arranged talks, readings or performances by professional artists|no | EC1: Qu4_3_activity type|Training (including courses and lectures to support artists professional development)|yes | ED1: Qu4_3_activity type|Training (including courses and lectures to support artists professional development)|no | EE1: Qu4_3_activity type|Journal or publication|yes | EF1: Qu4_3_activity type|Journal or publication|no | EG1: Qu4_3_activity type|Venue hire (e.g. studios, rehearsals or exhibition space)|yes | EH1: Qu4_3_activity type|Venue hire (e.g. studios, rehearsals or exhibition space)|no | EI1: Qu4_3_activity type|Arranged residencies|yes | EJ1: Qu4_3_activity type|Arranged residencies|no | EK1: Qu4_3_activity type|Equipment (e.g. screens, projectors, media players and audio equipment)|yes | EL1: Qu4_3_activity type|Equipment (e.g. screens, projectors, media players and audio equipment)|no | EM1: Qu4_3_activity type|Other|yes | EN1: Qu4_3_activity type|Other|no | EO1: Qu4_3_activity type|Specialist support (e.g. mentoring, lobbying, consultancy)|Number of services provided | EP1: Qu4_3_activity type|Artist bursaries|Number of services provided | EQ1: Qu4_3_activity type|Marketing or promotional support (e.g. website development, segmentation analysis, customer targeting support )|Number of services provided | ER1: Qu4_3_activity type|Filming, photography or documenting services (not equipment hire)|Number of services provided | ES1: Qu4_3_activity type|Archive or resource services|Number of services provided | ET1: Qu4_3_activity type|Arranged talks, readings or performances by professional artists|Number of services provided | EU1: Qu4_3_activity type|Training (including courses and lectures to support artists professional development)|Number of services provided | EV1: Qu4_3_activity type|Journal or publication|Number of services provided | EW1: Qu4_3_activity type|Venue hire (e.g. studios, rehearsals or exhibition space)|Number of services provided | EX1: Qu4_3_activity type|Arranged residencies|Number of services provided | EY1: Qu4_3_activity type|Equipment (e.g. screens, projectors, media players and audio equipment)|Number of services provided | EZ1: Qu4_3_activity type|Other|Number of services provided | FA1: Qu4_3_activity type|Specialist support (e.g. mentoring, lobbying, consultancy)|Number of individuals supported | FB1: Qu4_3_activity type|Artist bursaries|Number of individuals supported | FC1: Qu4_3_activity type|Marketing or promotional support (e.g. website development, segmentation analysis, customer targeting support )|Number of individuals supported | FD1: Qu4_3_activity type|Filming, photography or documenting services (not equipment hire)|Number of individuals supported | FE1: Qu4_3_activity type|Archive or resource services|Number of individuals supported | FF1: Qu4_3_activity type|Arranged talks, readings or performances by professional artists|Number of individuals supported | FG1: Qu4_3_activity type|Training (including courses and lectures to support artists professional development)|Number of individuals supported | FH1: Qu4_3_activity type|Journal or publication|Number of individuals supported | FI1: Qu4_3_activity type|Venue hire (e.g. studios, rehearsals or exhibition space)|Number of individuals supported | FJ1: Qu4_3_activity type|Arranged residencies|Number of individuals supported | FK1: Qu4_3_activity type|Equipment (e.g. screens, projectors, media players and audio equipment)|Number of individuals supported | FL1: Qu4_3_activity type|Other|Number of individuals supported | FM1: Qu5-01_PublishNewTitles| Number of new titles |Total | FN1: Qu5-01_PublishNewTitles| Book sales -- new titles |Total | FO1: Qu5-01_PublishNewTitles| Book distribution -- new titles |Total | FP1: Qu5-02_PublishBacklist| Total number of backlist titles |Total | FQ1: Qu5-02_PublishBacklist| Book sales -- backlist titles |Total | FR1: Qu5-02_PublishBacklist| Book distribution -- backlist titles |Total | FS1: Qu5-03_PublishE-Books| Number of new e-book titles |Total | FT1: Qu5-03_PublishE-Books| Book sales / downloads -- new e-book titles |Total | FU1: Qu5-03_PublishE-Books| Book sales / downloads -- backlist e-book titles |Total | FV1: Qu5-04_PublishMethods| Large print |Tick (where applicable) | FW1: Qu5-04_PublishMethods| Talking books |Tick (where applicable) | FX1: Qu5-04_PublishMethods| Braille |Tick (where applicable) | FY1: Qu5-04_PublishMethods| Other |Tick (where applicable) | FZ1: Qu5-04_PublishMethods| None |Tick (where applicable) | GA1: LGD2014NAME | GB1: LGD Name other | GC1: Total exhibition | GD1: Total performance | GE1: Total participation | GF1: Total festivals | GG1: Total engagemenet | GH1: Total number of activities
A2: All organisations | B2: 109 | C2: 0 | D2: 0 | E2: 0 | F2: 0 | G2: 0 | H2: 0 | I2: 0 | J2: 14149573 | K2: 0 | L2: 13146012 | M2: 37320681 | N2: 0 | O2: 8082 | P2: 37699 | Q2: 577 | T2: 1039101 | U2: 2180231 | V2: 287766 | W2: 178626 | X2: 307755 | Y2: 932902 | Z2: 0 | AA2: 0 | AB2: 0 | AC2: 0 | AD2: 0 | AE2: 0 | AF2: 0 | AG2: 0 | AH2: 0 | AI2: 0 | AJ2: 0 | AK2: 0 | AL2: 0 | AM2: 0 | AN2: 0 | AO2: 0 | AP2: 0 | AQ2: 0 | AR2: 0 | AS2: 0 | AT2: 0 | AU2: 0 | AV2: 0 | AW2: 0 | AX2: 0 | AY2: 0 | AZ2: 0 | BA2: 0 | BB2: 0 | BC2: 0 | BD2: 0 | BE2: 0 | BF2: 0 | BG2: 0 | BH2: 0 | BI2: 0 | BJ2: 0 | BK2: 0 | BL2: 0 | BM2: 0 | BN2: 0 | BO2: 0 | BP2: 0 | BQ2: 0 | BR2: 1297017 | BS2: 815339 | BT2: 111986 | BU2: 148634 | BV2: 13641158 | BW2: 1831.9643 | BX2: 0 | BY2: 0 | BZ2: 0 | CA2: 0 | CB2: 0 | CC2: 0 | CD2: 0 | CE2: 0 | CF2: 0 | CG2: 0 | CH2: 0 | CI2: 0 | CJ2: 0 | CK2: 0 | CL2: 0 | CM2: 0 | CN2: 0 | CO2: 0 | CP2: 0 | CQ2: 0 | CR2: 0 | CS2: 0 | CT2: 0 | CU2: 0 | CV2: 0 | CW2: 0 | CX2: 0 | CY2: 0 | CZ2: 0 | DA2: 0 | DB2: 0 | DC2: 0 | DD2: 0 | DE2: 0 | DF2: 0 | DG2: 0 | DH2: 0 | DI2: 0 | DJ2: 0 | DK2: 0 | DL2: 0 | DM2: 0 | DN2: 0 | DO2: 0 | DP2: 0 | DQ2: 0 | DR2: 0 | DS2: 0 | DT2: 0 | DU2: 0 | DV2: 0 | DW2: 0 | DX2: 0 | DY2: 0 | DZ2: 0 | EA2: 0 | EB2: 0 | EC2: 0 | ED2: 0 | EE2: 0 | EF2: 0 | EG2: 0 | EH2: 0 | EI2: 0 | EJ2: 0 | EK2: 0 | EL2: 0 | EM2: 0 | EN2: 0 | EO2: 0 | EP2: 0 | EQ2: 0 | ER2: 0 | ES2: 0 | ET2: 0 | EU2: 0 | EV2: 0 | EW2: 0 | EX2: 0 | EY2: 0 | EZ2: 0 | FA2: 0 | FB2: 0 | FC2: 0 | FD2: 0 | FE2: 0 | FF2: 0 | FG2: 0 | FH2: 0 | FI2: 0 | FJ2: 0 | FK2: 0 | FL2: 0 | FM2: 0 | FN2: 0 | FO2: 0 | FP2: 0 | FQ2: 0 | FR2: 0 | FS2: 0 | FT2: 0 | FU2: 0 | FV2: 0 | FW2: 0 | FX2: 0 | FY2: 0 | FZ2: 0 | GC2: 1240657 | GD2: 3219332 | GE2: 466392 | GG2: 4926381 | GH2: 46358
A3: Small | B3: 38 | C3: 0 | D3: 0 | E3: 0 | F3: 0 | G3: 0 | H3: 0 | I3: 0 | J3: 2956777 | K3: 0 | L3: 0 | M3: 0 | N3: 0 | O3: 2035 | P3: 14156 | Q3: 202 | T3: 127642 | U3: 1014163 | V3: 65578 | W3: 38856 | X3: 85849 | Y3: 170847 | Z3: 0 | AA3: 0 | AB3: 0 | AC3: 0 | AD3: 0 | AE3: 0 | AF3: 0 | AG3: 0 | AH3: 0 | AI3: 0 | AJ3: 0 | AK3: 0 | AL3: 0 | AM3: 0 | AN3: 0 | AO3: 0 | AP3: 0 | AQ3: 0 | AR3: 0 | AS3: 0 | AT3: 0 | AU3: 0 | AV3: 0 | AW3: 0 | AX3: 0 | AY3: 0 | AZ3: 0 | BA3: 0 | BB3: 0 | BC3: 0 | BD3: 0 | BE3: 0 | BF3: 0 | BG3: 0 | BH3: 0 | BI3: 0 | BJ3: 0 | BK3: 0 | BL3: 0 | BM3: 0 | BN3: 0 | BO3: 0 | BP3: 0 | BQ3: 0 | BR3: 167452 | BS3: 98153 | BT3: 29617 | BU3: 11170 | BV3: 692331.29 | BW3: 141.22 | BX3: 0 | BY3: 0 | BZ3: 0 | CA3: 0 | CB3: 0 | CC3: 0 | CD3: 0 | CE3: 0 | CF3: 0 | CG3: 0 | CH3: 0 | CI3: 0 | CJ3: 0 | CK3: 0 | CL3: 0 | CM3: 0 | CN3: 0 | CO3: 0 | CP3: 0 | CQ3: 0 | CR3: 0 | CS3: 0 | CT3: 0 | CU3: 0 | CV3: 0 | CW3: 0 | CX3: 0 | CY3: 0 | CZ3: 0 | DA3: 0 | DB3: 0 | DC3: 0 | DD3: 0 | DE3: 0 | DF3: 0 | DG3: 0 | DH3: 0 | DI3: 0 | DJ3: 0 | DK3: 0 | DL3: 0 | DM3: 0 | DN3: 0 | DO3: 0 | DP3: 0 | DQ3: 0 | DR3: 0 | DS3: 0 | DT3: 0 | DU3: 0 | DV3: 0 | DW3: 0 | DX3: 0 | DY3: 0 | DZ3: 0 | EA3: 0 | EB3: 0 | EC3: 0 | ED3: 0 | EE3: 0 | EF3: 0 | EG3: 0 | EH3: 0 | EI3: 0 | EJ3: 0 | EK3: 0 | EL3: 0 | EM3: 0 | EN3: 0 | EO3: 0 | EP3: 0 | EQ3: 0 | ER3: 0 | ES3: 0 | ET3: 0 | EU3: 0 | EV3: 0 | EW3: 0 | EX3: 0 | EY3: 0 | EZ3: 0 | FA3: 0 | FB3: 0 | FC3: 0 | FD3: 0 | FE3: 0 | FF3: 0 | FG3: 0 | FH3: 0 | FI3: 0 | FJ3: 0 | FK3: 0 | FL3: 0 | FM3: 0 | FN3: 0 | FO3: 0 | FP3: 0 | FQ3: 0 | FR3: 0 | FS3: 0 | FT3: 0 | FU3: 0 | FV3: 0 | FW3: 0 | FX3: 0 | FY3: 0 | FZ3: 0 | GC3: 256696 | GD3: 1141805 | GE3: 104434 | GG3: 1502935 | GH3: 16393
A4: Medium | B4: 65 | C4: 0 | D4: 0 | E4: 0 | F4: 0 | G4: 0 | H4: 0 | I4: 0 | J4: 6134734 | K4: 0 | L4: 0 | M4: 0 | N4: 0 | O4: 3997 | P4: 20473 | Q4: 334 | T4: 246969 | U4: 899039 | V4: 125961 | W4: 116606 | X4: 219906 | Y4: 745055 | Z4: 0 | AA4: 0 | AB4: 0 | AC4: 0 | AD4: 0 | AE4: 0 | AF4: 0 | AG4: 0 | AH4: 0 | AI4: 0 | AJ4: 0 | AK4: 0 | AL4: 0 | AM4: 0 | AN4: 0 | AO4: 0 | AP4: 0 | AQ4: 0 | AR4: 0 | AS4: 0 | AT4: 0 | AU4: 0 | AV4: 0 | AW4: 0 | AX4: 0 | AY4: 0 | AZ4: 0 | BA4: 0 | BB4: 0 | BC4: 0 | BD4: 0 | BE4: 0 | BF4: 0 | BG4: 0 | BH4: 0 | BI4: 0 | BJ4: 0 | BK4: 0 | BL4: 0 | BM4: 0 | BN4: 0 | BO4: 0 | BP4: 0 | BQ4: 0 | BR4: 308556 | BS4: 180394 | BT4: 41573 | BU4: 29657 | BV4: 2433678.7 | BW4: 189.53 | BX4: 0 | BY4: 0 | BZ4: 0 | CA4: 0 | CB4: 0 | CC4: 0 | CD4: 0 | CE4: 0 | CF4: 0 | CG4: 0 | CH4: 0 | CI4: 0 | CJ4: 0 | CK4: 0 | CL4: 0 | CM4: 0 | CN4: 0 | CO4: 0 | CP4: 0 | CQ4: 0 | CR4: 0 | CS4: 0 | CT4: 0 | CU4: 0 | CV4: 0 | CW4: 0 | CX4: 0 | CY4: 0 | CZ4: 0 | DA4: 0 | DB4: 0 | DC4: 0 | DD4: 0 | DE4: 0 | DF4: 0 | DG4: 0 | DH4: 0 | DI4: 0 | DJ4: 0 | DK4: 0 | DL4: 0 | DM4: 0 | DN4: 0 | DO4: 0 | DP4: 0 | DQ4: 0 | DR4: 0 | DS4: 0 | DT4: 0 | DU4: 0 | DV4: 0 | DW4: 0 | DX4: 0 | DY4: 0 | DZ4: 0 | EA4: 0 | EB4: 0 | EC4: 0 | ED4: 0 | EE4: 0 | EF4: 0 | EG4: 0 | EH4: 0 | EI4: 0 | EJ4: 0 | EK4: 0 | EL4: 0 | EM4: 0 | EN4: 0 | EO4: 0 | EP4: 0 | EQ4: 0 | ER4: 0 | ES4: 0 | ET4: 0 | EU4: 0 | EV4: 0 | EW4: 0 | EX4: 0 | EY4: 0 | EZ4: 0 | FA4: 0 | FB4: 0 | FC4: 0 | FD4: 0 | FE4: 0 | FF4: 0 | FG4: 0 | FH4: 0 | FI4: 0 | FJ4: 0 | FK4: 0 | FL4: 0 | FM4: 0 | FN4: 0 | FO4: 0 | FP4: 0 | FQ4: 0 | FR4: 0 | FS4: 0 | FT4: 0 | FU4: 0 | FV4: 0 | FW4: 0 | FX4: 0 | FY4: 0 | FZ4: 0 | GC4: 964961 | GD4: 1146008 | GE4: 242567 | GG4: 2353536 | GH4: 24804
A5: Large | B5: 5 | C5: 0 | D5: 0 | E5: 0 | F5: 0 | G5: 0 | H5: 0 | I5: 0 | J5: 5058062 | K5: 0 | L5: 0 | M5: 0 | N5: 0 | O5: 2050 | P5: 3070 | Q5: 41 | T5: 664490 | U5: 267029 | V5: 96227 | W5: 23164 | X5: 2000 | Y5: 17000 | Z5: 0 | AA5: 0 | AB5: 0 | AC5: 0 | AD5: 0 | AE5: 0 | AF5: 0 | AG5: 0 | AH5: 0 | AI5: 0 | AJ5: 0 | AK5: 0 | AL5: 0 | AM5: 0 | AN5: 0 | AO5: 0 | AP5: 0 | AQ5: 0 | AR5: 0 | AS5: 0 | AT5: 0 | AU5: 0 | AV5: 0 | AW5: 0 | AX5: 0 | AY5: 0 | AZ5: 0 | BA5: 0 | BB5: 0 | BC5: 0 | BD5: 0 | BE5: 0 | BF5: 0 | BG5: 0 | BH5: 0 | BI5: 0 | BJ5: 0 | BK5: 0 | BL5: 0 | BM5: 0 | BN5: 0 | BO5: 0 | BP5: 0 | BQ5: 0 | BR5: 821009 | BS5: 536792 | BT5: 40796 | BU5: 107807 | BV5: 10515148 | BW5: 1501.2143 | BX5: 0 | BY5: 0 | BZ5: 0 | CA5: 0 | CB5: 0 | CC5: 0 | CD5: 0 | CE5: 0 | CF5: 0 | CG5: 0 | CH5: 0 | CI5: 0 | CJ5: 0 | CK5: 0 | CL5: 0 | CM5: 0 | CN5: 0 | CO5: 0 | CP5: 0 | CQ5: 0 | CR5: 0 | CS5: 0 | CT5: 0 | CU5: 0 | CV5: 0 | CW5: 0 | CX5: 0 | CY5: 0 | CZ5: 0 | DA5: 0 | DB5: 0 | DC5: 0 | DD5: 0 | DE5: 0 | DF5: 0 | DG5: 0 | DH5: 0 | DI5: 0 | DJ5: 0 | DK5: 0 | DL5: 0 | DM5: 0 | DN5: 0 | DO5: 0 | DP5: 0 | DQ5: 0 | DR5: 0 | DS5: 0 | DT5: 0 | DU5: 0 | DV5: 0 | DW5: 0 | DX5: 0 | DY5: 0 | DZ5: 0 | EA5: 0 | EB5: 0 | EC5: 0 | ED5: 0 | EE5: 0 | EF5: 0 | EG5: 0 | EH5: 0 | EI5: 0 | EJ5: 0 | EK5: 0 | EL5: 0 | EM5: 0 | EN5: 0 | EO5: 0 | EP5: 0 | EQ5: 0 | ER5: 0 | ES5: 0 | ET5: 0 | EU5: 0 | EV5: 0 | EW5: 0 | EX5: 0 | EY5: 0 | EZ5: 0 | FA5: 0 | FB5: 0 | FC5: 0 | FD5: 0 | FE5: 0 | FF5: 0 | FG5: 0 | FH5: 0 | FI5: 0 | FJ5: 0 | FK5: 0 | FL5: 0 | FM5: 0 | FN5: 0 | FO5: 0 | FP5: 0 | FQ5: 0 | FR5: 0 | FS5: 0 | FT5: 0 | FU5: 0 | FV5: 0 | FW5: 0 | FX5: 0 | FY5: 0 | FZ5: 0 | GC5: 19000 | GD5: 931519 | GE5: 119391 | GG5: 1069910 | GH5: 5161

Sheet 2015A
A1: Name | B1: Number of Organisations | C1: ID | D1: Fund | E1: reference number | F1: Staff Person | G1: Type | H1: Status | I1: Organisation Size | J1: award | K1: Programming | L1: request | M1: cost | N1: artform | O1: Performances | Number of activities | P1: Participation | Number of activities | Q1: Exhibitions | Number of activities | R1: Festivals | Number of activities | S1: Broadcasts (TV, Radio or on-line) | Number of activities | T1: Performances | Engagement | Known | U1: Performances | Engagement | Estimated | V1: Participation | Engagement | Known | W1: Participation | Engagement | Estimated | X1: Exhibitions | Engagement | Known | Y1: Exhibitions | Engagement | Estimated | Z1: Festivals | Engagement | Known | AA1: Festivals | Engagement | Estimated | AB1: Broadcasts (TV, Radio or on-line) | Engagement | Known | AC1: Broadcasts (TV, Radio or on-line) | Engagement | Estimated | AD1: Qu3-02_ACCESSIBILITY|Captioning|Performances|Offered | AE1: Qu3-02_ACCESSIBILITY|British Sign Language|Performances|Offered | AF1: Qu3-02_ACCESSIBILITY|Irish Sign Language|Performances|Offered | AG1: Qu3-02_ACCESSIBILITY|Audio described|Performances|Offered | AH1: Qu3-02_ACCESSIBILITY|Hearing support loop|Performances|Offered | AI1: Qu3-02_ACCESSIBILITY|Large print / braille for programmes / menus|Performances|Offered | AJ1: Qu3-02_ACCESSIBILITY|Wheelchair access|Performances|Offered | AK1: Qu3-02_ACCESSIBILITY|Relaxed performances|Performances|Offered | AL1: Qu3-02_ACCESSIBILITY|Captioning|Participations|Offered | AM1: Qu3-02_ACCESSIBILITY|British Sign Language|Participations|Offered | AN1: Qu3-02_ACCESSIBILITY|Irish Sign Language|Participations|Offered | AO1: Qu3-02_ACCESSIBILITY|Audio described|Participations|Offered | AP1: Qu3-02_ACCESSIBILITY|Hearing support loop|Participations|Offered | AQ1: Qu3-02_ACCESSIBILITY|Large print / braille for programmes / menus|Participations|Offered | AR1: Qu3-02_ACCESSIBILITY|Wheelchair access|Participations|Offered | AS1: Qu3-02_ACCESSIBILITY|Relaxed performances|Participations|Offered | AT1: Qu3-02_ACCESSIBILITY|Captioning|Exhibitions|Offered | AU1: Qu3-02_ACCESSIBILITY|British Sign Language|Exhibitions|Offered | AV1: Qu3-02_ACCESSIBILITY|Irish Sign Language|Exhibitions|Offered | AW1: Qu3-02_ACCESSIBILITY|Audio described|Exhibitions|Offered | AX1: Qu3-02_ACCESSIBILITY|Hearing support loop|Exhibitions|Offered | AY1: Qu3-02_ACCESSIBILITY|Large print / braille for programmes / menus|Exhibitions|Offered | AZ1: Qu3-02_ACCESSIBILITY|Wheelchair access|Exhibitions|Offered | BA1: Qu3-02_ACCESSIBILITY|Relaxed performances|Exhibitions|Offered | BB1: Qu3-02_ACCESSIBILITY|Captioning|Broadcasts|Offered | BC1: Qu3-02_ACCESSIBILITY|British Sign Language|Broadcasts|Offered | BD1: Qu3-02_ACCESSIBILITY|Irish Sign Language|Broadcasts|Offered | BE1: Qu3-02_ACCESSIBILITY|Audio described|Broadcasts|Offered | BF1: Qu3-02_ACCESSIBILITY|Hearing support loop|Broadcasts|Offered | BG1: Qu3-02_ACCESSIBILITY|Large print / braille for programmes / menus|Broadcasts|Offered | BH1: Qu3-02_ACCESSIBILITY|Wheelchair access|Broadcasts|Offered | BI1: Qu3-02_ACCESSIBILITY|Relaxed performances|Broadcasts|Offered | BJ1: Qu3-02_ACCESSIBILITY|Captioning|Festivals|Offered | BK1: Qu3-02_ACCESSIBILITY|British Sign Language|Festivals|Offered | BL1: Qu3-02_ACCESSIBILITY|Irish Sign Language|Festivals|Offered | BM1: Qu3-02_ACCESSIBILITY|Audio described|Festivals|Offered | BN1: Qu3-02_ACCESSIBILITY|Hearing support loop|Festivals|Offered | BO1: Qu3-02_ACCESSIBILITY|Large print / braille for programmes / menus|Festivals|Offered | BP1: Qu3-02_ACCESSIBILITY|Wheelchair access|Festivals|Offered | BQ1: Qu3-02_ACCESSIBILITY|Relaxed performances|Festivals|Offered | BR1: Qu3-03_PerformancesTicketing| Total Number of Tickets Available |Total | BS1: Qu3-03_PerformancesTicketing| Total Number of Tickets Sold |Total | BT1: Qu3-03_PerformancesTicketing| Number of Complimentary Tickets Given |Total | BU1: Qu3-03_PerformancesTicketing| Number of Concessionary / Discounted Tickets Used |Total | BV1: Qu3-03_PerformancesTicketing| Total Ticket Yield (Gross Ticket Income) (£) |Total | BW1: Qu3-03_PerformancesTicketing| Average Ticket Yield (£) |Total | BX1: Qu3-04_GroupTarget|People with a physical or mental impairment|% programme activity | BY1: Qu3-04_GroupTarget|Ethnic minorities|% programme activity | BZ1: Qu3-04_GroupTarget|Deprived neighbourhoods|% programme activity | CA1: Qu3-04_GroupTarget|LGBT community|% programme activity | CB1: Qu3-04_GroupTarget|Older people (aged 65+)|% programme activity | CC1: Qu3-04_GroupTarget|Children and young people (aged 0 - 24)|% programme activity | CD1: Qu3-04_GroupTarget|Offenders / ex-offenders|% programme activity | CE1: Qu3-05_Collaboration| Community development | CF1: Qu3-05_Collaboration| Youth work / development | CG1: Qu3-05_Collaboration| LGBT | CH1: Qu3-05_Collaboration| Counselling / support | CI1: Qu3-05_Collaboration| Disability | CJ1: Qu3-05_Collaboration| Gender | CK1: Qu3-05_Collaboration| Volunteering development | CL1: Qu3-05_Collaboration| General charitable purposes | CM1: Qu3-05_Collaboration| Education / training | CN1: Qu3-05_Collaboration| Criminal justice | CO1: Qu3-05_Collaboration| Rural development | CP1: Qu3-05_Collaboration| Environment / conservation | CQ1: Qu3-05_Collaboration| Playgroup / after schools | CR1: Qu3-05_Collaboration| Sport / recreation | CS1: Qu3-05_Collaboration| Relief of poverty | CT1: Qu3-05_Collaboration| Human rights / equality | CU1: Qu3-05_Collaboration| Medical / health | CV1: Qu3-05_Collaboration| Cross-border / cross-community | CW1: Qu3-05_Collaboration| Economic development | CX1: Qu3-05_Collaboration| Welfare / benevolent | CY1: Qu3-05_Collaboration| Accommodation / housing | CZ1: Qu3-05_Collaboration| Heritage / historical | DA1: Qu3-05_Collaboration| Research / evaluation | DB1: Qu3-05_Collaboration| Other | DC1: Qu4_01_artform|Dance|Artform | DD1: Qu4_01_artform|Literature|Artform | DE1: Qu4_01_artform|Music|Artform | DF1: Qu4_01_artform|Theatre|Artform | DG1: Qu4_01_artform|Visual Arts|Artform | DH1: Qu4_01_artform|Carnival |Artform | DI1: Qu4_01_artform|Circus|Artform | DJ1: Qu4_01_artform|All artforms|Artform | DK1: Qu4_01_artform|Not artform specific |Artform | DL1: Qu4_02_members|Number of individual members|Fee paying | DM1: Qu4_02_members|Number of individual members|Non-fee paying | DN1: Qu4_02_members|Number of organisation members|Fee paying | DO1: Qu4_02_members|Number of organisation members|Non-fee paying | DP1: Qu4_3_activity type|Specialist support (e.g. mentoring, lobbying, consultancy)|yes | DQ1: Qu4_3_activity type|Specialist support (e.g. mentoring, lobbying, consultancy)|no | DR1: Qu4_3_activity type|Artist bursaries|yes | DS1: Qu4_3_activity type|Artist bursaries|no | DT1: Qu4_3_activity type|Marketing or promotional support (e.g. website development, segmentation analysis, customer targeting support )|yes | DU1: Qu4_3_activity type|Marketing or promotional support (e.g. website development, segmentation analysis, customer targeting support )|no | DV1: Qu4_3_activity type|Filming, photography or documenting services (not equipment hire)|yes | DW1: Qu4_3_activity type|Filming, photography or documenting services (not equipment hire)|no | DX1: Qu4_3_activity type|Archive or resource services|yes | DY1: Qu4_3_activity type|Archive or resource services|no | DZ1: Qu4_3_activity type|Arranged talks, readings or performances by professional artists|yes | EA1: Qu4_3_activity type|Arranged talks, readings or performances by professional artists|no | EB1: Qu4_3_activity type|Training (including courses and lectures to support artists professional development)|yes | EC1: Qu4_3_activity type|Training (including courses and lectures to support artists professional development)|no | ED1: Qu4_3_activity type|Journal or publication|yes | EE1: Qu4_3_activity type|Journal or publication|no | EF1: Qu4_3_activity type|Venue hire (e.g. studios, rehearsals or exhibition space)|yes | EG1: Qu4_3_activity type|Venue hire (e.g. studios, rehearsals or exhibition space)|no | EH1: Qu4_3_activity type|Arranged residencies|yes | EI1: Qu4_3_activity type|Arranged residencies|no | EJ1: Qu4_3_activity type|Equipment (e.g. screens, projectors, media players and audio equipment)|yes | EK1: Qu4_3_activity type|Equipment (e.g. screens, projectors, media players and audio equipment)|no | EL1: Qu4_3_activity type|Other|yes | EM1: Qu4_3_activity type|Other|no | EN1: Qu4_3_activity type|Specialist support (e.g. mentoring, lobbying, consultancy)|Number of services provided | EO1: Qu4_3_activity type|Artist bursaries|Number of services provided | EP1: Qu4_3_activity type|Marketing or promotional support (e.g. website development, segmentation analysis, customer targeting support )|Number of services provided | EQ1: Qu4_3_activity type|Filming, photography or documenting services (not equipment hire)|Number of services provided | ER1: Qu4_3_activity type|Archive or resource services|Number of services provided | ES1: Qu4_3_activity type|Arranged talks, readings or performances by professional artists|Number of services provided | ET1: Qu4_3_activity type|Training (including courses and lectures to support artists professional development)|Number of services provided | EU1: Qu4_3_activity type|Journal or publication|Number of services provided | EV1: Qu4_3_activity type|Venue hire (e.g. studios, rehearsals or exhibition space)|Number of services provided | EW1: Qu4_3_activity type|Arranged residencies|Number of services provided | EX1: Qu4_3_activity type|Equipment (e.g. screens, projectors, media players and audio equipment)|Number of services provided | EY1: Qu4_3_activity type|Other|Number of services provided | EZ1: Qu4_3_activity type|Specialist support (e.g. mentoring, lobbying, consultancy)|Number of individuals supported | FA1: Qu4_3_activity type|Artist bursaries|Number of individuals supported | FB1: Qu4_3_activity type|Marketing or promotional support (e.g. website development, segmentation analysis, customer targeting support )|Number of individuals supported | FC1: Qu4_3_activity type|Filming, photography or documenting services (not equipment hire)|Number of individuals supported | FD1: Qu4_3_activity type|Archive or resource services|Number of individuals supported | FE1: Qu4_3_activity type|Arranged talks, readings or performances by professional artists|Number of individuals supported | FF1: Qu4_3_activity type|Training (including courses and lectures to support artists professional development)|Number of individuals supported | FG1: Qu4_3_activity type|Journal or publication|Number of individuals supported | FH1: Qu4_3_activity type|Venue hire (e.g. studios, rehearsals or exhibition space)|Number of individuals supported | FI1: Qu4_3_activity type|Arranged residencies|Number of individuals supported | FJ1: Qu4_3_activity type|Equipment (e.g. screens, projectors, media players and audio equipment)|Number of individuals supported | FK1: Qu4_3_activity type|Other|Number of individuals supported | FL1: Qu5-01_PublishNewTitles| Number of new titles |Total | FM1: Qu5-01_PublishNewTitles| Book sales -- new titles |Total | FN1: Qu5-01_PublishNewTitles| Book distribution -- new titles |Total | FO1: Qu5-02_PublishBacklist| Total number of backlist titles |Total | FP1: Qu5-02_PublishBacklist| Book sales -- backlist titles |Total | FQ1: Qu5-02_PublishBacklist| Book distribution -- backlist titles |Total | FR1: Qu5-03_PublishE-Books| Number of new e-book titles |Total | FS1: Qu5-03_PublishE-Books| Book sales / downloads -- new e-book titles |Total | FT1: Qu5-03_PublishE-Books| Book sales / downloads -- backlist e-book titles |Total | FU1: Qu5-04_PublishMethods| Large print |Tick (where applicable) | FV1: Qu5-04_PublishMethods| Talking books |Tick (where applicable) | FW1: Qu5-04_PublishMethods| Braille |Tick (where applicable) | FX1: Qu5-04_PublishMethods| Other |Tick (where applicable) | FY1: Qu5-04_PublishMethods| None |Tick (where applicable) | FZ1: LA Base | GB1: Disability Access Totals | GC1: Disability, perform | GD1: Disability, participation | GE1: Disability, exhibition | GF1: Captioning | GG1: British Sign Language | GH1: Irish Sign Language | GI1: Audio Described | GJ1: Hearing Support Loop | GK1: Large Print / Braille / Menus | GL1: Wheelchair Access | GM1: Relaxed Performances | GN1: Sum of collaborations | GO1: Sum of known and estimated | GP1: LA Base2 | GQ1: Total exhibition | GR1: Total performance | GS1: Total participation | GT1: Total festivals | GU1: Total engagemenet | GV1: Total number of activities
A2: All organisations | B2: 109 | C2: 0 | D2: 0 | E2: 0 | F2: 0 | G2: 0 | H2: 0 | I2: 0 | J2: 13541192 | K2: 0 | L2: 0 | M2: 0 | N2: 0 | O2: 7485 | P2: 38945 | Q2: 720 | R2: 452 | S2: 1759 | T2: 960600 | U2: 1766378 | V2: 276904 | W2: 178540 | X2: 257029 | Y2: 684008 | Z2: 122361 | AA2: 1630574 | AB2: 2632071 | AC2: 3315316 | AD2: 560 | AE2: 558 | AF2: 521 | AG2: 547 | AH2: 2368 | AI2: 906 | AJ2: 7470 | AK2: 883 | AL2: 7610 | AM2: 515 | AN2: 489 | AO2: 714 | AP2: 9406 | AQ2: 8818 | AR2: 44583 | AS2: 1504 | AT2: 10 | AU2: 0 | AV2: 0 | AW2: 39 | AX2: 43 | AY2: 29 | AZ2: 18960 | BA2: 51 | BB2: 1 | BC2: 5 | BD2: 3 | BE2: 62 | BF2: 2 | BG2: 0 | BH2: 25 | BI2: 13 | BJ2: 3 | BK2: 17 | BL2: 3 | BM2: 4 | BN2: 157 | BO2: 29 | BP2: 2018 | BQ2: 212 | BR2: 1137324 | BS2: 728499 | BT2: 101533 | BU2: 105249 | BV2: 12525207 | BW2: 3.430356 | BX2: 0.11434037 | BY2: 0.065012844 | BZ2: 0.28723486 | CA2: 0.03492844 | CB2: 0.12263945 | CC2: 0.39136606 | CD2: 0.029730275 | CE2: 61 | CF2: 50 | CG2: 14 | CH2: 2 | CI2: 35 | CJ2: 5 | CK2: 9 | CL2: 13 | CM2: 59 | CN2: 6 | CO2: 6 | CP2: 4 | CQ2: 10 | CR2: 0 | CS2: 3 | CT2: 10 | CU2: 7 | CV2: 35 | CW2: 6 | CX2: 2 | CY2: 2 | CZ2: 17 | DA2: 6 | DB2: 6 | DC2: 3 | DD2: 1 | DE2: 3 | DF2: 0 | DG2: 2 | DH2: 0 | DI2: 0 | DJ2: 4 | DK2: 2 | DL2: 1369 | DM2: 3800 | DN2: 338 | DO2: 804 | DP2: 11 | DQ2: 0 | DR2: 5 | DS2: 5 | DT2: 7 | DU2: 2 | DV2: 5 | DW2: 4 | DX2: 5 | DY2: 5 | DZ2: 8 | EA2: 3 | EB2: 12 | EC2: 0 | ED2: 6 | EE2: 4 | EF2: 6 | EG2: 4 | EH2: 5 | EI2: 5 | EJ2: 3 | EK2: 5 | EL2: 3 | EM2: 0 | EN2: 2377 | EO2: 27 | EP2: 33 | EQ2: 19 | ER2: 32 | ES2: 140 | ET2: 188 | EU2: 169 | EV2: 479 | EW2: 146 | EX2: 35 | EY2: 1511 | EZ2: 2370 | FA2: 225 | FB2: 592 | FC2: 1438 | FD2: 164135 | FE2: 2719 | FF2: 1898 | FG2: 51201 | FH2: 566 | FI2: 5060 | FJ2: 101 | FK2: 9289 | FL2: 21 | FM2: 10256 | FN2: 4260 | FO2: 198 | FP2: 986 | FQ2: 27 | FR2: 5 | FS2: 10 | FT2: 2079 | FU2: 1 | FV2: 1 | FW2: 0 | FX2: 2 | FY2: 7 | GB2: 109138 | GC2: 13813 | GD2: 73639 | GE2: 19132 | GF2: 8180 | GG2: 1073 | GH2: 1010 | GI2: 1300 | GJ2: 11817 | GK2: 9753 | GL2: 71013 | GM2: 2438 | GN2: 368 | GO2: 5876394 | GQ2: 941037 | GR2: 2726978 | GS2: 455444 | GT2: 1752935 | GU2: 5876394 | GV2: 47602
A3: Small | B3: 54 | C3: 0 | D3: 0 | E3: 0 | F3: 0 | G3: 0 | H3: 0 | I3: 0 | J3: 2996364 | K3: 0 | L3: 0 | M3: 0 | N3: 0 | O3: 2176 | P3: 11836 | Q3: 133 | R3: 159 | S3: 70 | T3: 83731 | U3: 938552 | V3: 74957 | W3: 25588 | X3: 75009 | Y3: 108588 | Z3: 12631 | AA3: 232868 | AB3: 2905 | AC3: 1090466 | AD3: 33 | AE3: 16 | AF3: 10 | AG3: 23 | AH3: 113 | AI3: 33 | AJ3: 1304 | AK3: 350 | AL3: 7476 | AM3: 484 | AN3: 459 | AO3: 676 | AP3: 207 | AQ3: 657 | AR3: 8702 | AS3: 297 | AT3: 2 | AU3: 0 | AV3: 0 | AW3: 5 | AX3: 1 | AY3: 12 | AZ3: 101 | BA3: 17 | BB3: 1 | BC3: 3 | BD3: 3 | BE3: 62 | BF3: 0 | BG3: 0 | BH3: 17 | BI3: 7 | BJ3: 3 | BK3: 1 | BL3: 1 | BM3: 2 | BN3: 49 | BO3: 6 | BP3: 232 | BQ3: 161 | BR3: 42396 | BS3: 28774 | BT3: 3955 | BU3: 2149 | BV3: 130149.72 | BW3: 1.7766213 | BX3: 0.12987778 | BY3: 0.060192593 | BZ3: 0.26664074 | CA3: 0.024948148 | CB3: 0.10888704 | CC3: 0.39194444 | CD3: 0.023344444 | CE3: 26 | CF3: 20 | CG3: 4 | CH3: 1 | CI3: 17 | CJ3: 3 | CK3: 6 | CL3: 3 | CM3: 32 | CN3: 2 | CO3: 2 | CP3: 2 | CQ3: 3 | CR3: 0 | CS3: 1 | CT3: 5 | CU3: 3 | CV3: 17 | CW3: 5 | CX3: 1 | CY3: 0 | CZ3: 9 | DA3: 3 | DB3: 5 | DC3: 1 | DD3: 0 | DE3: 0 | DF3: 0 | DG3: 1 | DH3: 0 | DI3: 0 | DJ3: 2 | DK3: 0 | DL3: 66 | DM3: 300 | DN3: 40 | DO3: 4 | DP3: 4 | DQ3: 0 | DR3: 3 | DS3: 1 | DT3: 3 | DU3: 1 | DV3: 2 | DW3: 1 | DX3: 1 | DY3: 3 | DZ3: 2 | EA3: 2 | EB3: 4 | EC3: 0 | ED3: 1 | EE3: 3 | EF3: 2 | EG3: 2 | EH3: 2 | EI3: 2 | EJ3: 2 | EK3: 2 | EL3: 2 | EM3: 0 | EN3: 1715 | EO3: 12 | EP3: 8 | EQ3: 5 | ER3: 2 | ES3: 10 | ET3: 10 | EU3: 150 | EV3: 444 | EW3: 2 | EX3: 15 | EY3: 1510 | EZ3: 980 | FA3: 27 | FB3: 256 | FC3: 11 | FD3: 1 | FE3: 792 | FF3: 202 | FG3: 17775 | FH3: 38 | FI3: 30 | FJ3: 10 | FK3: 9288 | FL3: 7 | FM3: 3800 | FN3: 4000 | FO3: 0 | FP3: 0 | FQ3: 0 | FR3: 4 | FS3: 0 | FT3: 2079 | FU3: 0 | FV3: 0 | FW3: 0 | FX3: 1 | FY3: 4 | GB3: 21526 | GC3: 1882 | GD3: 18958 | GE3: 138 | GF3: 7511 | GG3: 500 | GH3: 469 | GI3: 704 | GJ3: 321 | GK3: 702 | GL3: 10107 | GM3: 664 | GN3: 170 | GO3: 1551924 | GQ3: 183597 | GR3: 1022283 | GS3: 100545 | GT3: 245499 | GU3: 1551924 | GV3: 14304
A4: Medium | B4: 47 | C4: 0 | D4: 0 | E4: 0 | F4: 0 | G4: 0 | H4: 0 | I4: 0 | J4: 5919770 | K4: 0 | L4: 0 | M4: 0 | N4: 0 | O4: 3300 | P4: 24778 | Q4: 276 | R4: 240 | S4: 1433 | T4: 168667 | U4: 524362 | V4: 161013 | W4: 90402 | X4: 120850 | Y4: 521420 | Z4: 106149 | AA4: 1361932 | AB4: 2617970 | AC4: 2148500 | AD4: 512 | AE4: 523 | AF4: 510 | AG4: 503 | AH4: 840 | AI4: 639 | AJ4: 4270 | AK4: 526 | AL4: 134 | AM4: 31 | AN4: 30 | AO4: 38 | AP4: 8257 | AQ4: 7955 | AR4: 34565 | AS4: 1207 | AT4: 8 | AU4: 0 | AV4: 0 | AW4: 34 | AX4: 39 | AY4: 17 | AZ4: 18518 | BA4: 34 | BB4: 0 | BC4: 2 | BD4: 0 | BE4: 0 | BF4: 2 | BG4: 0 | BH4: 8 | BI4: 6 | BJ4: 0 | BK4: 16 | BL4: 2 | BM4: 2 | BN4: 25 | BO4: 17 | BP4: 943 | BQ4: 49 | BR4: 283764 | BS4: 149136 | BT4: 42062 | BU4: 21275 | BV4: 1214879.8 | BW4: 3.7777832 | BX4: 0.10871702 | BY4: 0.078 | BZ4: 0.3012766 | CA4: 0.044893617 | CB4: 0.15080426 | CC4: 0.4024234 | CD4: 0.04 | CE4: 28 | CF4: 24 | CG4: 8 | CH4: 1 | CI4: 15 | CJ4: 1 | CK4: 3 | CL4: 9 | CM4: 21 | CN4: 3 | CO4: 4 | CP4: 2 | CQ4: 6 | CR4: 0 | CS4: 2 | CT4: 5 | CU4: 4 | CV4: 15 | CW4: 1 | CX4: 1 | CY4: 2 | CZ4: 7 | DA4: 3 | DB4: 1 | DC4: 2 | DD4: 1 | DE4: 3 | DF4: 0 | DG4: 1 | DH4: 0 | DI4: 0 | DJ4: 2 | DK4: 2 | DL4: 1303 | DM4: 3500 | DN4: 298 | DO4: 800 | DP4: 7 | DQ4: 0 | DR4: 2 | DS4: 4 | DT4: 4 | DU4: 1 | DV4: 3 | DW4: 3 | DX4: 4 | DY4: 2 | DZ4: 6 | EA4: 1 | EB4: 8 | EC4: 0 | ED4: 5 | EE4: 1 | EF4: 4 | EG4: 2 | EH4: 3 | EI4: 3 | EJ4: 1 | EK4: 3 | EL4: 1 | EM4: 0 | EN4: 662 | EO4: 15 | EP4: 25 | EQ4: 14 | ER4: 30 | ES4: 130 | ET4: 178 | EU4: 19 | EV4: 35 | EW4: 144 | EX4: 20 | EY4: 1 | EZ4: 1390 | FA4: 198 | FB4: 336 | FC4: 1427 | FD4: 164134 | FE4: 1927 | FF4: 1696 | FG4: 33426 | FH4: 528 | FI4: 5030 | FJ4: 91 | FK4: 1 | FL4: 14 | FM4: 6456 | FN4: 260 | FO4: 198 | FP4: 986 | FQ4: 27 | FR4: 1 | FS4: 10 | FT4: 0 | FU4: 1 | FV4: 1 | FW4: 0 | FX4: 1 | FY4: 2 | GB4: 80262 | GC4: 8323 | GD4: 52217 | GE4: 18650 | GF4: 654 | GG4: 554 | GH4: 540 | GI4: 575 | GJ4: 9136 | GK4: 8611 | GL4: 57353 | GM4: 1767 | GN4: 166 | GO4: 3054795 | GQ4: 642270 | GR4: 693029 | GS4: 251415 | GT4: 1468081 | GU4: 3054795 | GV4: 28594
A5: Large | B5: 8 | C5: 0 | D5: 0 | E5: 0 | F5: 0 | G5: 0 | H5: 0 | I5: 0 | J5: 4625058 | K5: 0 | L5: 0 | M5: 0 | N5: 0 | O5: 2009 | P5: 2331 | Q5: 311 | R5: 53 | S5: 256 | T5: 708202 | U5: 303464 | V5: 40934 | W5: 62550 | X5: 61170 | Y5: 54000 | Z5: 3581 | AA5: 35774 | AB5: 11196 | AC5: 76350 | AD5: 15 | AE5: 19 | AF5: 1 | AG5: 21 | AH5: 1415 | AI5: 234 | AJ5: 1896 | AK5: 7 | AL5: 0 | AM5: 0 | AN5: 0 | AO5: 0 | AP5: 942 | AQ5: 206 | AR5: 1316 | AS5: 0 | AT5: 0 | AU5: 0 | AV5: 0 | AW5: 0 | AX5: 3 | AY5: 0 | AZ5: 341 | BA5: 0 | BB5: 0 | BC5: 0 | BD5: 0 | BE5: 0 | BF5: 0 | BG5: 0 | BH5: 0 | BI5: 0 | BJ5: 0 | BK5: 0 | BL5: 0 | BM5: 0 | BN5: 83 | BO5: 6 | BP5: 843 | BQ5: 2 | BR5: 811164 | BS5: 550589 | BT5: 55516 | BU5: 81825 | BV5: 11180178 | BW5: 12.642726 | BX5: 0.0425 | BY5: 0.02125 | BZ5: 0.34375 | CA5: 0.04375 | CB5: 0.05 | CC5: 0.3225 | CD5: 0.0125 | CE5: 7 | CF5: 6 | CG5: 2 | CH5: 0 | CI5: 3 | CJ5: 1 | CK5: 0 | CL5: 1 | CM5: 6 | CN5: 1 | CO5: 0 | CP5: 0 | CQ5: 1 | CR5: 0 | CS5: 0 | CT5: 0 | CU5: 0 | CV5: 3 | CW5: 0 | CX5: 0 | CY5: 0 | CZ5: 1 | DA5: 0 | DB5: 0 | DC5: 0 | DD5: 0 | DE5: 0 | DF5: 0 | DG5: 0 | DH5: 0 | DI5: 0 | DJ5: 0 | DK5: 0 | DL5: 0 | DM5: 0 | DN5: 0 | DO5: 0 | DP5: 0 | DQ5: 0 | DR5: 0 | DS5: 0 | DT5: 0 | DU5: 0 | DV5: 0 | DW5: 0 | DX5: 0 | DY5: 0 | DZ5: 0 | EA5: 0 | EB5: 0 | EC5: 0 | ED5: 0 | EE5: 0 | EF5: 0 | EG5: 0 | EH5: 0 | EI5: 0 | EJ5: 0 | EK5: 0 | EL5: 0 | EM5: 0 | EN5: 0 | EO5: 0 | EP5: 0 | EQ5: 0 | ER5: 0 | ES5: 0 | ET5: 0 | EU5: 0 | EV5: 0 | EW5: 0 | EX5: 0 | EY5: 0 | EZ5: 0 | FA5: 0 | FB5: 0 | FC5: 0 | FD5: 0 | FE5: 0 | FF5: 0 | FG5: 0 | FH5: 0 | FI5: 0 | FJ5: 0 | FK5: 0 | FL5: 0 | FM5: 0 | FN5: 0 | FO5: 0 | FP5: 0 | FQ5: 0 | FR5: 0 | FS5: 0 | FT5: 0 | FU5: 0 | FV5: 0 | FW5: 0 | FX5: 0 | FY5: 1 | GB5: 7350 | GC5: 3608 | GD5: 2464 | GE5: 344 | GF5: 15 | GG5: 19 | GH5: 1 | GI5: 21 | GJ5: 2360 | GK5: 440 | GL5: 3553 | GM5: 7 | GN5: 32 | GO5: 1269675 | GQ5: 115170 | GR5: 1011666 | GS5: 103484 | GT5: 39355 | GU5: 1269675 | GV5: 4704

Sheet 2016A
A1: Name | B1: Number of Organisations | C1: ID | D1: Fund | E1: reference number | F1: Staff Person | G1: Type | H1: Status | I1: Organisation Size | J1: award | K1: Programming | L1: request | M1: cost | N1: artform | O1: Q3_01 Attendance| Performances | Number of activities | P1: Q3_01 Attendance| Participation | Number of activities | Q1: Q3_01 Attendance| Exhibitions | Number of activities | R1: Q3_01 Attendance| Festivals | Number of activities | S1: Q3_01 Attendance| Broadcasts (TV, Radio or on-line) | Number of activities | T1: Q3_01 Attendance| Performances | Engagement | Known | U1: Q3_01 Attendance| Performances | Engagement | Estimated | V1: Q3_01 Attendance| Participation | Engagement | Known | W1: Q3_01 Attendance| Participation | Engagement | Estimated | X1: Q3_01 Attendance| Exhibitions | Engagement | Known | Y1: Q3_01 Attendance| Exhibitions | Engagement | Estimated | Z1: Q3_01 Attendance| Festivals | Engagement | Known | AA1: Q3_01 Attendance| Festivals | Engagement | Estimated | AB1: Q3_01 Attendance| Broadcasts (TV, Radio or on-line) | Engagement | Known | AC1: Q3_01 Attendance| Broadcasts (TV, Radio or on-line) | Engagement | Estimated | AD1: Qu3-02_ACCESSIBILITY|Captioning|Performances|Offered | AE1: Qu3-02_ACCESSIBILITY|British Sign Language|Performances|Offered | AF1: Qu3-02_ACCESSIBILITY|Irish Sign Language|Performances|Offered | AG1: Qu3-02_ACCESSIBILITY|Audio described|Performances|Offered | AH1: Qu3-02_ACCESSIBILITY|Hearing support loop|Performances|Offered | AI1: Qu3-02_ACCESSIBILITY|Large print / braille for programmes / menus|Performances|Offered | AJ1: Qu3-02_ACCESSIBILITY|Wheelchair access|Performances|Offered | AK1: Qu3-02_ACCESSIBILITY|Relaxed performances|Performances|Offered | AL1: Qu3-02_ACCESSIBILITY|Captioning|Participations|Offered | AM1: Qu3-02_ACCESSIBILITY|British Sign Language|Participations|Offered | AN1: Qu3-02_ACCESSIBILITY|Irish Sign Language|Participations|Offered | AO1: Qu3-02_ACCESSIBILITY|Audio described|Participations|Offered | AP1: Qu3-02_ACCESSIBILITY|Hearing support loop|Participations|Offered | AQ1: Qu3-02_ACCESSIBILITY|Large print / braille for programmes / menus|Participations|Offered | AR1: Qu3-02_ACCESSIBILITY|Wheelchair access|Participations|Offered | AS1: Qu3-02_ACCESSIBILITY|Relaxed performances|Participations|Offered | AT1: Qu3-02_ACCESSIBILITY|Captioning|Exhibitions|Offered | AU1: Qu3-02_ACCESSIBILITY|British Sign Language|Exhibitions|Offered | AV1: Qu3-02_ACCESSIBILITY|Irish Sign Language|Exhibitions|Offered | AW1: Qu3-02_ACCESSIBILITY|Audio described|Exhibitions|Offered | AX1: Qu3-02_ACCESSIBILITY|Hearing support loop|Exhibitions|Offered | AY1: Qu3-02_ACCESSIBILITY|Large print / braille for programmes / menus|Exhibitions|Offered | AZ1: Qu3-02_ACCESSIBILITY|Wheelchair access|Exhibitions|Offered | BA1: Qu3-02_ACCESSIBILITY|Relaxed performances|Exhibitions|Offered | BB1: Qu3-02_ACCESSIBILITY|Captioning|Broadcasts|Offered | BC1: Qu3-02_ACCESSIBILITY|British Sign Language|Broadcasts|Offered | BD1: Qu3-02_ACCESSIBILITY|Irish Sign Language|Broadcasts|Offered | BE1: Qu3-02_ACCESSIBILITY|Audio described|Broadcasts|Offered | BF1: Qu3-02_ACCESSIBILITY|Hearing support loop|Broadcasts|Offered | BG1: Qu3-02_ACCESSIBILITY|Large print / braille for programmes / menus|Broadcasts|Offered | BH1: Qu3-02_ACCESSIBILITY|Wheelchair access|Broadcasts|Offered | BI1: Qu3-02_ACCESSIBILITY|Relaxed performances|Broadcasts|Offered | BJ1: Qu3-02_ACCESSIBILITY|Captioning|Festivals|Offered | BK1: Qu3-02_ACCESSIBILITY|British Sign Language|Festivals|Offered | BL1: Qu3-02_ACCESSIBILITY|Irish Sign Language|Festivals|Offered | BM1: Qu3-02_ACCESSIBILITY|Audio described|Festivals|Offered | BN1: Qu3-02_ACCESSIBILITY|Hearing support loop|Festivals|Offered | BO1: Qu3-02_ACCESSIBILITY|Large print / braille for programmes / menus|Festivals|Offered | BP1: Qu3-02_ACCESSIBILITY|Wheelchair access|Festivals|Offered | BQ1: Qu3-02_ACCESSIBILITY|Relaxed performances|Festivals|Offered | BR1: Qu3-03_PerformancesTicketing| Total Number of Tickets Available |Total | BS1: Qu3-03_PerformancesTicketing| Total Number of Full-price Tickets Sold |Total | BT1: Qu3-03_PerformancesTicketing| Number of Complimentary Tickets Given |Total | BU1: Qu3-03_PerformancesTicketing| Number of Concessionary / Discounted Tickets Used |Total | BV1: Qu3-03_PerformancesTicketing| Total Ticket Yield (Gross Ticket Income) (£) |Total | BW1: Qu3-03_PerformancesTicketing| Average Ticket Yield (£) |Total | BX1: Qu3-04_GroupTarget|People with a physical or mental impairment|% programme activity | BY1: Qu3-04_GroupTarget|Ethnic minorities|% programme activity | BZ1: Qu3-04_GroupTarget|Deprived neighbourhoods|% programme activity | CA1: Qu3-04_GroupTarget|LGBT community|% programme activity | CB1: Qu3-04_GroupTarget|Older people (aged 65+)|% programme activity | CC1: Qu3-04_GroupTarget|Children and young people (aged 0 - 24)|% programme activity | CD1: Qu3-04_GroupTarget|Offenders / ex-offenders|% programme activity | CE1: Qu3-05_Collaboration| Community development | CF1: Qu3-05_Collaboration| Youth work / development | CG1: Qu3-05_Collaboration| LGBT | CH1: Qu3-05_Collaboration| Counselling / support | CI1: Qu3-05_Collaboration| Disability | CJ1: Qu3-05_Collaboration| Gender | CK1: Qu3-05_Collaboration| Volunteering development | CL1: Qu3-05_Collaboration| General charitable purposes | CM1: Qu3-05_Collaboration| Education / training | CN1: Qu3-05_Collaboration| Criminal justice | CO1: Qu3-05_Collaboration| Rural development | CP1: Qu3-05_Collaboration| Environment / conservation | CQ1: Qu3-05_Collaboration| Playgroup / after schools | CR1: Qu3-05_Collaboration| Sport / recreation | CS1: Qu3-05_Collaboration| Relief of poverty | CT1: Qu3-05_Collaboration| Human rights / equality | CU1: Qu3-05_Collaboration| Medical / health | CV1: Qu3-05_Collaboration| Cross-border / cross-community | CW1: Qu3-05_Collaboration| Economic development | CX1: Qu3-05_Collaboration| Welfare / benevolent | CY1: Qu3-05_Collaboration| Accommodation / housing | CZ1: Qu3-05_Collaboration| Heritage / historical | DA1: Qu3-05_Collaboration| Research / evaluation | DB1: Qu3-05_Collaboration| Other | DC1: Qu4_01_artform|Dance|Artform | DD1: Qu4_01_artform|Literature|Artform | DE1: Qu4_01_artform|Music|Artform | DF1: Qu4_01_artform|Theatre|Artform | DG1: Qu4_01_artform|Visual Arts|Artform | DH1: Qu4_01_artform|Carnival |Artform | DI1: Qu4_01_artform|Circus|Artform | DJ1: Qu4_01_artform|All artforms|Artform | DK1: Qu4_01_artform|Not artform specific |Artform | DL1: Qu4_02_members|Number of individual members|Fee paying | DM1: Qu4_02_members|Number of individual members|Non-fee paying | DN1: Qu4_02_members|Number of organisation members|Fee paying | DO1: Qu4_02_members|Number of organisation members|Non-fee paying | DP1: Qu4_3_activity type|Specialist support (e.g. mentoring, lobbying, consultancy)|YES | DQ1: Qu4_3_activity type|Specialist support (e.g. mentoring, lobbying, consultancy)|NO | DR1: Qu4_3_activity type|Artist bursaries|YES | DS1: Qu4_3_activity type|Artist bursaries|NO | DT1: Qu4_3_activity type|Marketing or promotional support (e.g. website development, segmentation analysis, customer targeting support )|YES | DU1: Qu4_3_activity type|Marketing or promotional support (e.g. website development, segmentation analysis, customer targeting support )|NO | DV1: Qu4_3_activity type|Filming, photography or documenting services (not equipment hire)|YES | DW1: Qu4_3_activity type|Filming, photography or documenting services (not equipment hire)|NO | DX1: Qu4_3_activity type|Archive or resource services|yes | DY1: Qu4_3_activity type|Archive or resource services|no | DZ1: Qu4_3_activity type|Arranged talks, readings or performances by professional artists|YES | EA1: Qu4_3_activity type|Arranged talks, readings or performances by professional artists|NO | EB1: Qu4_3_activity type|Training (including courses and lectures to support artists professional development)|YES | EC1: Qu4_3_activity type|Training (including courses and lectures to support artists professional development)|NO | ED1: Qu4_3_activity type|Journal or publication|YES | EE1: Qu4_3_activity type|Journal or publication|NO | EF1: Qu4_3_activity type|Venue hire (e.g. studios, rehearsals or exhibition space)|YES | EG1: Qu4_3_activity type|Venue hire (e.g. studios, rehearsals or exhibition space)|NO | EH1: Qu4_3_activity type|Arranged residencies|YES | EI1: Qu4_3_activity type|Arranged residencies|NO | EJ1: Qu4_3_activity type|Equipment (e.g. screens, projectors, media players and audio equipment)|YES | EK1: Qu4_3_activity type|Equipment (e.g. screens, projectors, media players and audio equipment)|NO | EL1: Qu4_3_activity type|Other|YES | EM1: Qu4_3_activity type|Other|NO | EN1: Qu4_3_activity type|Specialist support (e.g. mentoring, lobbying, consultancy)|Number of services provided | EO1: Qu4_3_activity type|Artist bursaries|Number of services provided | EP1: Qu4_3_activity type|Marketing or promotional support (e.g. website development, segmentation analysis, customer targeting support )|Number of services provided | EQ1: Qu4_3_activity type|Filming, photography or documenting services (not equipment hire)|Number of services provided | ER1: Qu4_3_activity type|Archive or resource services|Number of services provided | ES1: Qu4_3_activity type|Arranged talks, readings or performances by professional artists|Number of services provided | ET1: Qu4_3_activity type|Training (including courses and lectures to support artists professional development)|Number of services provided | EU1: Qu4_3_activity type|Journal or publication|Number of services provided | EV1: Qu4_3_activity type|Venue hire (e.g. studios, rehearsals or exhibition space)|Number of services provided | EW1: Qu4_3_activity type|Arranged residencies|Number of services provided | EX1: Qu4_3_activity type|Equipment (e.g. screens, projectors, media players and audio equipment)|Number of services provided | EY1: Qu4_3_activity type|Other|Number of services provided | EZ1: Qu4_3_activity type|Specialist support (e.g. mentoring, lobbying, consultancy)|Number of organisations/individuals supported | FA1: Qu4_3_activity type|Artist bursaries|Number of organisations/individuals supported | FB1: Qu4_3_activity type|Marketing or promotional support (e.g. website development, segmentation analysis, customer targeting support )|Number of organisations/individuals supported | FC1: Qu4_3_activity type|Filming, photography or documenting services (not equipment hire)|Number of organisations/individuals supported | FD1: Qu4_3_activity type|Archive or resource services|Number of individuals supported | FE1: Qu4_3_activity type|Arranged talks, readings or performances by professional artists|Number of organisations/individuals supported | FF1: Qu4_3_activity type|Training (including courses and lectures to support artists professional development)|Number of organisations/individuals supported | FG1: Qu4_3_activity type|Journal or publication|Number of organisations/individuals supported | FH1: Qu4_3_activity type|Venue hire (e.g. studios, rehearsals or exhibition space)|Number of organisations/individuals supported | FI1: Qu4_3_activity type|Arranged residencies|Number of organisations/individuals supported | FJ1: Qu4_3_activity type|Equipment (e.g. screens, projectors, media players and audio equipment)|Number of organisations/individuals supported | FK1: Qu4_3_activity type|Other|Number of organisations/individuals supported | FL1: Qu5-01_PublishNewTitles| Number of new titles |Total | FM1: Qu5-01_PublishNewTitles| Book sales -- new titles |Total | FN1: Qu5-01_PublishNewTitles| Book distribution -- new titles |Total | FO1: Qu5-02_PublishBacklist| Total number of backlist titles |Total | FP1: Qu5-02_PublishBacklist| Book sales -- backlist titles |Total | FQ1: Qu5-02_PublishBacklist| Book distribution -- backlist titles |Total | FR1: Qu5-03_PublishE-Books| Number of new e-book titles |Total | FS1: Qu5-03_PublishE-Books| Book sales / downloads -- new e-book titles |Total | FT1: Qu5-03_PublishE-Books| Book sales / downloads -- backlist e-book titles |Total | FU1: Qu5-04_PublishMethods| Large print |Tick (where applicable) | FV1: Qu5-04_PublishMethods| Talking books |Tick (where applicable) | FW1: Qu5-04_PublishMethods| Braille |Tick (where applicable) | FX1: Qu5-04_PublishMethods| Other |Tick (where applicable) | FY1: Qu5-04_PublishMethods| None |Tick (where applicable) | FZ1: LA Base | GA1: LA Alternate
A2: All organisations | B2: 107 | C2: 0 | D2: 0 | E2: 0 | F2: 0 | G2: 0 | H2: 0 | I2: 0 | J2: 8813357 | K2: 0 | L2: 0 | M2: 0 | O2: 8276 | P2: 39038 | Q2: 821 | R2: 915 | S2: 2364 | T2: 796146 | U2: 1537896 | V2: 380173 | W2: 483072 | X2: 194944 | Y2: 433396 | Z2: 159477 | AA2: 519088 | AB2: 4258301 | AC2: 11780376 | AD2: 314 | AE2: 223 | AF2: 182 | AG2: 459 | AH2: 3259 | AI2: 697 | AJ2: 8273 | AK2: 1301 | AL2: 5699 | AM2: 1061 | AN2: 1000 | AO2: 444 | AP2: 2463 | AQ2: 1924 | AR2: 31021 | AS2: 10975 | AT2: 40 | AU2: 21 | AV2: 21 | AW2: 20 | AX2: 69 | AY2: 80 | AZ2: 681 | BA2: 75 | BB2: 32 | BC2: 4 | BD2: 0 | BE2: 4 | BF2: 1 | BG2: 0 | BH2: 45 | BI2: 15 | BJ2: 107 | BK2: 123 | BL2: 109 | BM2: 141 | BN2: 295 | BO2: 142 | BP2: 1799 | BQ2: 496 | BR2: 1330464 | BS2: 828419 | BT2: 102300 | BU2: 134389 | BV2: 13601032 | BW2: 6.3927981 | BX2: 0.11152336 | BY2: 0.065448598 | BZ2: 0.29009346 | CA2: 0.041018692 | CB2: 0.13083178 | CC2: 0.37042991 | CD2: 0.0175 | CE2: 55 | CF2: 43 | CG2: 15 | CH2: 2 | CI2: 33 | CJ2: 9 | CK2: 10 | CL2: 11 | CM2: 57 | CN2: 5 | CO2: 8 | CP2: 3 | CQ2: 10 | CR2: 1 | CS2: 3 | CT2: 5 | CU2: 12 | CV2: 37 | CW2: 5 | CX2: 2 | CY2: 2 | CZ2: 20 | DA2: 8 | DB2: 7 | DC2: 16 | DD2: 10 | DE2: 22 | DF2: 16 | DG2: 21 | DH2: 7 | DI2: 5 | DJ2: 0 | DK2: 6 | DL2: 1819 | DM2: 4395 | DN2: 330 | DO2: 706 | DP2: 30 | DQ2: 8 | DR2: 13 | DS2: 19 | DT2: 20 | DU2: 16 | DV2: 10 | DW2: 18 | DX2: 0 | DY2: 0 | DZ2: 32 | EA2: 7 | EB2: 23 | EC2: 10 | ED2: 14 | EE2: 14 | EF2: 21 | EG2: 12 | EH2: 14 | EI2: 16 | EJ2: 20 | EK2: 13 | EL2: 7 | EM2: 14 | EN2: 0 | EO2: 0 | EP2: 0 | EQ2: 0 | ER2: 0 | ES2: 0 | ET2: 0 | EU2: 0 | EV2: 0 | EW2: 0 | EX2: 0 | EY2: 0 | EZ2: 8440 | FA2: 128 | FB2: 12427 | FC2: 379 | FD2: 0 | FE2: 1278 | FF2: 4035 | FG2: 21404 | FH2: 4803 | FI2: 53 | FJ2: 4490 | FK2: 9827 | FL2: 13 | FM2: 11729 | FN2: 11526 | FO2: 195 | FP2: 974 | FQ2: 1265 | FR2: 4 | FS2: 1735 | FT2: 0 | FU2: 0 | FV2: 0 | FW2: 0 | FX2: 2 | FY2: 4
A3: Small | B3: 48 | C3: 0 | D3: 0 | E3: 0 | F3: 0 | G3: 0 | H3: 0 | I3: 0 | J3: 1612693 | K3: 0 | L3: 0 | M3: 0 | O3: 2181 | P3: 11246 | Q3: 166 | R3: 106 | S3: 282 | T3: 62506 | U3: 664143 | V3: 147616 | W3: 240051 | X3: 12642 | Y3: 79233 | Z3: 5660 | AA3: 150710 | AB3: 9206 | AC3: 9713692 | AD3: 18 | AE3: 24 | AF3: 19 | AG3: 8 | AH3: 187 | AI3: 50 | AJ3: 958 | AK3: 330 | AL3: 3699 | AM3: 230 | AN3: 228 | AO3: 2 | AP3: 55 | AQ3: 826 | AR3: 8272 | AS3: 494 | AT3: 1 | AU3: 8 | AV3: 7 | AW3: 0 | AX3: 11 | AY3: 21 | AZ3: 150 | BA3: 6 | BB3: 0 | BC3: 0 | BD3: 0 | BE3: 0 | BF3: 0 | BG3: 0 | BH3: 40 | BI3: 15 | BJ3: 0 | BK3: 4 | BL3: 0 | BM3: 4 | BN3: 4 | BO3: 3 | BP3: 108 | BQ3: 54 | BR3: 57019 | BS3: 34843 | BT3: 5829 | BU3: 4467 | BV3: 307834.53 | BW3: 4.5045799 | BX3: 0.1180625 | BY3: 0.067875 | BZ3: 0.24614583 | CA3: 0.020291667 | CB3: 0.12133333 | CC3: 0.35589583 | CD3: 0.012083333 | CE3: 19 | CF3: 17 | CG3: 6 | CH3: 1 | CI3: 12 | CJ3: 4 | CK3: 3 | CL3: 5 | CM3: 24 | CN3: 3 | CO3: 6 | CP3: 1 | CQ3: 4 | CR3: 1 | CS3: 1 | CT3: 3 | CU3: 3 | CV3: 14 | CW3: 2 | CX3: 0 | CY3: 1 | CZ3: 6 | DA3: 6 | DB3: 7 | DC3: 5 | DD3: 0 | DE3: 5 | DF3: 3 | DG3: 5 | DH3: 0 | DI3: 1 | DJ3: 0 | DK3: 2 | DL3: 674 | DM3: 3955 | DN3: 126 | DO3: 92 | DP3: 11 | DQ3: 3 | DR3: 6 | DS3: 5 | DT3: 8 | DU3: 5 | DV3: 2 | DW3: 5 | DX3: 0 | DY3: 0 | DZ3: 11 | EA3: 4 | EB3: 9 | EC3: 2 | ED3: 4 | EE3: 5 | EF3: 6 | EG3: 4 | EH3: 4 | EI3: 5 | EJ3: 7 | EK3: 4 | EL3: 4 | EM3: 4 | EN3: 0 | EO3: 0 | EP3: 0 | EQ3: 0 | ER3: 0 | ES3: 0 | ET3: 0 | EU3: 0 | EV3: 0 | EW3: 0 | EX3: 0 | EY3: 0 | EZ3: 1180 | FA3: 51 | FB3: 7459 | FC3: 3 | FD3: 0 | FE3: 167 | FF3: 1824 | FG3: 16042 | FH3: 185 | FI3: 12 | FJ3: 3753 | FK3: 8800 | FL3: 7 | FM3: 6529 | FN3: 6026 | FO3: 2 | FP3: 500 | FQ3: 1000 | FR3: 4 | FS3: 1735 | FT3: 0 | FU3: 0 | FV3: 0 | FW3: 0 | FX3: 2 | FY3: 2
A4: Medium | B4: 49 | C4: 0 | D4: 0 | E4: 0 | F4: 0 | G4: 0 | H4: 0 | I4: 0 | J4: 3831429 | K4: 0 | L4: 0 | M4: 0 | O4: 3671 | P4: 25131 | Q4: 358 | R4: 377 | S4: 525 | T4: 236093 | U4: 745688 | V4: 196641 | W4: 219306 | X4: 97722 | Y4: 176663 | Z4: 120077 | AA4: 291963 | AB4: 249095 | AC4: 1029346 | AD4: 133 | AE4: 31 | AF4: 12 | AG4: 286 | AH4: 1284 | AI4: 164 | AJ4: 5040 | AK4: 950 | AL4: 2000 | AM4: 274 | AN4: 215 | AO4: 442 | AP4: 1435 | AQ4: 541 | AR4: 21049 | AS4: 10476 | AT4: 39 | AU4: 13 | AV4: 14 | AW4: 18 | AX4: 58 | AY4: 59 | AZ4: 281 | BA4: 69 | BB4: 32 | BC4: 4 | BD4: 0 | BE4: 4 | BF4: 0 | BG4: 0 | BH4: 4 | BI4: 0 | BJ4: 2 | BK4: 11 | BL4: 1 | BM4: 32 | BN4: 61 | BO4: 34 | BP4: 1261 | BQ4: 415 | BR4: 294999 | BS4: 171222 | BT4: 30080 | BU4: 24885 | BV4: 1073992.3 | BW4: 5.9170273 | BX4: 0.11236735 | BY4: 0.069081633 | BZ4: 0.34132653 | CA4: 0.057857143 | CB4: 0.15418367 | CC4: 0.3914898 | CD4: 0.022704082 | CE4: 29 | CF4: 21 | CG4: 9 | CH4: 1 | CI4: 16 | CJ4: 5 | CK4: 5 | CL4: 4 | CM4: 26 | CN4: 1 | CO4: 2 | CP4: 2 | CQ4: 6 | CR4: 0 | CS4: 2 | CT4: 1 | CU4: 7 | CV4: 19 | CW4: 2 | CX4: 2 | CY4: 1 | CZ4: 11 | DA4: 2 | DB4: 0 | DC4: 11 | DD4: 9 | DE4: 14 | DF4: 11 | DG4: 14 | DH4: 6 | DI4: 4 | DJ4: 0 | DK4: 4 | DL4: 1145 | DM4: 440 | DN4: 204 | DO4: 614 | DP4: 18 | DQ4: 3 | DR4: 7 | DS4: 12 | DT4: 11 | DU4: 9 | DV4: 7 | DW4: 11 | DX4: 0 | DY4: 0 | DZ4: 18 | EA4: 3 | EB4: 12 | EC4: 7 | ED4: 10 | EE4: 7 | EF4: 14 | EG4: 6 | EH4: 9 | EI4: 9 | EJ4: 11 | EK4: 8 | EL4: 3 | EM4: 9 | EN4: 0 | EO4: 0 | EP4: 0 | EQ4: 0 | ER4: 0 | ES4: 0 | ET4: 0 | EU4: 0 | EV4: 0 | EW4: 0 | EX4: 0 | EY4: 0 | EZ4: 7140 | FA4: 77 | FB4: 4918 | FC4: 266 | FD4: 0 | FE4: 961 | FF4: 1911 | FG4: 5362 | FH4: 2618 | FI4: 40 | FJ4: 582 | FK4: 1027 | FL4: 6 | FM4: 5200 | FN4: 5500 | FO4: 193 | FP4: 474 | FQ4: 265 | FR4: 0 | FS4: 0 | FT4: 0 | FU4: 0 | FV4: 0 | FW4: 0 | FX4: 0 | FY4: 2
A5: Large | B5: 10 | C5: 0 | D5: 0 | E5: 0 | F5: 0 | G5: 0 | H5: 0 | I5: 0 | J5: 3369235 | K5: 0 | L5: 0 | M5: 0 | O5: 2424 | P5: 2661 | Q5: 297 | R5: 432 | S5: 1557 | T5: 497547 | U5: 128065 | V5: 35916 | W5: 23715 | X5: 84580 | Y5: 177500 | Z5: 33740 | AA5: 76415 | AB5: 4000000 | AC5: 1037338 | AD5: 163 | AE5: 168 | AF5: 151 | AG5: 165 | AH5: 1788 | AI5: 483 | AJ5: 2275 | AK5: 21 | AL5: 0 | AM5: 557 | AN5: 557 | AO5: 0 | AP5: 973 | AQ5: 557 | AR5: 1700 | AS5: 5 | AT5: 0 | AU5: 0 | AV5: 0 | AW5: 2 | AX5: 0 | AY5: 0 | AZ5: 250 | BA5: 0 | BB5: 0 | BC5: 0 | BD5: 0 | BE5: 0 | BF5: 1 | BG5: 0 | BH5: 1 | BI5: 0 | BJ5: 105 | BK5: 108 | BL5: 108 | BM5: 105 | BN5: 230 | BO5: 105 | BP5: 430 | BQ5: 27 | BR5: 978446 | BS5: 622354 | BT5: 66391 | BU5: 105037 | BV5: 12219205 | BW5: 11.831459 | BX5: 0.076 | BY5: 0.036 | BZ5: 0.25 | CA5: 0.058 | CB5: 0.062 | CC5: 0.337 | CD5: 0.018 | CE5: 7 | CF5: 5 | CG5: 0 | CH5: 0 | CI5: 5 | CJ5: 0 | CK5: 2 | CL5: 2 | CM5: 7 | CN5: 1 | CO5: 0 | CP5: 0 | CQ5: 0 | CR5: 0 | CS5: 0 | CT5: 1 | CU5: 2 | CV5: 4 | CW5: 1 | CX5: 0 | CY5: 0 | CZ5: 3 | DA5: 0 | DB5: 0 | DC5: 0 | DD5: 1 | DE5: 3 | DF5: 2 | DG5: 2 | DH5: 1 | DI5: 0 | DJ5: 0 | DK5: 0 | DL5: 0 | DM5: 0 | DN5: 0 | DO5: 0 | DP5: 1 | DQ5: 2 | DR5: 0 | DS5: 2 | DT5: 1 | DU5: 2 | DV5: 1 | DW5: 2 | DX5: 0 | DY5: 0 | DZ5: 3 | EA5: 0 | EB5: 2 | EC5: 1 | ED5: 0 | EE5: 2 | EF5: 1 | EG5: 2 | EH5: 1 | EI5: 2 | EJ5: 2 | EK5: 1 | EL5: 0 | EM5: 1 | EN5: 0 | EO5: 0 | EP5: 0 | EQ5: 0 | ER5: 0 | ES5: 0 | ET5: 0 | EU5: 0 | EV5: 0 | EW5: 0 | EX5: 0 | EY5: 0 | EZ5: 120 | FA5: 0 | FB5: 50 | FC5: 110 | FD5: 0 | FE5: 150 | FF5: 300 | FG5: 0 | FH5: 2000 | FI5: 1 | FJ5: 155 | FK5: 0 | FL5: 0 | FM5: 0 | FN5: 0 | FO5: 0 | FP5: 0 | FQ5: 0 | FR5: 0 | FS5: 0 | FT5: 0 | FU5: 0 | FV5: 0 | FW5: 0 | FX5: 0 | FY5: 0

Sheet 2017A
A1: Name | B1: Number of Organisations | C1: ID | D1: Fund | E1: reference number | F1: Staff Person | G1: Type | H1: Status | I1: Organisation Size | J1: award | K1: Programming | L1: request | M1: cost | N1: artform | O1: Q3_01 Attendance| Performances | Number of activities | P1: Q3_01 Attendance| Participation | Number of activities | Q1: Q3_01 Attendance| Exhibitions | Number of activities | R1: Q3_01 Attendance| Festivals | Number of activities | S1: Q3_01 Attendance| Broadcasts (TV, Radio or on-line) | Number of activities | T1: Q3_01 Attendance| Performances | Engagement | Known | U1: Q3_01 Attendance| Performances | Engagement | Estimated | V1: Q3_01 Attendance| Participation | Engagement | Known | W1: Q3_01 Attendance| Participation | Engagement | Estimated | X1: Q3_01 Attendance| Exhibitions | Engagement | Known | Y1: Q3_01 Attendance| Exhibitions | Engagement | Estimated | Z1: Q3_01 Attendance| Festivals | Engagement | Known | AA1: Q3_01 Attendance| Festivals | Engagement | Estimated | AB1: Q3_01 Attendance| Broadcasts (TV, Radio or on-line) | Engagement | Known | AC1: Q3_01 Attendance| Broadcasts (TV, Radio or on-line) | Engagement | Estimated | AD1: Qu3-02_ACCESSIBILITY|Captioning|Performances|Offered | AE1: Qu3-02_ACCESSIBILITY|British Sign Language|Performances|Offered | AF1: Qu3-02_ACCESSIBILITY|Irish Sign Language|Performances|Offered | AG1: Qu3-02_ACCESSIBILITY|Audio described|Performances|Offered | AH1: Qu3-02_ACCESSIBILITY|Hearing support loop|Performances|Offered | AI1: Qu3-02_ACCESSIBILITY|Large print / braille for programmes / menus|Performances|Offered | AJ1: Qu3-02_ACCESSIBILITY|Wheelchair access|Performances|Offered | AK1: Qu3-02_ACCESSIBILITY|Relaxed performances|Performances|Offered | AL1: Qu3-02_ACCESSIBILITY|Captioning|Participations|Offered | AM1: Qu3-02_ACCESSIBILITY|British Sign Language|Participations|Offered | AN1: Qu3-02_ACCESSIBILITY|Irish Sign Language|Participations|Offered | AO1: Qu3-02_ACCESSIBILITY|Audio described|Participations|Offered | AP1: Qu3-02_ACCESSIBILITY|Hearing support loop|Participations|Offered | AQ1: Qu3-02_ACCESSIBILITY|Large print / braille for programmes / menus|Participations|Offered | AR1: Qu3-02_ACCESSIBILITY|Wheelchair access|Participations|Offered | AS1: Qu3-02_ACCESSIBILITY|Relaxed performances|Participations|Offered | AT1: Qu3-02_ACCESSIBILITY|Captioning|Exhibitions|Offered | AU1: Qu3-02_ACCESSIBILITY|British Sign Language|Exhibitions|Offered | AV1: Qu3-02_ACCESSIBILITY|Irish Sign Language|Exhibitions|Offered | AW1: Qu3-02_ACCESSIBILITY|Audio described|Exhibitions|Offered | AX1: Qu3-02_ACCESSIBILITY|Hearing support loop|Exhibitions|Offered | AY1: Qu3-02_ACCESSIBILITY|Large print / braille for programmes / menus|Exhibitions|Offered | AZ1: Qu3-02_ACCESSIBILITY|Wheelchair access|Exhibitions|Offered | BA1: Qu3-02_ACCESSIBILITY|Relaxed performances|Exhibitions|Offered | BB1: Qu3-02_ACCESSIBILITY|Captioning|Broadcasts|Offered | BC1: Qu3-02_ACCESSIBILITY|British Sign Language|Broadcasts|Offered | BD1: Qu3-02_ACCESSIBILITY|Irish Sign Language|Broadcasts|Offered | BE1: Qu3-02_ACCESSIBILITY|Audio described|Broadcasts|Offered | BF1: Qu3-02_ACCESSIBILITY|Hearing support loop|Broadcasts|Offered | BG1: Qu3-02_ACCESSIBILITY|Large print / braille for programmes / menus|Broadcasts|Offered | BH1: Qu3-02_ACCESSIBILITY|Wheelchair access|Broadcasts|Offered | BI1: Qu3-02_ACCESSIBILITY|Relaxed performances|Broadcasts|Offered | BJ1: Qu3-02_ACCESSIBILITY|Captioning|Festivals|Offered | BK1: Qu3-02_ACCESSIBILITY|British Sign Language|Festivals|Offered | BL1: Qu3-02_ACCESSIBILITY|Irish Sign Language|Festivals|Offered | BM1: Qu3-02_ACCESSIBILITY|Audio described|Festivals|Offered | BN1: Qu3-02_ACCESSIBILITY|Hearing support loop|Festivals|Offered | BO1: Qu3-02_ACCESSIBILITY|Large print / braille for programmes / menus|Festivals|Offered | BP1: Qu3-02_ACCESSIBILITY|Wheelchair access|Festivals|Offered | BQ1: Qu3-02_ACCESSIBILITY|Relaxed performances|Festivals|Offered | BR1: Qu3-03_PerformancesTicketing| Total Number of Tickets Available |Total | BS1: Qu3-03_PerformancesTicketing| Total Number of Full-price Tickets Sold |Total | BT1: Qu3-03_PerformancesTicketing| Number of Complimentary Tickets Given |Total | BU1: Qu3-03_PerformancesTicketing| Number of Concessionary / Discounted Tickets Used |Total | BV1: Qu3-03_PerformancesTicketing| Total Ticket Yield (Gross Ticket Income) (£) |Total | BW1: Qu3-03_PerformancesTicketing| Average Ticket Yield (£) |Total | BX1: Qu3-04_GroupTarget|People with a physical or mental impairment|% programme activity | BY1: Qu3-04_GroupTarget|Ethnic minorities|% programme activity | BZ1: Qu3-04_GroupTarget|Deprived neighbourhoods|% programme activity | CA1: Qu3-04_GroupTarget|LGBT community|% programme activity | CB1: Qu3-04_GroupTarget|Older people (aged 65+)|% programme activity | CC1: Qu3-04_GroupTarget|Children and young people (aged 0 - 24)|% programme activity | CD1: Qu3-04_GroupTarget|Offenders / ex-offenders|% programme activity | CE1: Qu3-05_Collaboration| Community development | CF1: Qu3-05_Collaboration| Youth work / development | CG1: Qu3-05_Collaboration| LGBT | CH1: Qu3-05_Collaboration| Counselling / support | CI1: Qu3-05_Collaboration| Disability | CJ1: Qu3-05_Collaboration| Gender | CK1: Qu3-05_Collaboration| Volunteering development | CL1: Qu3-05_Collaboration| General charitable purposes | CM1: Qu3-05_Collaboration| Education / training | CN1: Qu3-05_Collaboration| Criminal justice | CO1: Qu3-05_Collaboration| Rural development | CP1: Qu3-05_Collaboration| Environment / conservation | CQ1: Qu3-05_Collaboration| Playgroup / after schools | CR1: Qu3-05_Collaboration| Sport / recreation | CS1: Qu3-05_Collaboration| Relief of poverty | CT1: Qu3-05_Collaboration| Human rights / equality | CU1: Qu3-05_Collaboration| Medical / health | CV1: Qu3-05_Collaboration| Cross-border / cross-community | CW1: Qu3-05_Collaboration| Economic development | CX1: Qu3-05_Collaboration| Welfare / benevolent | CY1: Qu3-05_Collaboration| Accommodation / housing | CZ1: Qu3-05_Collaboration| Heritage / historical | DA1: Qu3-05_Collaboration| Research / evaluation | DB1: Qu3-05_Collaboration| Other | DC1: Qu4_01_artform|Dance|Artform | DD1: Qu4_01_artform|Literature|Artform | DE1: Qu4_01_artform|Music|Artform | DF1: Qu4_01_artform|Theatre|Artform | DG1: Qu4_01_artform|Visual Arts|Artform | DH1: Qu4_01_artform|Carnival |Artform | DI1: Qu4_01_artform|Circus|Artform | DJ1: Qu4_01_artform|All artforms|Artform | DK1: Qu4_01_artform|Not artform specific |Artform | DL1: Qu4_02_members|Number of individual members|Fee paying | DM1: Qu4_02_members|Number of individual members|Non-fee paying | DN1: Qu4_02_members|Number of organisation members|Fee paying | DO1: Qu4_02_members|Number of organisation members|Non-fee paying | DP1: Qu4_3_activity type|Specialist support (e.g. mentoring, lobbying, consultancy)|YES | DQ1: Qu4_3_activity type|Specialist support (e.g. mentoring, lobbying, consultancy)|NO | DR1: Qu4_3_activity type|Artist bursaries|YES | DS1: Qu4_3_activity type|Artist bursaries|NO | DT1: Qu4_3_activity type|Marketing or promotional support (e.g. website development, segmentation analysis, customer targeting support )|YES | DU1: Qu4_3_activity type|Marketing or promotional support (e.g. website development, segmentation analysis, customer targeting support )|NO | DV1: Qu4_3_activity type|Filming, photography or documenting services (not equipment hire)|YES | DW1: Qu4_3_activity type|Filming, photography or documenting services (not equipment hire)|NO | DX1: Qu4_3_activity type|Archive or resource services|yes | DY1: Qu4_3_activity type|Archive or resource services|no | DZ1: Qu4_3_activity type|Arranged talks, readings or performances by professional artists|YES | EA1: Qu4_3_activity type|Arranged talks, readings or performances by professional artists|NO | EB1: Qu4_3_activity type|Training (including courses and lectures to support artists professional development)|YES | EC1: Qu4_3_activity type|Training (including courses and lectures to support artists professional development)|NO | ED1: Qu4_3_activity type|Journal or publication|YES | EE1: Qu4_3_activity type|Journal or publication|NO | EF1: Qu4_3_activity type|Venue hire (e.g. studios, rehearsals or exhibition space)|YES | EG1: Qu4_3_activity type|Venue hire (e.g. studios, rehearsals or exhibition space)|NO | EH1: Qu4_3_activity type|Arranged residencies|YES | EI1: Qu4_3_activity type|Arranged residencies|NO | EJ1: Qu4_3_activity type|Equipment (e.g. screens, projectors, media players and audio equipment)|YES | EK1: Qu4_3_activity type|Equipment (e.g. screens, projectors, media players and audio equipment)|NO | EL1: Qu4_3_activity type|Other|YES | EM1: Qu4_3_activity type|Other|NO | EN1: Qu4_3_activity type|Specialist support (e.g. mentoring, lobbying, consultancy)|Number of services provided | EO1: Qu4_3_activity type|Artist bursaries|Number of services provided | EP1: Qu4_3_activity type|Marketing or promotional support (e.g. website development, segmentation analysis, customer targeting support )|Number of services provided | EQ1: Qu4_3_activity type|Filming, photography or documenting services (not equipment hire)|Number of services provided | ER1: Qu4_3_activity type|Archive or resource services|Number of services provided | ES1: Qu4_3_activity type|Arranged talks, readings or performances by professional artists|Number of services provided | ET1: Qu4_3_activity type|Training (including courses and lectures to support artists professional development)|Number of services provided | EU1: Qu4_3_activity type|Journal or publication|Number of services provided | EV1: Qu4_3_activity type|Venue hire (e.g. studios, rehearsals or exhibition space)|Number of services provided | EW1: Qu4_3_activity type|Arranged residencies|Number of services provided | EX1: Qu4_3_activity type|Equipment (e.g. screens, projectors, media players and audio equipment)|Number of services provided | EY1: Qu4_3_activity type|Other|Number of services provided | EZ1: Qu4_3_activity type|Specialist support (e.g. mentoring, lobbying, consultancy)|Number of organisations/individuals supported | FA1: Qu4_3_activity type|Artist bursaries|Number of organisations/individuals supported | FB1: Qu4_3_activity type|Marketing or promotional support (e.g. website development, segmentation analysis, customer targeting support )|Number of organisations/individuals supported | FC1: Qu4_3_activity type|Filming, photography or documenting services (not equipment hire)|Number of organisations/individuals supported | FD1: Qu4_3_activity type|Archive or resource services|Number of individuals supported | FE1: Qu4_3_activity type|Arranged talks, readings or performances by professional artists|Number of organisations/individuals supported | FF1: Qu4_3_activity type|Training (including courses and lectures to support artists professional development)|Number of organisations/individuals supported | FG1: Qu4_3_activity type|Journal or publication|Number of organisations/individuals supported | FH1: Qu4_3_activity type|Venue hire (e.g. studios, rehearsals or exhibition space)|Number of organisations/individuals supported | FI1: Qu4_3_activity type|Arranged residencies|Number of organisations/individuals supported | FJ1: Qu4_3_activity type|Equipment (e.g. screens, projectors, media players and audio equipment)|Number of organisations/individuals supported | FK1: Qu4_3_activity type|Other|Number of organisations/individuals supported | FL1: Qu5-01_PublishNewTitles| Number of new titles |Total | FM1: Qu5-01_PublishNewTitles| Book sales -- new titles |Total | FN1: Qu5-01_PublishNewTitles| Book distribution -- new titles |Total | FO1: Qu5-02_PublishBacklist| Total number of backlist titles |Total | FP1: Qu5-02_PublishBacklist| Book sales -- backlist titles |Total | FQ1: Qu5-02_PublishBacklist| Book distribution -- backlist titles |Total | FR1: Qu5-03_PublishE-Books| Number of new e-book titles |Total | FS1: Qu5-03_PublishE-Books| Book sales / downloads -- new e-book titles |Total | FT1: Qu5-03_PublishE-Books| Book sales / downloads -- backlist e-book titles |Total | FU1: Qu5-04_PublishMethods| Large print |Tick (where applicable) | FV1: Qu5-04_PublishMethods| Talking books |Tick (where applicable) | FW1: Qu5-04_PublishMethods| Braille |Tick (where applicable) | FX1: Qu5-04_PublishMethods| Other |Tick (where applicable) | FY1: Qu5-04_PublishMethods| None |Tick (where applicable) | FZ1: 3.2 Broadcast Activity l Television Broadcasts l Number of Activities | GA1: 3.2 Broadcast Activity l Radio Broadcasts l Number of Activities | GB1: 3.2 Broadcast Activity l Cinema Screenings l Number of Activities | GC1: 3.2 Broadcast Activity l Online Engagment l Number of Activities | GD1: 3.2 Broadcast Activity l Television Broadcasts l Known | GE1: 3.2 Broadcast Activity l Television Broadcasts l Estimated | GF1: 3.2 Broadcast Activity l Radio Broadcasts l Known | GG1: 3.2 Broadcast Activity l Radio Broadcasts l Estimated | GH1: 3.2 Broadcast Activity l Cinema Screenings l Known | GI1: 3.2 Broadcast Activity l Cinema Screenings l Estimated | GJ1: 3.2 Broadcast Activity l Online Engagment l Known | GK1: 3.2 Broadcast Activity l Online Engagment l Estimated | GL1: LA Base | GM1: LA Alternate
A2: All Organisations | I2: 107 | O2: 7723 | P2: 43324 | Q2: 652 | R2: 1137 | S2: 275673 | T2: 888705 | U2: 1808017 | V2: 592477 | W2: 315236 | X2: 142384 | Y2: 469483 | Z2: 285228 | AA2: 530248 | AB2: 854826185 | AC2: 45917878 | AD2: 181 | AE2: 43 | AF2: 24 | AG2: 319 | AH2: 1835 | AI2: 821 | AJ2: 4561 | AK2: 549 | AL2: 6671 | AM2: 92 | AN2: 65 | AO2: 563 | AP2: 788 | AQ2: 1100 | AR2: 22088 | AS2: 13715 | AT2: 37 | AU2: 9 | AV2: 8 | AW2: 10 | AX2: 518 | AY2: 49 | AZ2: 682 | BA2: 103 | BB2: 29 | BC2: 2 | BD2: 0 | BE2: 2 | BF2: 2 | BG2: 0 | BH2: 173 | BI2: 7 | BJ2: 8 | BK2: 10 | BL2: 5 | BM2: 3 | BN2: 26 | BO2: 21 | BP2: 486 | BQ2: 169 | BR2: 1135077 | BS2: 592732 | BT2: 114549 | BU2: 183158 | BV2: 13177192 | BW2: 5.0838279 | BX2: 0.1437434 | BY2: 0.081556604 | BZ2: 0.278 | CA2: 0.047971698 | CB2: 0.13776698 | CC2: 0.37 | CD2: 0.031415094 | CE2: 59 | CF2: 50 | CG2: 22 | CH2: 13 | CI2: 37 | CJ2: 13 | CK2: 25 | CL2: 28 | CM2: 68 | CN2: 12 | CO2: 14 | CP2: 11 | CQ2: 17 | CR2: 9 | CS2: 9 | CT2: 16 | CU2: 26 | CV2: 38 | CW2: 14 | CX2: 4 | CY2: 3 | CZ2: 26 | DA2: 15 | DB2: 10 | DC2: 11 | DD2: 9 | DE2: 13 | DF2: 9 | DG2: 15 | DH2: 6 | DI2: 6 | DJ2: 0 | DK2: 6 | DL2: 2514 | DM2: 1568 | DN2: 353 | DO2: 530 | DP2: 19 | DQ2: 4 | DR2: 9 | DS2: 10 | DT2: 6 | DU2: 10 | DV2: 7 | DW2: 10 | DX2: 0 | DY2: 0 | DZ2: 19 | EA2: 5 | EB2: 21 | EC2: 2 | ED2: 7 | EE2: 12 | EF2: 16 | EG2: 5 | EH2: 11 | EI2: 9 | EJ2: 11 | EK2: 8 | EL2: 8 | EM2: 2 | EN2: 0 | EO2: 0 | EP2: 0 | EQ2: 0 | ER2: 0 | ES2: 0 | ET2: 0 | EU2: 0 | EV2: 0 | EW2: 0 | EX2: 0 | EY2: 0 | EZ2: 11668 | FA2: 75 | FB2: 8065 | FC2: 247 | FD2: 0 | FE2: 2674 | FF2: 2420 | FG2: 7059 | FH2: 3052 | FI2: 1110 | FJ2: 5013 | FK2: 7623 | FL2: 15 | FM2: 9593 | FN2: 15300 | FO2: 215 | FP2: 66 | FQ2: 1 | FR2: 8 | FS2: 1530 | FT2: 0 | FU2: 0 | FV2: 0 | FW2: 0 | FX2: 2 | FY2: 0 | FZ2: 395 | GA2: 346 | GB2: 581 | GC2: 274351 | GD2: 9151 | GE2: 13195500 | GF2: 35708 | GG2: 23754837 | GH2: 15195 | GI2: 3190 | GJ2: 4771082 | GK2: 12164551
A3: Small | I3: 48 | O3: 1897 | P3: 13835 | Q3: 211 | R3: 85 | S3: 925 | T3: 60363 | U3: 333651 | V3: 370104 | W3: 47056 | X3: 16451 | Y3: 121681 | Z3: 6914 | AA3: 56095 | AB3: 786415 | AC3: 6533229 | AD3: 16 | AE3: 4 | AF3: 1 | AG3: 12 | AH3: 179 | AI3: 7 | AJ3: 575 | AK3: 93 | AL3: 4671 | AM3: 15 | AN3: 5 | AO3: 513 | AP3: 66 | AQ3: 577 | AR3: 8117 | AS3: 4013 | AT3: 0 | AU3: 0 | AV3: 0 | AW3: 2 | AX3: 0 | AY3: 2 | AZ3: 64 | BA3: 12 | BB3: 0 | BC3: 0 | BD3: 0 | BE3: 2 | BF3: 0 | BG3: 0 | BH3: 0 | BI3: 7 | BJ3: 0 | BK3: 0 | BL3: 0 | BM3: 0 | BN3: 0 | BO3: 2 | BP3: 18 | BQ3: 1 | BR3: 24086 | BS3: 12216 | BT3: 1995 | BU3: 2666 | BV3: 99494.08 | BW3: 1.9854743 | BX3: 0.148475 | BY3: 0.084895833 | BZ3: 0.26954167 | CA3: 0.0378125 | CB3: 0.095485417 | CC3: 0.36145833 | CD3: 0.04 | CE3: 27 | CF3: 21 | CG3: 9 | CH3: 12 | CI3: 16 | CJ3: 7 | CK3: 10 | CL3: 11 | CM3: 30 | CN3: 4 | CO3: 7 | CP3: 3 | CQ3: 10 | CR3: 4 | CS3: 3 | CT3: 8 | CU3: 8 | CV3: 17 | CW3: 7 | CX3: 2 | CY3: 0 | CZ3: 11 | DA3: 7 | DB3: 7 | DC3: 2 | DD3: 3 | DE3: 4 | DF3: 2 | DG3: 5 | DH3: 0 | DI3: 0 | DJ3: 0 | DK3: 0 | DL3: 673 | DM3: 941 | DN3: 138 | DO3: 8 | DP3: 8 | DQ3: 1 | DR3: 4 | DS3: 3 | DT3: 2 | DU3: 5 | DV3: 2 | DW3: 4 | DX3: 0 | DY3: 0 | DZ3: 8 | EA3: 2 | EB3: 7 | EC3: 1 | ED3: 3 | EE3: 4 | EF3: 4 | EG3: 3 | EH3: 4 | EI3: 4 | EJ3: 4 | EK3: 4 | EL3: 3 | EM3: 1 | EN3: 0 | EO3: 0 | EP3: 0 | EQ3: 0 | ER3: 0 | ES3: 0 | ET3: 0 | EU3: 0 | EV3: 0 | EW3: 0 | EX3: 0 | EY3: 0 | EZ3: 6165 | FA3: 54 | FB3: 7332 | FC3: 4 | FD3: 0 | FE3: 917 | FF3: 692 | FG3: 2000 | FH3: 144 | FI3: 191 | FJ3: 4690 | FK3: 7381 | FL3: 6 | FM3: 5093 | FN3: 7800 | FO3: 0 | FP3: 0 | FQ3: 0 | FR3: 4 | FS3: 1065 | FT3: 0 | FU3: 0 | FV3: 0 | FW3: 0 | FX3: 2 | FY3: 0 | FZ3: 16 | GA3: 87 | GB3: 8 | GC3: 814 | GD3: 0 | GE3: 907200 | GF3: 0 | GG3: 6783979 | GH3: 1046 | GI3: 50 | GJ3: 785369 | GK3: 842000
A4: Medium | I4: 49 | O4: 4039 | P4: 27598 | Q4: 336 | R4: 546 | S4: 236612 | T4: 192311 | U4: 1408876 | V4: 192042 | W4: 185280 | X4: 62050 | Y4: 300052 | Z4: 65085 | AA4: 452003 | AB4: 852761998 | AC4: 7008871 | AD4: 144 | AE4: 24 | AF4: 17 | AG4: 281 | AH4: 479 | AI4: 196 | AJ4: 2264 | AK4: 435 | AL4: 2000 | AM4: 67 | AN4: 50 | AO4: 50 | AP4: 682 | AQ4: 523 | AR4: 13878 | AS4: 9687 | AT4: 37 | AU4: 9 | AV4: 8 | AW4: 8 | AX4: 51 | AY4: 47 | AZ4: 146 | BA4: 91 | BB4: 29 | BC4: 2 | BD4: 0 | BE4: 0 | BF4: 0 | BG4: 0 | BH4: 171 | BI4: 0 | BJ4: 6 | BK4: 5 | BL4: 0 | BM4: 0 | BN4: 24 | BO4: 19 | BP4: 259 | BQ4: 166 | BR4: 202825 | BS4: 98402 | BT4: 33311 | BU4: 32560 | BV4: 1005921.7 | BW4: 6.2361039 | BX4: 0.14270833 | BY4: 0.082708333 | BZ4: 0.28291667 | CA4: 0.054583333 | CB4: 0.17541667 | CC4: 0.385 | CD4: 0.024166667 | CE4: 25 | CF4: 23 | CG4: 12 | CH4: 0 | CI4: 18 | CJ4: 4 | CK4: 11 | CL4: 13 | CM4: 30 | CN4: 5 | CO4: 6 | CP4: 6 | CQ4: 4 | CR4: 3 | CS4: 5 | CT4: 6 | CU4: 17 | CV4: 19 | CW4: 5 | CX4: 2 | CY4: 3 | CZ4: 13 | DA4: 7 | DB4: 3 | DC4: 9 | DD4: 6 | DE4: 9 | DF4: 7 | DG4: 10 | DH4: 6 | DI4: 6 | DJ4: 0 | DK4: 6 | DL4: 1841 | DM4: 627 | DN4: 215 | DO4: 522 | DP4: 11 | DQ4: 2 | DR4: 5 | DS4: 6 | DT4: 4 | DU4: 4 | DV4: 5 | DW4: 5 | DX4: 0 | DY4: 0 | DZ4: 10 | EA4: 3 | EB4: 13 | EC4: 1 | ED4: 4 | EE4: 7 | EF4: 11 | EG4: 2 | EH4: 7 | EI4: 4 | EJ4: 6 | EK4: 4 | EL4: 5 | EM4: 1 | EN4: 0 | EO4: 0 | EP4: 0 | EQ4: 0 | ER4: 0 | ES4: 0 | ET4: 0 | EU4: 0 | EV4: 0 | EW4: 0 | EX4: 0 | EY4: 0 | EZ4: 5103 | FA4: 21 | FB4: 733 | FC4: 243 | FD4: 0 | FE4: 657 | FF4: 1278 | FG4: 5059 | FH4: 1378 | FI4: 919 | FJ4: 43 | FK4: 242 | FL4: 9 | FM4: 4500 | FN4: 7500 | FO4: 215 | FP4: 66 | FQ4: 1 | FR4: 4 | FS4: 465 | FT4: 0 | FU4: 0 | FV4: 0 | FW4: 0 | FX4: 0 | FY4: 0 | FZ4: 361 | GA4: 80 | GB4: 96 | GC4: 236075 | GD4: 1015 | GE4: 1275000 | GF4: 35108 | GG4: 2439258 | GH4: 1853 | GI4: 2870 | GJ4: 2728973 | GK4: 4491743
